Workbook
Name Circularity: #REF!

Sheet __FDSCACHE__
B1: This sheet contains FactSet XML data for use with this workbook's =FDS codes. Modifying the worksheet's contents may damage the workbook's =FDS functionality.

Sheet README
B2: Color Key:
B4: Hardcoded Input
B5: Linked from another sheet
B6: Formula
B7: Update for changes over time

Sheet Assumptions
B2: A10 Networks, Inc.
A4: p | B4: General:
B5: Date | D5: =TODAY() -> 46293
B6: Sector | D6: Information Technology
B7: Company Ticker | D7: ATEN
B8: Fiscal Year End | D8: 46387
B9: Last Updated | D9: 46275
B10: Last Price (USD) | D10: 24.39
B12: Model Assumptions
B14: Active Scenario | D14: 1 | J14: Commentary
D15: 2
B16: Circuit Breaker | D16: 0 | E16: <--- ON = 1, OFF = 0
A19: p | B19: Scenario Manager: | F19: =IF(F20=$D$20,"Active","") -> Active | G19: =IF(G20=$D$20,"Active","") | H19: =IF(H20=$D$20,"Active","")
B20: Scenario Case | D20: =OFFSET(E20,0,$D$14) -> 1 | F20: 1 | G20: =F20+1 -> 2 | H20: =G20+1 -> 3
B21: Scenario Description | D21: =OFFSET(E21,0,$D$14) -> Base | F21: Base | G21: Conservative | H21: Bullish
A23: p | B23: Miscelaneous:
B25: Days / Year | D25: =OFFSET(E25,0,$D$14) -> 365 | F25: 365 | G25: 365 | H25: 365
B26: Last Fiscal Year End | D26: =OFFSET(E26,0,$D$14) -> 46022 | F26: 46022 | G26: 46022 | H26: 46022
B27: Last Fiscal Period End | D27: =OFFSET(E27,0,$D$14) -> 46203 | F27: 46203 | G27: 46203 | H27: 46203
B28: Next Fiscal Year End | D28: =OFFSET(E28,0,$D$14) -> 46387 | F28: =EOMONTH(F27,6) -> 46387 | G28: =EOMONTH(G27,6) -> 46387 | H28: =EOMONTH(H27,6) -> 46387
B29: Stub Period | D29: =OFFSET(E29,0,$D$14) -> 0.30684932 | F29: =YEARFRAC($D$9,F28,1) -> 0.30684932 | G29: =YEARFRAC($D$9,G28,1) -> 0.30684932 | H29: =YEARFRAC($D$9,H28,1) -> 0.30684932
B30: Discount Period Increment | D30: =OFFSET(E30,0,$D$14) -> 1 | F30: 1 | G30: 1 | H30: 1 | I30: <--- Yearly =1, Quarterly = .25
B31: Units | D31: =OFFSET(E31,0,$D$14) -> ($ in Millions) | F31: ($ in Millions) | G31: ($ in Millions) | H31: ($ in Millions)
B32: Forecast End | D32: =OFFSET(E32,0,$D$14) -> 47848 | F32: 47848 | G32: 47848 | H32: 47848
B33: Forecast Years | D33: =OFFSET(E33,0,$D$14) -> 4.5043812 | F33: =YEARFRAC(F27,F32,1) -> 4.5043812 | G33: =YEARFRAC(G27,G32,1) -> 4.5043812 | H33: =YEARFRAC(H27,H32,1) -> 4.5043812
B34: Forecast Year (Round-Up) | D34: =OFFSET(E34,0,$D$14) -> 5 | F34: =ROUNDUP(F33,0) -> 5 | G34: =ROUNDUP(G33,0) -> 5 | H34: =ROUNDUP(H33,0) -> 5
A36: p | B36: Capitalization:
B38: Shares Outs. (mm) | D38: =OFFSET(E38,0,$D$14) -> 72.609021 | F38: 72.609021 | G38: 72.609021 | H38: 72.609021
B39: In-the-Money Convertible Debt | D39: =OFFSET(E39,0,$D$14) -> 0 | F39: =IF(OR(F51=1,F80="Yes"),F85,0) -> 0 | G39: =IF(OR(G51=1,G80="Yes"),G85,0) -> 0 | H39: =IF(OR(H51=1,H80="Yes"),H85,0) -> 0 | J39: <-- Dependent on conversion override toggle and conversion expected calc below
B40: RSU & PSUs | D40: =OFFSET(E40,0,$D$14) -> 2.75 | F40: 2.75 | G40: 2.75 | H40: 2.75
B41: ESPP | D41: =OFFSET(E41,0,$D$14) -> -1.5384615 | F41: -1.5384615 | G41: -1.5384615 | H41: -1.5384615
B42: MSFT Warrant | D42: =OFFSET(E42,0,$D$14) -> 0
B43: Fully Diluted Shares Outs. (mm) | D43: =OFFSET(E43,0,$D$14) -> 73.820559 | F43: =SUM(F38:F42) -> 73.820559 | G43: =SUM(G38:G42) -> 73.820559 | H43: =SUM(H38:H42) -> 73.820559
B44: Market Capalization | D44: =OFFSET(E44,0,$D$14) -> 1800.4834 | F44: =F43*$D$10 -> 1800.4834 | G44: =G43*$D$10 -> 1800.4834 | H44: =H43*$D$10 -> 1800.4834
B46: Total Debt | D46: =OFFSET(E46,0,$D$14) -> 225 | F46: =F53 -> 225 | G46: =G53 -> 225 | H46: =H53 -> 225 | J46: Principal value 2030 notes. A10 has no other outstanding debt
A48: p | B48: 2030 Convertible Senior Notes: | J48: Interest payable semi-annually on April 1 and October 1, Soft Call available 4/05/2028 and free convertibility from 12/01/2029
K49: Assumes that A10 will not call, and holders will not elect to convert after 12/01/2029
B50: Refinance Toggle | D50: =OFFSET(E50,0,$D$14) -> 1 | F50: 1 | G50: 1 | H50: 1 | I50: <--- ON = 1, OFF = 0 | J50: FCFE is forcasted to 2030, when convertibles are due. Assumes they are refinanced for accuracy of terminal year, excess over aggregate principal being payed in stock
B51: Conversion Override Toggle | D51: =OFFSET(E51,0,$D$14) -> 0 | F51: 0 | G51: 0 | H51: 0 | I51: <--- ON = 1, OFF = 0
B53: Principal | D53: =OFFSET(E53,0,$D$14) -> 225 | F53: 225 | G53: 225 | H53: 225
B54: Face | D54: =OFFSET(E54,0,$D$14) -> 1000 | F54: 1000 | G54: 1000 | H54: 1000
B55: Bonds Outs. | D55: =OFFSET(E55,0,$D$14) -> 0.225 | F55: =F53/F54 -> 0.225 | G55: =G53/G54 -> 0.225 | H55: =H53/H54 -> 0.225
B56: Unamortized Issuance Costs | D56: =OFFSET(E56,0,$D$14) -> 5.5 | F56: 5.5 | G56: 5.5 | H56: 5.5
B57: Carrying Value | D57: =OFFSET(E57,0,$D$14) -> 218.787 | F57: 218.787 | G57: 218.787 | H57: 218.787 | J57: As of Dec-2025, per 10-k
B58: Coupon Rate | D58: =OFFSET(E58,0,$D$14) -> 0.0275 | F58: 0.0275 | G58: 0.0275 | H58: 0.0275
B59: Effective Interest Rate | D59: =OFFSET(E59,0,$D$14) -> 0.0343 | F59: 0.0343 | G59: 0.0343 | H59: 0.0343
B60: First Interest Payment | D60: =OFFSET(E60,0,$D$14) -> 45931 | F60: 45931 | G60: 45931 | H60: 45931
B61: Frequency | D61: =OFFSET(E61,0,$D$14) -> 2 | F61: 2 | G61: 2 | H61: 2
B62: Maturity | D62: =OFFSET(E62,0,$D$14) -> 47574 | F62: 47574 | G62: 47574 | H62: 47574
B63: Issuance | D63: =OFFSET(E63,0,$D$14) -> 45733 | F63: 45733 | G63: 45733 | H63: 45733
B64: Years Remaining | D64: =OFFSET(E64,0,$D$14) -> 3.5083333 | F64: =YEARFRAC(D5,$F$62) -> 3.5083333 | G64: =YEARFRAC(E5,$F$62) -> 130.25278 | H64: =YEARFRAC(F5,$F$62) -> 130.25278
B66: Conversion Price | D66: =OFFSET(E66,0,$D$14) -> 23.46 | F66: 23.46 | G66: 23.46 | H66: 23.46
B67: Conversion Ratio | D67: =OFFSET(E67,0,$D$14) -> 42.625746 | F67: =F54/F66 -> 42.625746 | G67: =G54/G66 -> 42.625746 | H67: =H54/H66 -> 42.625746
B68: Trigger Multiple | D68: =OFFSET(E68,0,$D$14) -> 1.3 | F68: 1.3 | G68: 1.3 | H68: 1.3
B69: Trigger Price | D69: =OFFSET(E69,0,$D$14) -> 30.498 | F69: =F66*F68 -> 30.498 | G69: =G66*G68 -> 30.498 | H69: =H66*H68 -> 30.498
B70: Dilution if-converted shares | D70: =OFFSET(E70,0,$D$14) -> 9.5907928 | F70: =F67*F55 -> 9.5907928 | G70: =G67*G55 -> 9.5907928 | H70: =H67*H55 -> 9.5907928
B72: Bond Price | D72: =OFFSET(E72,0,$D$14) -> 126.88 | F72: 126.88 | G72: 126.88 | H72: 126.88
B73: Parity | D73: =OFFSET(E73,0,$D$14) -> 103.96419 | F73: =F67*$D$10/10 -> 103.96419 | G73: =G67*$D$10/10 -> 103.96419 | H73: =H67*$D$10/10 -> 103.96419
B74: Market Price | D74: =OFFSET(E74,0,$D$14) -> 1268.8 | F74: =F72*10 -> 1268.8 | G74: =G72*10 -> 1268.8 | H74: =H72*10 -> 1268.8
B75: Conversion Value | D75: =OFFSET(E75,0,$D$14) -> 1039.6419 | F75: =F67*$D$10 -> 1039.6419 | G75: =G67*$D$10 -> 1039.6419 | H75: =H67*$D$10 -> 1039.6419
B76: Premium over parity | D76: =OFFSET(E76,0,$D$14) -> 0.22042017 | F76: =F74/F75-1 -> 0.22042017 | G76: =G74/G75-1 -> 0.22042017 | H76: =H74/H75-1 -> 0.22042017
B78: Quarterly Trigger Met | D78: =OFFSET(E78,0,$D$14) -> YES | F78: YES | G78: YES | H78: YES
B79: Excersie Window End | D79: =OFFSET(E79,0,$D$14) -> 46295 | F79: 46295 | G79: 46295 | H79: 46295 | J79: The 2030 Notes are convertible at the option of the holder thereof beginning July 1, 2026 until September 30, 2026
B80: Conversion Expectected | D80: =OFFSET(E80,0,$D$14) -> No | F80: =IF(F74>F75,"No","Yes") -> No | G80: =IF(G74>G75,"No","Yes") -> No | H80: =IF(H74>H75,"No","Yes") -> No | J80: If MV of bond > CV, no conversion is assumed
B81: Conversion at Maturity | D81: =OFFSET(E81,0,$D$14) -> Yes | F81: =IF(F75>F54,"Yes","No") -> Yes | G81: =IF(G75>G54,"Yes","No") -> Yes | H81: =IF(H75>H54,"Yes","No") -> Yes | J81: If CV > Face, conversion at maturity is expected
B83: Cash Conversion (%) | D83: =OFFSET(E83,0,$D$14) -> 1 | F83: 1 | G83: 1 | H83: 1 | J83: A10 will pay up to aggregate principal in cash, with remainder in common stock; see below
B84: Cash Conversion | D84: =OFFSET(E84,0,$D$14) -> 225 | F84: =MIN(F53,F75*F55)*F83 -> 225 | G84: =MIN(G53,G75*G55)*G83 -> 225 | H84: =MIN(H53,H75*H55)*H83 -> 225 | J84: Under the terms of the indenture, they have the option to settle our conversion obligation in cash or a combination of cash and shares
B85: Stock Conversion | D85: =OFFSET(E85,0,$D$14) -> 8.9194373 | F85: =MAX(F75*F55-F84,0) -> 8.9194373 | G85: =MAX(G75*G55-G84,0) -> 8.9194373 | H85: =MAX(H75*H55-H84,0) -> 8.9194373
A87: p | B87: Valuation Constants:
B89: Long-run growth (%) | D89: =OFFSET(E89,0,$D$14) -> 0.035 | F89: 0.035 | G89: 0.03 | H89: 0.04
B90: Marginal tax rate | D90: =OFFSET(E90,0,$D$14) -> 0.21 | F90: 0.21 | G90: 0.21 | H90: 0.21
B91: Risk-free rate ( 10yr UST) | D91: =OFFSET(E91,0,$D$14) -> 0.0478 | F91: 0.0478 | G91: 0.0478 | H91: 0.0478
A93: p | B93: Cost of Equity: | J93: Selection determined using FY'25 10-K peer group identified in FY'25 10-K "Competition," peer benchmarking in Mizuho and DB initiation equity reports, Factset
B95: Mean / Median Peer Toggle | D95: =OFFSET(E95,0,$D$14) -> 0 | F95: 0 | G95: 0 | H95: 0 | I95: <--- Mean = 1, Median = 0
B97: Comp 1:
B99: Company Name | D99: =OFFSET(E99,0,$D$14) -> Radware | F99: Radware | G99: Radware | H99: Radware | J99: Same three product lines as ATEN (ADC, DDoS, cloud WAF), same appliance-plus-subscription model, similar scale. Closest business match available
B100: Ticker | D100: =OFFSET(E100,0,$D$14) -> RDWR | F100: RDWR | G100: RDWR | H100: RDWR
B101: Fwd P/E | D101: =OFFSET(E101,0,$D$14) -> 21.724409 | F101: 21.724409 | G101: 21.724409 | H101: 21.724409
B102: Marginal Tax Rate | D102: =OFFSET(E102,0,$D$14) -> 0.21 | F102: 0.21 | G102: 0.21 | H102: 0.21
B103: Total Debt | D103: =OFFSET(E103,0,$D$14) -> 0 | F103: 0 | G103: 0 | H103: 0
B104: Total Equity | D104: =OFFSET(E104,0,$D$14) -> 1300.8932 | F104: 1300.8932 | G104: 1300.8932 | H104: 1300.8932
B106: Comp 2:
B108: Company Name | D108: =OFFSET(E108,0,$D$14) -> F5 | F108: F5 | G108: F5 | H108: F5 | J108: BIG-IP and Thunder ADC are substitutes in the same deals. Same high-margin appliance-plus-attached-subscription economics, and both are building AI gateways
B109: Ticker | D109: =OFFSET(E109,0,$D$14) -> FFIV | F109: FFIV | G109: FFIV | H109: FFIV
B110: Fwd P/E | D110: =OFFSET(E110,0,$D$14) -> 21.817379 | F110: 21.817379 | G110: 21.817379 | H110: 21.817379
B111: Marginal Tax Rate | D111: =OFFSET(E111,0,$D$14) -> 0.21 | F111: 0.21 | G111: 0.21 | H111: 0.21
B112: Total Debt | D112: =OFFSET(E112,0,$D$14) -> 0 | F112: 0 | G112: 0 | H112: 0
B113: Total Equity | D113: =OFFSET(E113,0,$D$14) -> 22421.506 | F113: 22421.506 | G113: 22421.506 | H113: 22421.506
B115: Comp 3:
B117: Company Name | D117: =OFFSET(E117,0,$D$14) -> NetScout Systems | F117: NetScout Systems | G117: NetScout Systems | H117: NetScout Systems | J117: Arbor is the incumbent in carrier DDoS scrubbing, where Thunder TPS competes. Same carrier customers, same exposure to service provider capex
B118: Ticker | D118: =OFFSET(E118,0,$D$14) -> NTCT | F118: NTCT | G118: NTCT | H118: NTCT
B119: Fwd P/E | D119: =OFFSET(E119,0,$D$14) -> 13.377848 | F119: 13.377848 | G119: 13.377848 | H119: 13.377848
B120: Marginal Tax Rate | D120: =OFFSET(E120,0,$D$14) -> 0.21 | F120: 0.21 | G120: 0.21 | H120: 0.21
B121: Total Debt | D121: =OFFSET(E121,0,$D$14) -> 0 | F121: 0 | G121: 0 | H121: 0
B122: Total Equity | D122: =OFFSET(E122,0,$D$14) -> 2860.4052 | F122: 2860.4052 | G122: 2860.4052 | H122: 2860.4052
B124: Comp 4:
B126: Company Name | D126: =OFFSET(E126,0,$D$14) -> Akamai Technologies | F126: Akamai Technologies | G126: Akamai Technologies | H126: Akamai Technologies | J126: Delivers DDoS and API protection to the same buyers from the cloud rather than an appliance. Prices the substitute architecture ATEN is defending against
B127: Ticker | D127: =OFFSET(E127,0,$D$14) -> AKAM | F127: AKAM | G127: AKAM | H127: AKAM
B128: Fwd P/E | D128: =OFFSET(E128,0,$D$14) -> 15.198215 | F128: 15.198215 | G128: 15.198215 | H128: 15.198215
B129: Marginal Tax Rate | D129: =OFFSET(E129,0,$D$14) -> 0.21 | F129: 0.21 | G129: 0.21 | H129: 0.21
...

Sheet Cash Flow Assumptions
C2: =Assumptions!$B$2 -> A10 Networks, Inc.
C4: Active Scenario:
C6: Scenario Case | E6: =Assumptions!D14 -> 1
C7: Scenario Description | E7: =Assumptions!$D$21 -> Base
G8: 45930 | H8: =EOMONTH(G8,3) -> 46022 | I8: =EOMONTH(H8,3) -> 46112 | J8: =EOMONTH(I8,3) -> 46203 | K8: =EOMONTH(J8,3) -> 46295 | L8: =EOMONTH(K8,3) -> 46387 | N8: =(_xlfn.XLOOKUP(N11,F11:L11,F8:L8)) -> 45930 | O8: =(_xlfn.XLOOKUP(O11,G11:L11,G8:L8)) -> 46295 | P8: =EOMONTH(O8,12) -> 46660 | Q8: =EOMONTH(P8,12) -> 47026 | R8: =EOMONTH(Q8,12) -> 47391 | S8: =EOMONTH(R8,12) -> 47756
G9: =YEAR(G8) -> 2025 | H9: =YEAR(H8) -> 2025 | I9: =YEAR(I8) -> 2026 | J9: =YEAR(J8) -> 2026 | K9: =YEAR(K8) -> 2026 | L9: =YEAR(L8) -> 2026 | O9: =YEAR(O8) -> 2026 | P9: =YEAR(P8) -> 2027 | Q9: =YEAR(Q8) -> 2028 | R9: =YEAR(R8) -> 2029 | S9: =YEAR(S8) -> 2030
G10: ="Q"&ROUNDUP(MONTH(G8)/3,0)&"'"&TEXT(G8,"yy") -> Q3'25 | H10: ="Q"&ROUNDUP(MONTH(H8)/3,0)&"'"&TEXT(H8,"yy") -> Q4'25 | I10: ="Q"&ROUNDUP(MONTH(I8)/3,0)&"'"&TEXT(I8,"yy") -> Q1'26 | J10: ="Q"&ROUNDUP(MONTH(J8)/3,0)&"'"&TEXT(J8,"yy") -> Q2'26 | K10: ="Q"&ROUNDUP(MONTH(K8)/3,0)&"'"&TEXT(K8,"yy") -> Q3'26 | L10: ="Q"&ROUNDUP(MONTH(L8)/3,0)&"'"&TEXT(L8,"yy") -> Q4'26 | N10: ="FY"&"'"&TEXT(N8,"yy") -> FY'25 | O10: ="FY"&"'"&TEXT(O8,"yy") -> FY'26 | P10: ="FY"&"'"&TEXT(P8,"yy") -> FY'27 | Q10: ="FY"&"'"&TEXT(Q8,"yy") -> FY'28 | R10: ="FY"&"'"&TEXT(R8,"yy") -> FY'29 | S10: ="FY"&"'"&TEXT(S8,"yy") -> FY'30
G11: Actual | H11: Actual | I11: Actual | J11: Actual | K11: Forcast | L11: Forcast | N11: Actual | O11: Forcast | P11: Forcast | Q11: Forcast | R11: Forcast | S11: Forcast
B14: p | C14: Total Revenue | G14: ='Historical Financials'!X13 -> 74.682 | H14: ='Historical Financials'!Y13 -> 80.355 | I14: ='Historical Financials'!Z13 -> 75 | J14: ='Historical Financials'!AA13 -> 80.137 | K14: =SUM(K18,K24) -> 0 | L14: =SUM(L18,L24) -> 0 | N14: ='Historical Financials'!H13 -> 290.557 | O14: =SUM(O18,O24) -> 320.46115 | P14: =SUM(P18,P24) -> 363.85973 | Q14: =SUM(Q18,Q24) -> 432.01209 | R14: =SUM(R18,R24) -> 456.35915 | S14: =SUM(S18,S24) -> 483.56529
C16: Memo: Growth YoY % | N16: ='Historical Financials'!H36 -> 0.11028445 | O16: =O14/N14-1 -> 0.10292009 | P16: =P14/O14-1 -> 0.13542538 | Q16: =Q14/P14-1 -> 0.18730394 | R16: =R14/Q14-1 -> 0.056357359 | S16: =S14/R14-1 -> 0.059615638
U17: Microsoft ( % )
C18: ( + ) Est. Microsoft Revenue ($) | G18: =$U$18*G14 -> 28.37916 | H18: =$U$18*H14 -> 30.5349 | I18: =$U$18*I14 -> 28.5 | J18: =$U$18*J14 -> 30.45206 | N18: =N14*U18 -> 110.41166 | O18: =(1+OFFSET(O19,$E$6,0))*N18 -> 130.03338 | P18: =(1+OFFSET(P19,$E$6,0))*O18 -> 157.08175 | Q18: =(1+OFFSET(Q19,$E$6,0))*P18 -> 197.63169 | R18: =(1+OFFSET(R19,$E$6,0))*Q18 -> 221.39635 | S18: =(1+OFFSET(S19,$E$6,0))*R18 -> 248.01865 | U18: 0.38
C20: Base | H20: =H18/G18-1 -> 0.075962079 | I20: =I18/H18-1 -> -0.066641777 | J20: =J18/I18-1 -> 0.068493333 | O20: =27.7714234452443%+$U$20 -> 0.17771423 | P20: =30.8010952748719%+$U$20 -> 0.20801095 | Q20: =35.8145464304885%+$U$20 -> 0.25814546 | R20: =22.0247211216394%+$U$20 -> 0.12024721 | S20: =R20 -> 0.12024721 | U20: -0.1
C21: Conservative | O21: =O20+$U21 -> 0.12771423 | P21: =P20+$U21 -> 0.15801095 | Q21: =Q20+$U21 -> 0.20814546 | R21: =R20+$U21 -> 0.070247211 | S21: =S20+$U21 -> 0.070247211 | U21: -0.05
C22: Bullish | O22: =O20+$U22 -> 0.22771423 | P22: =P20+$U22 -> 0.25801095 | Q22: =Q20+$U22 -> 0.30814546 | R22: =R20+$U22 -> 0.17024721 | S22: =S20+$U22 -> 0.17024721 | U22: 0.05
C24: ( + ) Total Revenue, excl. Microsoft ($) | N24: =N14-N18 -> 180.14534 | O24: =(1+OFFSET(O25,$E$6,0))*N24*(1-(O32-N32)) -> 190.42777 | P24: =(1+OFFSET(P25,$E$6,0))*O24*(1-(P32-O32)) -> 206.77798 | Q24: =(1+OFFSET(Q25,$E$6,0))*P24*(1-(Q32-P32)) -> 234.38039 | R24: =(1+OFFSET(R25,$E$6,0))*Q24*(1-(R32-Q32)) -> 234.96279 | S24: =(1+OFFSET(S25,$E$6,0))*R24*(1-(S32-R32)) -> 235.54664
C26: Base | O26: =O20+$U26 -> 0.11271423 | P26: =P20+$U26 -> 0.14301095 | Q26: =Q20+$U26 -> 0.19314546 | R26: =R20+$U26 -> 0.055247211 | S26: =S20+$U26 -> 0.055247211 | U26: -0.065 | V26: <--Growth Dif. Vs. Microsoft
C27: Conservative | O27: =O21+$U27 -> 0.057714234 | P27: =P21+$U27 -> 0.088010953 | Q27: =Q21+$U27 -> 0.13814546 | R27: =R21+$U27 -> 0.00024721122 | S27: =S21+$U27 -> 0.00024721122 | U27: -0.07
C28: Bullish | O28: =O22+$U28 -> 0.16771423 | P28: =P22+$U28 -> 0.19801095 | Q28: =Q22+$U28 -> 0.24814546 | R28: =R22+$U28 -> 0.11024721 | S28: =S22+$U28 -> 0.11024721 | U28: -0.06
C30: Microsoft % of Total Revenue | N30: =OFFSET(N31,$E$6,0) -> 0.38 | O30: =OFFSET(O31,$E$6,0) -> 0.43 | P30: =OFFSET(P31,$E$6,0) -> 0.48 | Q30: =OFFSET(Q31,$E$6,0) -> 0.53 | R30: =OFFSET(R31,$E$6,0) -> 0.58 | S30: =OFFSET(S31,$E$6,0) -> 0.63
C32: Base | N32: =38% -> 0.38 | O32: =N32+$U$32 -> 0.43 | P32: =O32+$U$32 -> 0.48 | Q32: =P32+$U$32 -> 0.53 | R32: =Q32+$U$32 -> 0.58 | S32: =R32+$U$32 -> 0.63 | U32: ='OUT-DCF'!P46 -> 0.05
C33: Conservative | N33: =N32 -> 0.38 | O33: =N33+$U$33 -> 0.355 | P33: =O33+$U$33 -> 0.33 | Q33: =P33+$U$33 -> 0.305 | R33: =Q33+$U$33 -> 0.28 | S33: =R33+$U$33 -> 0.255 | U33: -0.025
C34: Bullish | N34: =N33 -> 0.38 | O34: =N34+$U$34 -> 0.455 | P34: =O34+$U$34 -> 0.53 | Q34: =P34+$U$34 -> 0.605 | R34: =Q34+$U$34 -> 0.68 | S34: =R34+$U$34 -> 0.755 | U34: 0.075
B36: p | C36: Services Revenue | G36: ='Historical Financials'!X12 -> 31.573 | H36: ='Historical Financials'!Y12 -> 31.53 | I36: ='Historical Financials'!Z12 -> 31.014 | J36: ='Historical Financials'!AA12 -> 31.113 | N36: ='Historical Financials'!H12 -> 123.471 | O36: =(1+OFFSET(O37,$E$6,0))*N36 -> 126.75071 | P36: =(1+OFFSET(P37,$E$6,0))*O36 -> 130.11753 | Q36: =(1+OFFSET(Q37,$E$6,0))*P36 -> 133.57378 | R36: =(1+OFFSET(R37,$E$6,0))*Q36 -> 137.12185 | S36: =(1+OFFSET(S37,$E$6,0))*R36 -> 140.76415
C38: Base | G38: ='Historical Financials'!X35 -> 0.057403128 | H38: ='Historical Financials'!Y35 -> 0.021413068 | I38: ='Historical Financials'!Z35 -> 0.028383845 | J38: ='Historical Financials'!AA35 -> 0.029890765 | N38: ='Historical Financials'!H35 -> 0.012912541 | O38: =AVERAGE('Historical Financials'!$Y$35:$AA$35) -> 0.026562559 | P38: =O38 -> 0.026562559 | Q38: =P38 -> 0.026562559 | R38: =Q38 -> 0.026562559 | S38: =R38 -> 0.026562559 | U38: Step
C39: Conservative | G39: =G38 -> 0.057403128 | H39: =H38 -> 0.021413068 | I39: =I38 -> 0.028383845 | J39: =J38 -> 0.029890765 | O39: =O38+$U39 -> 0.022062559 | P39: =O39+$U39 -> 0.017562559 | Q39: =P39+$U39 -> 0.013062559 | R39: =Q39+$U39 -> 0.0085625593 | S39: =R39+$U39 -> 0.0040625593 | U39: -0.0045
C40: Bullish | G40: =G39 -> 0.057403128 | H40: =H39 -> 0.021413068 | I40: =I39 -> 0.028383845 | J40: =J39 -> 0.029890765 | O40: =O38+$U40 -> 0.031062559 | P40: =O40+$U40 -> 0.035562559 | Q40: =P40+$U40 -> 0.040062559 | R40: =Q40+$U40 -> 0.044562559 | S40: =R40+$U40 -> 0.049062559 | U40: 0.0045
B42: p | C42: Implied Product Revenue | G42: ='Historical Financials'!X11 -> 43.109 | H42: ='Historical Financials'!Y11 -> 48.825 | I42: ='Historical Financials'!Z11 -> 43.986 | J42: ='Historical Financials'!AA11 -> 49.024 | K42: =K14-K36 -> 0 | L42: =L14-L36 -> 0 | N42: ='Historical Financials'!H11 -> 167.086 | O42: =O14-O36 -> 193.71045 | P42: =P14-P36 -> 233.7422 | Q42: =Q14-Q36 -> 298.4383 | R42: =R14-R36 -> 319.2373 | S42: =S14-S36 -> 342.80114
C43: Memo: Growth YoY % | N43: ='Historical Financials'!H34 -> 0.19518738 | O43: =O42/N42-1 -> 0.15934577 | P43: =P42/O42-1 -> 0.20665767 | Q43: =Q42/P42-1 -> 0.27678402 | R43: =R42/Q42-1 -> 0.069692792 | S43: =S42/R42-1 -> 0.07381291
B45: p | C45: Product COGS (Margin) | G45: ='Historical Financials'!X14 -> 8.101 | H45: ='Historical Financials'!Y14 -> 9.842 | I45: ='Historical Financials'!Z14 -> 8.93 | J45: ='Historical Financials'!AA14 -> 10.079 | K45: =OFFSET(K46,$E$6,0)*K14 -> 0 | N45: ='Historical Financials'!H14 -> 33.403 | O45: =(OFFSET(O46,$E$6,0))*O42 -> 38.725627 | P45: =(OFFSET(P46,$E$6,0))*P42 -> 46.728575 | Q45: =(OFFSET(Q46,$E$6,0))*Q42 -> 59.662297 | R45: =(OFFSET(R46,$E$6,0))*R42 -> 63.82033 | S45: =(OFFSET(S46,$E$6,0))*S42 -> 68.531094
C47: Base | G47: ='Historical Financials'!X37 -> 0.187919 | H47: ='Historical Financials'!Y37 -> 0.20157706 | I47: ='Historical Financials'!Z37 -> 0.20301914 | J47: ='Historical Financials'!AA37 -> 0.20559318 | K47: 0.205 | N47: ='Historical Financials'!H37 -> 0.19991501 | O47: =N47 -> 0.19991501 | P47: =O47 -> 0.19991501 | Q47: =P47 -> 0.19991501 | R47: =Q47 -> 0.19991501 | S47: =R47 -> 0.19991501 | U47: Step
C48: Conservative | G48: =G47 -> 0.187919 | H48: =H47 -> 0.20157706 | I48: =I47 -> 0.20301914 | J48: =J47 -> 0.20559318 | O48: =O47+$U48 -> 0.20241501 | P48: =O48+$U48 -> 0.20491501 | Q48: =P48+$U48 -> 0.20741501 | R48: =Q48+$U48 -> 0.20991501 | S48: =R48+$U48 -> 0.21241501 | U48: 0.0025
C49: Bullish | G49: =G48 -> 0.187919 | H49: =H48 -> 0.20157706 | I49: =I48 -> 0.20301914 | J49: =J48 -> 0.20559318 | O49: =O48+$U49 -> 0.19991501 | P49: =O49+$U49 -> 0.19741501 | Q49: =P49+$U49 -> 0.19491501 | R49: =Q49+$U49 -> 0.19241501 | S49: =R49+$U49 -> 0.18991501 | U49: -0.0025
B51: p | C51: Services COGS (YoY Growth ( % )) | G51: ='Historical Financials'!X15 -> 6.729 | H51: ='Historical Financials'!Y15 -> 7.256 | I51: ='Historical Financials'!Z15 -> 6.346 | J51: ='Historical Financials'!AA15 -> 6.677 | N51: ='Historical Financials'!H15 -> 26.639 | O51: =(1+OFFSET(O52,$E$6,0))*N51 -> 27.3466 | P51: =(1+OFFSET(P52,$E$6,0))*O51 -> 28.072996 | Q51: =(1+OFFSET(Q52,$E$6,0))*P51 -> 28.818686 | R51: =(1+OFFSET(R52,$E$6,0))*Q51 -> 29.584184 | S51: =(1+OFFSET(S52,$E$6,0))*R51 -> 30.370016
C53: Base | G53: ='Historical Financials'!X38 -> 0.21312514 | H53: ='Historical Financials'!Y38 -> 0.23013003 | I53: ='Historical Financials'!Z38 -> 0.20461727 | J53: ='Historical Financials'!AA38 -> 0.21460483 | K53: =AVERAGE('Historical Financials'!F38:H38) -> 0.17686023 | O53: =O38 -> 0.026562559 | P53: =P38 -> 0.026562559 | Q53: =Q38 -> 0.026562559 | R53: =R38 -> 0.026562559 | S53: =S38 -> 0.026562559 | U53: Step
C54: Conservative | G54: =G53 -> 0.21312514 | H54: =H53 -> 0.23013003 | I54: =I53 -> 0.20461727 | J54: =J53 -> 0.21460483 | O54: =O53+$U54 -> 0.031562559 | P54: =O54+$U54 -> 0.036562559 | Q54: =P54+$U54 -> 0.041562559 | R54: =Q54+$U54 -> 0.046562559 | S54: =R54+$U54 -> 0.051562559 | U54: 0.005
C55: Bullish | G55: =G54 -> 0.21312514 | H55: =H54 -> 0.23013003 | I55: =I54 -> 0.20461727 | J55: =J54 -> 0.21460483 | O55: =O54+$U55 -> 0.029062559 | P55: =O55+$U55 -> 0.026562559 | Q55: =P55+$U55 -> 0.024062559 | R55: =Q55+$U55 -> 0.021562559 | S55: =R55+$U55 -> 0.019062559 | U55: -0.0025
B57: p | C57: S&M (Margin) | G57: ='Historical Financials'!X17 -> 21.531 | H57: ='Historical Financials'!Y17 -> 22.427 | I57: ='Historical Financials'!Z17 -> 20.014 | J57: ='Historical Financials'!AA17 -> 21.905 | N57: ='Historical Financials'!H17 -> 84.467 | O57: =(OFFSET(O58,$E$6,0))*O14 -> 89.620569 | P57: =(OFFSET(P58,$E$6,0))*P14 -> 101.75747 | Q57: =(OFFSET(Q58,$E$6,0))*Q14 -> 120.81704 | R57: =(OFFSET(R58,$E$6,0))*R14 -> 127.62597 | S57: =(OFFSET(S58,$E$6,0))*S14 -> 135.23448
C59: Base | G59: ='Historical Financials'!X39 -> 0.2883024 | H59: ='Historical Financials'!Y39 -> 0.279099 | I59: ='Historical Financials'!Z39 -> 0.26685333 | J59: ='Historical Financials'!AA39 -> 0.2733444 | N59: ='Historical Financials'!H39 -> 0.29070716 | O59: =AVERAGE(N59,G59:J59) -> 0.27966126 | P59: =O59 -> 0.27966126 | Q59: =P59 -> 0.27966126 | R59: =Q59 -> 0.27966126 | S59: =R59 -> 0.27966126 | U59: Step
C60: Conservative | G60: =G59 -> 0.2883024 | H60: =H59 -> 0.279099 | I60: =I59 -> 0.26685333 | J60: =J59 -> 0.2733444 | O60: =O59+$U60 -> 0.26966126 | P60: =O60+$U60 -> 0.25966126 | Q60: =P60+$U60 -> 0.24966126 | R60: =Q60+$U60 -> 0.23966126 | S60: =R60+$U60 -> 0.22966126 | U60: -0.01
C61: Bullish | G61: =G60 -> 0.2883024 | H61: =H60 -> 0.279099 | I61: =I60 -> 0.26685333 | J61: =J60 -> 0.2733444 | O61: =O59+$U61 -> 0.28966126 | P61: =P59+$U61 -> 0.28966126 | Q61: =Q59+$U61 -> 0.28966126 | R61: =R59+$U61 -> 0.28966126 | S61: =S59+$U61 -> 0.28966126 | U61: 0.01
B63: p | C63: R&D (Margin) | G63: ='Historical Financials'!X18 -> 18.377 | H63: ='Historical Financials'!Y18 -> 18.571 | I63: ='Historical Financials'!Z18 -> 19.018 | J63: ='Historical Financials'!AA18 -> 21.153 | N63: ='Historical Financials'!H18 -> 69.104 | O63: =(OFFSET(O64,$E$6,0))*O14 -> 80.115288 | P63: =(OFFSET(P64,$E$6,0))*P14 -> 81.868439 | Q63: =(OFFSET(Q64,$E$6,0))*Q14 -> 86.402417 | R63: =(OFFSET(R64,$E$6,0))*R14 -> 79.862851 | S63: =(OFFSET(S64,$E$6,0))*S14 -> 72.534793
C65: Base | G65: ='Historical Financials'!X40 -> 0.24607 | H65: ='Historical Financials'!Y40 -> 0.23111194 | I65: ='Historical Financials'!Z40 -> 0.25357333 | J65: ='Historical Financials'!AA40 -> 0.26396047 | N65: ='Historical Financials'!H40 -> 0.23783285 | O65: 0.25 | P65: =O65+$U$65 -> 0.225 | Q65: =P65+$U$65 -> 0.2 | R65: =Q65+$U$65 -> 0.175 | S65: =R65+$U$65 -> 0.15 | U65: =-2.5% -> -0.025
C66: Conservative | G66: =G65 -> 0.24607 | H66: =H65 -> 0.23111194 | I66: =I65 -> 0.25357333 | J66: =J65 -> 0.26396047 | O66: =O$65+$U66 -> 0.23 | P66: =P$65+$U66 -> 0.205 | Q66: =Q$65+$U66 -> 0.18 | R66: =R$65+$U66 -> 0.155 | S66: =S$65+$U66 -> 0.13 | U66: -0.02
C67: Bullish | G67: =G66 -> 0.24607 | H67: =H66 -> 0.23111194 | I67: =I66 -> 0.25357333 | J67: =J66 -> 0.26396047 | O67: =O$65+$U67 -> 0.27 | P67: =P$65+$U67 -> 0.245 | Q67: =Q$65+$U67 -> 0.22 | R67: =R$65+$U67 -> 0.195 | S67: =S$65+$U67 -> 0.17 | U67: 0.02
B69: p | C69: G&A (Margin) | G69: ='Historical Financials'!X19 -> 6.95 | H69: ='Historical Financials'!Y19 -> 7.2 | I69: ='Historical Financials'!Z19 -> 7.693 | J69: ='Historical Financials'!AA19 -> 11.299 | N69: ='Historical Financials'!H19 -> 29.802 | O69: =(OFFSET(O70,$E$6,0))*O14 -> 32.046115 | P69: =(1+OFFSET(P70,$E$6,0))*O69 -> 35.250727 | Q69: =(1+OFFSET(Q70,$E$6,0))*P69 -> 38.7758 | R69: =(1+OFFSET(R70,$E$6,0))*Q69 -> 42.65338 | S69: =(1+OFFSET(S70,$E$6,0))*R69 -> 46.918717
C71: Base | G71: ='Historical Financials'!X41 -> 0.093061246 | H71: ='Historical Financials'!Y41 -> 0.089602389 | I71: ='Historical Financials'!Z41 -> 0.10257333 | J71: ='Historical Financials'!AA41 -> 0.14099604 | N71: ='Historical Financials'!H41 -> 0.10256851 | O71: 0.1 | P71: =O71 -> 0.1 | Q71: =P71 -> 0.1 | R71: =Q71 -> 0.1 | S71: =R71 -> 0.1 | U71: Step
C72: Conservative | G72: =G71 -> 0.093061246 | H72: =H71 -> 0.089602389 | I72: =I71 -> 0.10257333 | J72: =J71 -> 0.14099604 | O72: =O71+$U72 -> 0.07639554 | P72: =P71+$U72 -> 0.07639554 | Q72: =Q71+$U72 -> 0.07639554 | R72: =R71+$U72 -> 0.07639554 | S72: =S71+$U72 -> 0.07639554 | U72: =-STDEV('Historical Financials'!X41:AA41) -> -0.02360446
C73: Bullish | G73: =G72 -> 0.093061246 | H73: =H72 -> 0.089602389 | I73: =I72 -> 0.10257333 | J73: =J72 -> 0.14099604 | O73: =O71+$U73 -> 0.12360446 | P73: =P71+$U73 -> 0.12360446 | Q73: =Q71+$U73 -> 0.12360446 | R73: =R71+$U73 -> 0.12360446 | S73: =S71+$U73 -> 0.12360446 | U73: =STDEV('Historical Financials'!X41:AA41) -> 0.02360446
B75: p | C75: Amort. of Acquired Intangibles | N75: 1.341 | O75: 2.473 | P75: 3.279 | Q75: 3.279 | R75: 3.197 | S75: 2.025
B78: p | C78: Interest Income | G78: ='Historical Financials'!X21 -> 3.386 | H78: ='Historical Financials'!Y21 -> 3.458 | I78: ='Historical Financials'!Z21 -> 3.383 | J78: ='Historical Financials'!AA21 -> 3.32 | N78: ='Historical Financials'!H21 -> 11.628 | O78: =(1+OFFSET(O79,$E$6,0))*N78 -> 12.093349 | P78: =(1+OFFSET(P79,$E$6,0))*O78 -> 12.577321 | Q78: =(1+OFFSET(Q79,$E$6,0))*P78 -> 13.080661 | R78: =(1+OFFSET(R79,$E$6,0))*Q78 -> 13.604145 | S78: =(1+OFFSET(S79,$E$6,0))*R78 -> 14.148579
C80: Base | G80: ='Historical Financials'!X42 -> 0.045338904 | H80: ='Historical Financials'!Y42 -> 0.043034036 | I80: ='Historical Financials'!Z42 -> 0.045106667 | J80: ='Historical Financials'!AA42 -> 0.041429053 | N80: ='Historical Financials'!H42 -> 0.040019686 | O80: =N80 -> 0.040019686 | P80: =O80 -> 0.040019686 | Q80: =P80 -> 0.040019686 | R80: =Q80 -> 0.040019686 | S80: =R80 -> 0.040019686 | U80: Step
C81: Conservative | G81: =G80 -> 0.045338904 | H81: =H80 -> 0.043034036 | I81: =I80 -> 0.045106667 | J81: =J80 -> 0.041429053 | O81: =O80+$U81 -> 0.038170139 | P81: =O81+$U81 -> 0.036320592 | Q81: =P81+$U81 -> 0.034471045 | R81: =Q81+$U81 -> 0.032621498 | S81: =R81+$U81 -> 0.030771951 | U81: =-STDEV('Historical Financials'!X42:AA42) -> -0.0018495471
C82: Bullish | G82: =G81 -> 0.045338904 | H82: =H81 -> 0.043034036 | I82: =I81 -> 0.045106667 | J82: =J81 -> 0.041429053 | O82: =O81+$U82 -> 0.040019686 | P82: =O82+$U82 -> 0.041869233 | Q82: =P82+$U82 -> 0.043718781 | R82: =Q82+$U82 -> 0.045568328 | S82: =R82+$U82 -> 0.047417875 | U82: =STDEV('Historical Financials'!X42:AA42) -> 0.0018495471
B84: p | C84: Depreciation | G84: ='Historical Financials'!X107 -> 3.799 | H84: ='Historical Financials'!Y107 -> 3.983 | I84: ='Historical Financials'!Z107 -> 3.969 | J84: ='Historical Financials'!AA107 -> 4.449 | N84: ='Historical Financials'!H107 -> 14.859 | O84: =(OFFSET(O85,$E$6,0))*O14 -> 16.38829 | P84: =(OFFSET(P85,$E$6,0))*P14 -> 18.60768 | Q84: =(OFFSET(Q85,$E$6,0))*Q14 -> 22.092972 | R84: =(OFFSET(R85,$E$6,0))*R14 -> 23.338073 | S84: =(OFFSET(S85,$E$6,0))*S14 -> 24.729387
C86: Base | N86: ='Historical Financials'!H148 -> 0.051139708 | O86: =N86 -> 0.051139708 | P86: =O86 -> 0.051139708 | Q86: =P86 -> 0.051139708 | R86: =Q86 -> 0.051139708 | S86: =R86 -> 0.051139708 | U86: Step
C87: Conservative | O87: =O86+$U87 -> 0.04854332 | P87: =O87+$U87 -> 0.045946932 | Q87: =P87+$U87 -> 0.043350544 | R87: =Q87+$U87 -> 0.040754157 | S87: =R87+$U87 -> 0.038157769 | U87: =-STDEV('Historical Financials'!X148:AA148) -> -0.0025963877
C88: Bullish | O88: =O86+$U88 -> 0.053736095 | P88: =P86+$U88 -> 0.053736095 | Q88: =Q86+$U88 -> 0.053736095 | R88: =R86+$U88 -> 0.053736095 | S88: =S86+$U88 -> 0.053736095 | U88: =STDEV('Historical Financials'!X148:AA148) -> 0.0025963877
B90: p | C90: CapEx | N90: =-'Historical Financials'!H125 -> 20.128 | O90: =(OFFSET(O$92,$E$6,0))*O$14 -> 20.59727 | P90: =(OFFSET(P$92,$E$6,0))*P$14 -> 21.567364 | Q90: =(OFFSET(Q$92,$E$6,0))*Q$14 -> 23.446956 | R90: =(OFFSET(R$92,$E$6,0))*R$14 -> 22.486569 | S90: =(OFFSET(S$92,$E$6,0))*S$14 -> 21.409294
C92: Base | N92: =N90/N14 -> 0.069273843 | O92: =N92 -> 0.069273843 | P92: =O92 -> 0.069273843 | Q92: =P92 -> 0.069273843 | R92: =Q92 -> 0.069273843 | S92: =R92 -> 0.069273843 | U92: Step
C93: Conservative | O93: =O92+$U93 -> 0.064273843 | P93: =O93+$U93 -> 0.059273843 | Q93: =P93+$U93 -> 0.054273843 | R93: =Q93+$U93 -> 0.049273843 | S93: =R93+$U93 -> 0.044273843 | U93: -0.005
C94: Bullish | O94: =O92+$U94 -> 0.074273843 | P94: =P92+$U94 -> 0.074273843 | Q94: =Q92+$U94 -> 0.074273843 | R94: =R92+$U94 -> 0.074273843 | S94: =S92+$U94 -> 0.074273843 | U94: 0.005
B96: p | C96: Δ Net Working Capital | N96: ='NWC Calc'!F18 -> -23.706 | O96: ='NWC Calc'!G18 -> -1.9929944 | P96: ='NWC Calc'!H18 -> -4.4229038 | Q96: ='NWC Calc'!I18 -> -8.5270262 | R96: ='NWC Calc'!J18 -> -3.9800101 | S96: ='NWC Calc'!K18 -> -4.8902447
C99: ( + ) Deferred Revenue
C101: Base | N101: 0.27816917 | O101: 0.27816917 | P101: 0.27816917 | Q101: 0.27816917 | R101: 0.27816917 | S101: 0.27816917
C102: Conservative
C103: Bullish

Sheet NWC Calc
B2: =Assumptions!$B$2 -> A10 Networks, Inc.
A4: s | C4: Δ Net Working Capital
C5: ='Historical Financials'!E5 -> FY'22 | D5: ='Historical Financials'!F5 -> FY'23 | E5: ='Historical Financials'!G5 -> FY'24 | F5: ='Historical Financials'!H5 -> FY'25 | G5: ='Cash Flow Assumptions'!O10 -> FY'26 | H5: ='Cash Flow Assumptions'!P10 -> FY'27 | I5: ='Cash Flow Assumptions'!Q10 -> FY'28 | J5: ='Cash Flow Assumptions'!R10 -> FY'29 | K5: ='Cash Flow Assumptions'!S10 -> FY'30
B6: Accounts Receivable | C6: ='Historical Financials'!E54 -> 72.928 | D6: ='Historical Financials'!F54 -> 74.307 | E6: ='Historical Financials'!G54 -> 76.687 | F6: ='Historical Financials'!H54 -> 62.069 | G6: =(G25/365)*G24 -> 68.457147 | H6: =(H25/365)*H24 -> 77.727982 | I6: =(I25/365)*I24 -> 92.28674 | J6: =(J25/365)*J24 -> 97.487777 | K6: =(K25/365)*K24 -> 103.29957
B7: Inventory | C7: ='Historical Financials'!E55 -> 19.693 | D7: ='Historical Financials'!F55 -> 23.522 | E7: ='Historical Financials'!G55 -> 22.005 | F7: ='Historical Financials'!H55 -> 18.032 | G7: =(G31/365)*G29 -> 29.499142 | H7: =(H31/365)*H29 -> 31.72669 | I7: =(I31/365)*I29 -> 35.652303 | J7: =(J31/365)*J29 -> 35.754369 | K7: =(K31/365)*K29 -> 35.965494
B8: Prepaid Expenses | C8: ='Historical Financials'!E56 -> 13.381 | D8: ='Historical Financials'!F56 -> 14.695 | E8: ='Historical Financials'!G56 -> 13.038 | F8: ='Historical Financials'!H56 -> 18 | G8: =G24*G39 -> 19.852562 | H8: =H24*H39 -> 22.541102 | I8: =I24*I39 -> 26.76314 | J8: =J24*J39 -> 28.271439 | K8: =K24*K39 -> 29.956859
B9: Total Current Assets | C9: =SUM(C6:C8) -> 106.002 | D9: =SUM(D6:D8) -> 112.524 | E9: =SUM(E6:E8) -> 111.73 | F9: =SUM(F6:F8) -> 98.101 | G9: =SUM(G6:G8) -> 117.80885 | H9: =SUM(H6:H8) -> 131.99577 | I9: =SUM(I6:I8) -> 154.70218 | J9: =SUM(J6:J8) -> 161.51359 | K9: =SUM(K6:K8) -> 169.22193
B11: Accounts Payable | C11: ='Historical Financials'!E65 -> 6.725 | D11: ='Historical Financials'!F65 -> 7.024 | E11: ='Historical Financials'!G65 -> 12.542 | F11: ='Historical Financials'!H65 -> 11.694 | G11: =(G37/365)*G29 -> 20.843122 | H11: =(H37/365)*H29 -> 21.23719 | I11: =(I37/365)*I29 -> 23.864915 | J11: =(J37/365)*J29 -> 24.437093 | K11: =(K37/365)*K29 -> 25.616397
B12: Accrued Expenses | C12: ='Historical Financials'!E66 -> 37.183 | D12: ='Historical Financials'!F66 -> 21.388 | E12: ='Historical Financials'!G66 -> 32.696 | F12: ='Historical Financials'!H66 -> 41.132 | G12: =G24*G40 -> 45.365309 | H12: =H24*H40 -> 51.508924 | I12: =I24*I40 -> 61.156748 | J12: =J24*J40 -> 64.603381 | K12: =K24*K40 -> 68.454752
B13: Deferred Revenue | C13: ='Historical Financials'!E67 -> 74.34 | D13: ='Historical Financials'!F67 -> 82.657 | E13: ='Historical Financials'!G67 -> 78.335 | F13: ='Historical Financials'!H67 -> 80.824 | G13: =G24*G41 -> 89.142414 | H13: =H24*H41 -> 101.21456 | I13: =I24*I41 -> 120.17244 | J13: =J24*J41 -> 126.94505 | K13: =K24*K41 -> 134.51296
B14: Total Current Liabilities | C14: =SUM(C11:C13) -> 118.248 | D14: =SUM(D11:D13) -> 111.069 | E14: =SUM(E11:E13) -> 123.573 | F14: =SUM(F11:F13) -> 133.65 | G14: =SUM(G11:G13) -> 155.35085 | H14: =SUM(H11:H13) -> 173.96067 | I14: =SUM(I11:I13) -> 205.19411 | J14: =SUM(J11:J13) -> 215.98552 | K14: =SUM(K11:K13) -> 228.5841
B16: Net Working Capital | C16: =SUM(C6:C8)-SUM(C11:C13) -> -12.246 | D16: =SUM(D6:D8)-SUM(D11:D13) -> 1.455 | E16: =SUM(E6:E8)-SUM(E11:E13) -> -11.843 | F16: =SUM(F6:F8)-SUM(F11:F13) -> -35.549 | G16: =SUM(G6:G8)-SUM(G11:G13) -> -37.541994 | H16: =SUM(H6:H8)-SUM(H11:H13) -> -41.964898 | I16: =SUM(I6:I8)-SUM(I11:I13) -> -50.491924 | J16: =SUM(J6:J8)-SUM(J11:J13) -> -54.471935 | K16: =SUM(K6:K8)-SUM(K11:K13) -> -59.362179
A18: s | B18: Change in NWC | C18: n.a. | D18: =D16-C16 -> 13.701 | E18: =E16-D16 -> -13.298 | F18: =F16-E16 -> -23.706 | G18: =G16-F16 -> -1.9929944 | H18: =H16-G16 -> -4.4229038 | I18: =I16-H16 -> -8.5270262 | J18: =J16-I16 -> -3.9800101 | K18: =K16-J16 -> -4.8902447
C20: Δ Net Working Capital Calculations
C21: =C5 -> FY'22 | D21: =D5 -> FY'23 | E21: =E5 -> FY'24 | F21: =F5 -> FY'25 | G21: =G5 -> FY'26 | H21: =H5 -> FY'27 | I21: =I5 -> FY'28 | J21: =J5 -> FY'29 | K21: =K5 -> FY'30
B22: DSO:
B23: Accounts Receivable | C23: =AVERAGE(B6:C6) -> 72.928 | D23: =AVERAGE(C6:D6) -> 73.6175 | E23: =AVERAGE(D6:E6) -> 75.497 | F23: =AVERAGE(E6:F6) -> 69.378 | G23: =AVERAGE(F6:G6) -> 65.263074 | H23: =AVERAGE(G6:H6) -> 73.092565 | I23: =AVERAGE(H6:I6) -> 85.007361 | J23: =AVERAGE(I6:J6) -> 94.887258 | K23: =AVERAGE(J6:K6) -> 100.39367
B24: ( / ) Sales | C24: ='Historical Financials'!E13 -> 280.338 | D24: ='Historical Financials'!F13 -> 251.7 | E24: ='Historical Financials'!G13 -> 261.696 | F24: ='Historical Financials'!H13 -> 290.557 | G24: ='Cash Flow Assumptions'!O14 -> 320.46115 | H24: ='Cash Flow Assumptions'!P14 -> 363.85973 | I24: ='Cash Flow Assumptions'!Q14 -> 432.01209 | J24: ='Cash Flow Assumptions'!R14 -> 456.35915 | K24: ='Cash Flow Assumptions'!S14 -> 483.56529
B25: DSO | C25: =(C6/C24)*Assumptions!$D$25 -> 94.952236 | D25: =(D6/D24)*Assumptions!$D$25 -> 107.75548 | E25: =(E6/E24)*Assumptions!$D$25 -> 106.95905 | F25: =(F6/F24)*Assumptions!$D$25 -> 77.971568 | G25: =F25 -> 77.971568 | H25: =G25 -> 77.971568 | I25: =H25 -> 77.971568 | J25: =I25 -> 77.971568 | K25: =J25 -> 77.971568
B27: DIO:
B28: Inventory | C28: =AVERAGE(B7:C7) -> 19.693 | D28: =AVERAGE(C7:D7) -> 21.6075 | E28: =AVERAGE(D7:E7) -> 22.7635 | F28: =AVERAGE(E7:F7) -> 20.0185 | G28: =AVERAGE(F7:G7) -> 23.765571 | H28: =AVERAGE(G7:H7) -> 30.612916 | I28: =AVERAGE(H7:I7) -> 33.689496 | J28: =AVERAGE(I7:J7) -> 35.703336 | K28: =AVERAGE(J7:K7) -> 35.859931
B29: ( / ) Cost of Goods Sold | C29: ='Historical Financials'!E13-'Historical Financials'!E16 -> 56.832 | D29: ='Historical Financials'!F13-'Historical Financials'!F16 -> 47.962 | E29: ='Historical Financials'!G13-'Historical Financials'!G16 -> 51.419 | F29: ='Historical Financials'!H13-'Historical Financials'!H16 -> 60.042 | G29: =('Cash Flow Assumptions'!O45+'Cash Flow Assumptions'!O51) -> 66.072227 | H29: =('Cash Flow Assumptions'!P45+'Cash Flow Assumptions'!P51) -> 74.80157 | I29: =('Cash Flow Assumptions'!Q45+'Cash Flow Assumptions'!Q51) -> 88.480984 | J29: =('Cash Flow Assumptions'!R45+'Cash Flow Assumptions'!R51) -> 93.404514 | K29: =('Cash Flow Assumptions'!S45+'Cash Flow Assumptions'!S51) -> 98.90111
B30: ( x ) illustrative adj. | C30: 1 | D30: 1 | E30: 1 | F30: 1 | G30: 0.9 | H30: 0.95 | I30: 0.95 | J30: 0.95 | K30: 0.95
B31: DIO | C31: =(C7/C29)*Assumptions!$D$25*C30 -> 126.47707 | D31: =(D7/D29)*Assumptions!$D$25*D30 -> 179.00692 | E31: =(E7/E29)*Assumptions!$D$25*E30 -> 156.20345 | F31: =(F7/F29)*Assumptions!$D$25*F30 -> 109.61793 | G31: ='Historical Financials'!AA90*G30 -> 162.96086 | H31: =G31*H30 -> 154.81282 | I31: =H31*I30 -> 147.07217 | J31: =I31*J30 -> 139.71857 | K31: =J31*K30 -> 132.73264
B33: DPO:
B34: Accounts Payable | C34: =AVERAGE(B11:C11) -> 6.725 | D34: =AVERAGE(C11:D11) -> 6.8745 | E34: =AVERAGE(D11:E11) -> 9.783 | F34: =AVERAGE(E11:F11) -> 12.118 | G34: =AVERAGE(F11:G11) -> 16.268561 | H34: =AVERAGE(G11:H11) -> 21.040156 | I34: =AVERAGE(H11:I11) -> 22.551053 | J34: =AVERAGE(I11:J11) -> 24.151004 | K34: =AVERAGE(J11:K11) -> 25.026745
B35: ( / ) Cost of Goods Sold | C35: =C29 -> 56.832 | D35: =D29 -> 47.962 | E35: =E29 -> 51.419 | F35: =F29 -> 60.042 | G35: =G29 -> 66.072227 | H35: =H29 -> 74.80157 | I35: =I29 -> 88.480984 | J35: =J29 -> 93.404514 | K35: =K29 -> 98.90111
B36: ( x ) illustrative adj. | C36: 1 | D36: 1 | E36: 1 | F36: 1 | G36: 0.8 | H36: 0.9 | I36: 0.95 | J36: 0.97 | K36: 0.99
B37: DPO | C37: =(C11/C29)*Assumptions!$D$25*C36 -> 43.190896 | D37: =(D11/D29)*Assumptions!$D$25*D36 -> 53.453984 | E37: =(E11/E29)*Assumptions!$D$25*E36 -> 89.029931 | F37: =(F11/F29)*Assumptions!$D$25*F36 -> 71.088738 | G37: ='Historical Financials'!AA91*G36 -> 115.14278 | H37: =G37*H36 -> 103.6285 | I37: =H37*I36 -> 98.447074 | J37: =I37*J36 -> 95.493662 | K37: =J37*K36 -> 94.538725
B39: Prepaid % of Sales | C39: =C8/C24 -> 0.047731667 | D39: =D8/D24 -> 0.058382996 | E39: =E8/E24 -> 0.049821167 | F39: =F8/F24 -> 0.061949979 | G39: =F39 -> 0.061949979 | H39: =G39 -> 0.061949979 | I39: =H39 -> 0.061949979 | J39: =I39 -> 0.061949979 | K39: =J39 -> 0.061949979
B40: Accrued % of Sales | C40: =C12/C24 -> 0.13263632 | D40: =D12/D24 -> 0.084974176 | E40: =E12/E24 -> 0.12493886 | F40: =F12/F24 -> 0.14156258 | G40: =F40 -> 0.14156258 | H40: =G40 -> 0.14156258 | I40: =H40 -> 0.14156258 | J40: =I40 -> 0.14156258 | K40: =J40 -> 0.14156258
A41: s | B41: Deferred Rev % of Sales | C41: =C13/C24 -> 0.26517989 | D41: =D13/D24 -> 0.32839491 | E41: =E13/E24 -> 0.29933587 | F41: =F13/F24 -> 0.27816917 | G41: =F41 -> 0.27816917 | H41: =G41 -> 0.27816917 | I41: =H41 -> 0.27816917 | J41: =I41 -> 0.27816917 | K41: =J41 -> 0.27816917

Sheet Historicals--->

Sheet Historical Financials
C2: =Assumptions!B2 -> A10 Networks, Inc.
C4: =Assumptions!$D$31 -> ($ in Millions) | E4: Annual | X4: Quarterly
E5: FY'22 | F5: FY'23 | G5: FY'24 | H5: FY'25 | I5: LTM | J5: Q1'22 | K5: Q2'22 | L5: Q3'22 | M5: Q4'22 | N5: Q1'23 | O5: Q2'23 | P5: Q3'23 | Q5: Q4'23 | R5: Q1'24 | S5: Q2'24 | T5: Q3'24 | U5: Q4'24 | V5: Q1'25 | W5: Q2'25 | X5: Q3'25 | Y5: Q4'25 | Z5: Q1'26 | AA5: Q2'26
X6: j
B7: p | C7: Income statement as of 2Q'26
C9: ($ in Millions) | E9: Annual | X9: Quarterly
E10: FY'22 | F10: FY'23 | G10: FY'24 | H10: FY'25 | I10: LTM | J10: Q1'22 | K10: Q2'22 | L10: Q3'22 | M10: Q4'22 | N10: Q1'23 | O10: Q2'23 | P10: Q3'23 | Q10: Q4'23 | R10: Q1'24 | S10: Q2'24 | T10: Q3'24 | U10: Q4'24 | V10: Q1'25 | W10: Q2'25 | X10: Q3'25 | Y10: Q4'25 | Z10: Q1'26 | AA10: Q2'26
C11: Products | E11: 173.201 | F11: 141.082 | G11: 139.799 | H11: 167.086 | I11: =SUM(X11:AA11) -> 184.944 | J11: 37.045 | K11: 41.475 | L11: 45.104 | M11: =E11-SUM(J11:L11) -> 49.577 | N11: 31.182 | O11: 39.09 | P11: 30.26 | Q11: =F11-SUM(N11:P11) -> 40.55 | R11: 30.069 | S11: 29.533 | T11: 36.862 | U11: =G11-SUM(R11:T11) -> 43.335 | V11: 35.979 | W11: 39.173 | X11: 43.109 | Y11: =H11-SUM(V11:X11) -> 48.825 | Z11: 43.986 | AA11: 49.024
C12: Services | E12: 107.137 | F12: 110.618 | G12: 121.897 | H12: 123.471 | I12: =SUM(X12:AA12) -> 125.23 | J12: 25.627 | K12: 26.498 | L12: 26.955 | M12: =E12-SUM(J12:L12) -> 28.057 | N12: 26.509 | O12: 26.727 | P12: 27.515 | Q12: =F12-SUM(N12:P12) -> 29.867 | R12: 30.606 | S12: 30.563 | T12: 29.859 | U12: =G12-SUM(R12:T12) -> 30.869 | V12: 30.158 | W12: 30.21 | X12: 31.573 | Y12: =H12-SUM(V12:X12) -> 31.53 | Z12: 31.014 | AA12: 31.113
C13: Total Net Revenue | E13: 280.338 | F13: 251.7 | G13: 261.696 | H13: 290.557 | I13: =SUM(X13:AA13) -> 310.174 | J13: 62.672 | K13: 67.973 | L13: 72.059 | M13: =E13-SUM(J13:L13) -> 77.634 | N13: 57.691 | O13: 65.817 | P13: 57.775 | Q13: =F13-SUM(N13:P13) -> 70.417 | R13: 60.675 | S13: 60.096 | T13: 66.721 | U13: =G13-SUM(R13:T13) -> 74.204 | V13: 66.137 | W13: 69.383 | X13: 74.682 | Y13: =H13-SUM(V13:X13) -> 80.355 | Z13: 75 | AA13: 80.137
C14: ( - ) Products cost of revenue | E14: 40.135 | F14: 31.468 | G14: 31.218 | H14: 33.403 | I14: =SUM(X14:AA14) -> 36.952 | J14: 8.633 | K14: 9.518 | L14: 10.191 | M14: =E14-SUM(J14:L14) -> 11.793 | N14: 6.083 | O14: 9.436 | P14: 6.815 | Q14: =F14-SUM(N14:P14) -> 9.134 | R14: 6.799 | S14: 6.813 | T14: 7.531 | U14: =G14-SUM(R14:T14) -> 10.075 | V14: 7.263 | W14: 8.197 | X14: 8.101 | Y14: =H14-SUM(V14:X14) -> 9.842 | Z14: 8.93 | AA14: 10.079
C15: ( - ) Services cost of revenue | E15: 16.697 | F15: 16.494 | G15: 20.201 | H15: 26.639 | I15: =SUM(X15:AA15) -> 27.008 | J15: 4.206 | K15: 3.967 | L15: 4.574 | M15: =E15-SUM(J15:L15) -> 3.95 | N15: 4.133 | O15: 4.027 | P15: 4.194 | Q15: =F15-SUM(N15:P15) -> 4.14 | R15: 4.645 | S15: 5.225 | T15: 5.508 | U15: =G15-SUM(R15:T15) -> 4.823 | V15: 6.179 | W15: 6.475 | X15: 6.729 | Y15: =H15-SUM(V15:X15) -> 7.256 | Z15: 6.346 | AA15: 6.677
C16: Gross Profit | E16: 223.506 | F16: 203.738 | G16: 210.277 | H16: 230.515 | I16: =SUM(X16:AA16) -> 246.214 | J16: 49.833 | K16: 54.488 | L16: 57.294 | M16: =E16-SUM(J16:L16) -> 61.891 | N16: 47.475 | O16: 52.354 | P16: 46.766 | Q16: =F16-SUM(N16:P16) -> 57.143 | R16: 49.231 | S16: 48.058 | T16: 53.682 | U16: =G16-SUM(R16:T16) -> 59.306 | V16: 52.695 | W16: 54.711 | X16: 59.852 | Y16: =H16-SUM(V16:X16) -> 63.257 | Z16: 59.724 | AA16: 63.381
C17: ( - ) Sales and marketing | E17: 88.511 | F17: 85.976 | G17: 83.3 | H17: 84.467 | I17: =SUM(X17:AA17) -> 85.877 | J17: 22.782 | K17: 21.773 | L17: 21.605 | M17: =E17-SUM(J17:L17) -> 22.351 | N17: 22.334 | O17: 20.868 | P17: 21.324 | Q17: =F17-SUM(N17:P17) -> 21.45 | R17: 21.214 | S17: 19.453 | T17: 21.011 | U17: =G17-SUM(R17:T17) -> 21.622 | V17: 19.545 | W17: 20.964 | X17: 21.531 | Y17: =H17-SUM(V17:X17) -> 22.427 | Z17: 20.014 | AA17: 21.905
C18: ( - ) Research and development | E18: 58.398 | F18: 55.229 | G18: 57.726 | H18: 69.104 | I18: =SUM(X18:AA18) -> 77.119 | J18: 12.887 | K18: 14.235 | L18: 14.36 | M18: =E18-SUM(J18:L18) -> 16.916 | N18: 11.665 | O18: 13.965 | P18: 17.62 | Q18: =F18-SUM(N18:P18) -> 11.979 | R18: 14.063 | S18: 14.737 | T18: 15.734 | U18: =G18-SUM(R18:T18) -> 13.192 | V18: 15.9 | W18: 16.256 | X18: 18.377 | Y18: =H18-SUM(V18:X18) -> 18.571 | Z18: 19.018 | AA18: 21.153
C19: ( - ) General and administrative | E19: 23.518 | F19: 23.885 | G19: 25.283 | H19: 29.802 | I19: =SUM(X19:AA19) -> 33.142 | J19: 6.162 | K19: 5.337 | L19: 5.661 | M19: =E19-SUM(J19:L19) -> 6.358 | N19: 7.309 | O19: 5.255 | P19: 5.613 | Q19: =F19-SUM(N19:P19) -> 5.708 | R19: 6.741 | S19: 5.952 | T19: 6.494 | U19: =G19-SUM(R19:T19) -> 6.096 | V19: 8.472 | W19: 7.18 | X19: 6.95 | Y19: =H19-SUM(V19:X19) -> 7.2 | Z19: 7.693 | AA19: 11.299
C20: Income from Operations | E20: 53.079 | F20: 38.648 | G20: 43.968 | H20: 47.142 | I20: =SUM(X20:AA20) -> 50.076 | J20: 8.002 | K20: 13.143 | L20: 15.668 | M20: =E20-SUM(J20:L20) -> 16.266 | N20: 6.167 | O20: 12.266 | P20: 2.209 | Q20: =F20-SUM(N20:P20) -> 18.006 | R20: 7.213 | S20: 7.916 | T20: 10.443 | U20: =G20-SUM(R20:T20) -> 18.396 | V20: 8.778 | W20: 10.311 | X20: 12.994 | Y20: =H20-SUM(V20:X20) -> 15.059 | Z20: 12.999 | AA20: 9.024
C21: ( + ) Interest income | E21: 1.304 | F21: 5.078 | G21: 6.747 | H21: 11.628 | I21: =SUM(X21:AA21) -> 13.547 | J21: 0.119 | K21: 0.184 | L21: 0.432 | M21: =E21-SUM(J21:L21) -> 0.569 | N21: 0.973 | O21: 0.662 | P21: 1.766 | Q21: =F21-SUM(N21:P21) -> 1.677 | R21: 1.681 | S21: 1.761 | T21: 1.634 | U21: =G21-SUM(R21:T21) -> 1.671 | V21: 1.79 | W21: 2.994 | X21: 3.386 | Y21: =H21-SUM(V21:X21) -> 3.458 | Z21: 3.383 | AA21: 3.32
C22: ( + / - ) Interest and other income (expense), net | E22: -1.667 | F22: 0.069 | G22: 7.384 | H22: -6.348 | I22: =SUM(X22:AA22) -> -9.461 | J22: -0.632 | K22: 0.301 | L22: -0.871 | M22: =E22-SUM(J22:L22) -> -0.465 | N22: -2.218 | O22: 1.884 | P22: 0.987 | Q22: =F22-SUM(N22:P22) -> -0.584 | R22: 2.326 | S22: 1.306 | T22: 2.312 | U22: =G22-SUM(R22:T22) -> 1.44 | V22: -0.09 | W22: -1.376 | X22: -2.387 | Y22: =H22-SUM(V22:X22) -> -2.495 | Z22: -2.158 | AA22: -2.421
... C24: ( - ) Provision for income taxes | E24: 5.808 | F24: 3.825 | G24: 7.959 | H24: 10.285 | I24: =SUM(X24:AA24) -> 11.192 | J24: 1.14 | K24: 3.212 | L24: 3.116 | M24: =E24-SUM(J24:L24) -> -1.66 | N24: 0.964 | O24: 3.186 | P24: -1.507 | Q24: =F24-SUM(N24:P24) -> 1.182 | R24: 1.494 | S24: 1.507 | T24: 1.752 | U24: =G24-SUM(R24:T24) -> 3.206 | V24: 0.935 | W24: 1.391 | X24: 1.802 | Y24: =H24-SUM(V24:X24) -> 6.157 | Z24: 2.192 | AA24: 1.041
B25: p | C25: Net Income | E25: 46.908 | F25: 39.97 | G25: 50.14 | H25: 42.137 | I25: =SUM(X25:AA25) -> 42.97 | J25: 6.349 | K25: 10.416 | L25: 12.113 | M25: =E25-SUM(J25:L25) -> 18.03 | N25: 3.958 | O25: 11.626 | P25: 6.469 | Q25: =F25-SUM(N25:P25) -> 17.917 | R25: 9.726 | S25: 9.476 | T25: 12.637 | U25: =G25-SUM(R25:T25) -> 18.301 | V25: 9.543 | W25: 10.538 | X25: 12.191 | Y25: =H25-SUM(V25:X25) -> 9.865 | Z25: 12.032 | AA25: 8.882
C27: Net income per share:
C28: Basic | J28: 0.08 | K28: 0.14 | L28: 0.16 | N28: 0.05 | O28: 0.16 | P28: 0.09 | R28: 0.13 | S28: 0.13 | T28: 0.17 | V28: 0.13 | W28: 0.15 | X28: 0.17 | Z28: 0.17 | AA28: 0.12
C29: Diluted | J29: 0.08 | K29: 0.13 | L29: 0.16 | N29: 0.05 | O29: 0.15 | P29: 0.09 | R29: 0.13 | S29: 0.13 | T29: 0.17 | V29: 0.13 | W29: 0.14 | X29: 0.17 | Z29: 0.17 | AA29: 0.12
C30: Weighted-average shares used in computing net income per share:
C31: Basic | J31: 76795 | K31: 75893 | L31: 75881 | N31: 74001 | O31: 74017 | P31: 74526 | R31: 74451 | S31: 74366 | T31: 73823 | V31: 73555 | W31: 72009 | X31: 71891 | Z31: 71667 | AA31: 72161
C32: Diluted | J32: 79285 | K32: 78306 | L32: 77679 | N32: 75541 | O32: 75428 | P32: 75807 | R32: 75318 | S32: 75497 | T32: 74780 | V32: 75048 | W32: 73117 | X32: 73046 | Z32: 72915 | AA32: 75651
C33: Memo: Ratio Analysis
C34: Products Revenue Growth YoY (%) | E34: =IFERROR(E11/D11-1,"n.a.") -> n.a. | F34: =IFERROR(F11/E11-1,"n.a.") -> -0.1854435 | G34: =IFERROR(G11/F11-1,"n.a.") -> -0.0090940021 | H34: =IFERROR(H11/G11-1,"n.a.") -> 0.19518738 | I34: =IFERROR(I11/H11-1,"n.a.") -> 0.10687909 | J34: n.a. | K34: n.a. | L34: n.a. | M34: n.a. | N34: =IFERROR(N11/J11-1,"n.a.") -> -0.15826697 | O34: =IFERROR(O11/K11-1,"n.a.") -> -0.057504521 | P34: =IFERROR(P11/L11-1,"n.a.") -> -0.32910607 | Q34: =IFERROR(Q11/M11-1,"n.a.") -> -0.1820804 | R34: =IFERROR(R11/N11-1,"n.a.") -> -0.035693669 | S34: =IFERROR(S11/O11-1,"n.a.") -> -0.24448708 | T34: =IFERROR(T11/P11-1,"n.a.") -> 0.21817581 | U34: =IFERROR(U11/Q11-1,"n.a.") -> 0.068680641 | ... AA34: =IFERROR(AA11/W11-1,"n.a.") -> 0.25147423
C35: Services Revenue Growth YoY (%) | E35: =IFERROR(E12/D12-1,"n.a.") -> n.a. | F35: =IFERROR(F12/E12-1,"n.a.") -> 0.03249111 | G35: =IFERROR(G12/F12-1,"n.a.") -> 0.10196351 | H35: =IFERROR(H12/G12-1,"n.a.") -> 0.012912541 | I35: =IFERROR(I12/H12-1,"n.a.") -> 0.01424626 | J35: n.a. | K35: n.a. | L35: n.a. | M35: n.a. | N35: =IFERROR(N12/J12-1,"n.a.") -> 0.034416826 | O35: =IFERROR(O12/K12-1,"n.a.") -> 0.0086421617 | P35: =IFERROR(P12/L12-1,"n.a.") -> 0.020775366 | Q35: =IFERROR(Q12/M12-1,"n.a.") -> 0.06451153 | R35: =IFERROR(R12/N12-1,"n.a.") -> 0.15455128 | S35: =IFERROR(S12/O12-1,"n.a.") -> 0.14352527 | T35: =IFERROR(T12/P12-1,"n.a.") -> 0.085189896 | U35: =IFERROR(U12/Q12-1,"n.a.") -> 0.033548733 | ... AA35: =IFERROR(AA12/W12-1,"n.a.") -> 0.029890765
C36: Total Net Revenue Growth YoY (%) | E36: =IFERROR(E13/D13-1,"n.a.") -> n.a. | F36: =IFERROR(F13/E13-1,"n.a.") -> -0.10215526 | G36: =IFERROR(G13/F13-1,"n.a.") -> 0.039713945 | H36: =IFERROR(H13/G13-1,"n.a.") -> 0.11028445 | I36: =IFERROR(I13/H13-1,"n.a.") -> 0.067515152 | J36: n.a. | K36: n.a. | L36: n.a. | M36: n.a. | N36: =IFERROR(N13/J13-1,"n.a.") -> -0.079477279 | O36: =IFERROR(O13/K13-1,"n.a.") -> -0.031718476 | P36: =IFERROR(P13/L13-1,"n.a.") -> -0.19822645 | Q36: =IFERROR(Q13/M13-1,"n.a.") -> -0.092961847 | R36: =IFERROR(R13/N13-1,"n.a.") -> 0.051723839 | S36: =IFERROR(S13/O13-1,"n.a.") -> -0.086922831 | T36: =IFERROR(T13/P13-1,"n.a.") -> 0.15484206 | U36: =IFERROR(U13/Q13-1,"n.a.") -> 0.053779627 | ... AA36: =IFERROR(AA13/W13-1,"n.a.") -> 0.15499474
C37: Products COGS Margin (%) | E37: =E14/E11 -> 0.23172499 | F37: =F14/F11 -> 0.22304759 | G37: =G14/G11 -> 0.22330632 | H37: =H14/H11 -> 0.19991501 | I37: =I14/I11 -> 0.19980102 | J37: =J14/J11 -> 0.2330409 | K37: =K14/K11 -> 0.22948764 | L37: =L14/L11 -> 0.22594448 | ... AA37: =AA14/AA11 -> 0.20559318
C38: Services COGS Margin (%) | E38: =E15/E12 -> 0.15584719 | F38: =F15/F12 -> 0.14910774 | G38: =G15/G12 -> 0.16572188 | H38: =H15/H12 -> 0.21575107 | I38: =I15/I12 -> 0.21566717 | J38: =J15/J12 -> 0.16412378 | K38: =K15/K12 -> 0.14970941 | L38: =L15/L12 -> 0.16969022 | ... AA38: =AA15/AA12 -> 0.21460483
C39: S&M Margin (%) | E39: =E17/E$13 -> 0.31572958 | F39: =F17/F$13 -> 0.34158125 | G39: =G17/G$13 -> 0.31830827 | H39: =H17/H$13 -> 0.29070716 | I39: =I17/I$13 -> 0.27686718 | J39: =J17/J$13 -> 0.36351162 | K39: =K17/K$13 -> 0.32031836 | L39: =L17/L$13 -> 0.29982376 | ... AA39: =AA17/AA$13 -> 0.2733444
C40: R&D Margin (%) | E40: =E18/E$13 -> 0.20831282 | F40: =F18/F$13 -> 0.21942392 | G40: =G18/G$13 -> 0.22058419 | H40: =H18/H$13 -> 0.23783285 | I40: =I18/I$13 -> 0.24863141 | J40: =J18/J$13 -> 0.20562612 | K40: =K18/K$13 -> 0.20942139 | L40: =L18/L$13 -> 0.19928114 | ... AA40: =AA18/AA$13 -> 0.26396047
C41: G&A Margin (%) | E41: =E19/E$13 -> 0.083891588 | F41: =F19/F$13 -> 0.094894716 | G41: =G19/G$13 -> 0.0966121 | H41: =H19/H$13 -> 0.10256851 | I41: =I19/I$13 -> 0.1068497 | J41: =J19/J$13 -> 0.098321419 | K41: =K19/K$13 -> 0.07851647 | L41: =L19/L$13 -> 0.078560624 | ... AA41: =AA19/AA$13 -> 0.14099604
C42: Interest Income as % Revenues | E42: =E21/E$13 -> 0.0046515278 | F42: =F21/F$13 -> 0.020174811 | G42: =G21/G$13 -> 0.025781823 | H42: =H21/H$13 -> 0.040019686 | I42: =I21/I$13 -> 0.043675485 | J42: =J21/J$13 -> 0.0018987746 | K42: =K21/K$13 -> 0.0027069572 | L42: =L21/L$13 -> 0.0059950874 | ... AA42: =AA21/AA$13 -> 0.041429053
C43: Interest and Other Income (Expense) % Revenues | E43: =E22/E$13 -> -0.0059463933 | F43: =F22/F$13 -> 0.00027413588 | G43: =G22/G$13 -> 0.028215945 | H43: =H22/H$13 -> -0.021847693 | I43: =I22/I$13 -> -0.030502234 | J43: =J22/J$13 -> -0.010084248 | K43: =K22/K$13 -> 0.0044282289 | L43: =L22/L$13 -> -0.012087317 | ... AA43: =AA22/AA$13 -> -0.030210764
B44: p | C44: Effective tax rate | E44: =E24/E23 -> 0.11017528 | F44: =F24/F23 -> 0.087338737 | G44: =G24/G23 -> 0.13699031 | H44: =H24/H23 -> 0.19619625 | I44: =I24/I23 -> 0.20663934 | J44: =J24/J23 -> 0.15222326 | K44: =K24/K23 -> 0.23569122 | L44: =L24/L23 -> 0.20460963 | ... AA44: =AA24/AA23 -> 0.10490779
E46: Source | F46: Source | G46: Source | H46: Source | J46: Source | K46: Source | L46: Source | N46: Source | O46: Source | P46: Source | R46: Source | S46: Source | T46: Source | V46: Source | W46: Source | X46: Source | Z46: Source | AA46: Source
B48: p | C48: Balance Sheet as of 2Q'26
C50: ($ in Millions) | E50: Annual | X50: Quarterly
E51: FY'22 | F51: FY'23 | G51: FY'24 | H51: FY'25 | X51: Q3'25 | Y51: Q4'25 | Z51: Q1'26 | AA51: Q2'26
C52: Cash and cash equivalents | E52: 67.971 | F52: 97.244 | G52: 95.129 | H52: 71.139 | X52: 86.555 | Y52: 71.139 | Z52: 57.895 | AA52: 54.679
C53: Marketable securities | E53: 83.018 | F53: 62.056 | G53: 100.429 | H53: 306.714 | X53: 284.304 | Y53: 306.714 | Z53: 311.867 | AA53: 302.669
C54: Accounts receivable, net of allowances of $19 and $66, respectively | E54: 72.928 | F54: 74.307 | G54: 76.687 | H54: 62.069 | X54: 61.578 | Y54: 62.069 | Z54: 69.003 | AA54: 72.242
C55: Inventory | E55: 19.693 | F55: 23.522 | G55: 22.005 | H55: 18.032 | X55: 18.963 | Y55: 18.032 | Z55: 20.172 | AA55: 31.729
C56: Prepaid expenses and other current assets | E56: 13.381 | F56: 14.695 | G56: 13.038 | H56: 18 | X56: 17.279 | Y56: 18 | Z56: 20.611 | AA56: 21.882
C57: Total current assets | E57: 256.991 | F57: 271.824 | G57: 307.288 | H57: 475.954 | X57: 468.679 | Y57: 475.954 | Z57: 479.548 | AA57: 483.201
C58: Property and equipment, net | E58: 19.743 | F58: 29.876 | G58: 39.142 | H58: 50.221 | X58: 47.029 | Y58: 50.221 | Z58: 51.972 | AA58: 49.337
C59: Goodwill | E59: 1.307 | F59: 1.307 | G59: 1.307 | H59: 15.134 | X59: 15.134 | Y59: 15.134 | Z59: 15.134 | AA59: 47.902
C60: Intangible assets, net | E60: 0 | F60: 0 | G60: 0 | H60: 6.259 | X60: 6.638 | Y60: 6.259 | Z60: 5.879 | AA60: 14.226
C61: Deferred tax assets, net | E61: 63.183 | F61: 62.725 | G61: 62.364 | H61: 62.109 | X61: 62.535 | Y61: 62.109 | Z61: 63.034 | AA61: 65.785
C62: Other non-current assets | E62: 27.881 | F62: 24.077 | G62: 22.714 | H62: 20.136 | X62: 20.118 | Y62: 20.136 | Z62: 18.853 | AA62: 17.228
C63: Total assets | E63: 369.105 | F63: 389.809 | G63: 432.815 | H63: 629.813 | X63: 620.133 | Y63: 629.813 | Z63: 634.42 | AA63: 677.679
... C82: Total stockholders' equity | E82: 181.012 | F82: 207.876 | G82: 231.829 | H82: 211.546 | X82: 206.213 | Y82: 211.546 | Z82: 220.837 | AA82: 237.966
B84: p | C84: Total liabilities and stockholders' equity | E84: 369.105 | F84: 389.809 | G84: 432.815 | H84: 629.813 | X84: 620.133 | Y84: 629.813 | Z84: 634.42 | AA84: 677.679
C86: Memo: Balance Check | E86: =E63-E84 -> 0 | F86: =F63-F84 -> 0 | G86: =G63-G84 -> 0 | H86: =H63-H84 -> 0 | X86: =X63-X84 -> 0 | Y86: =Y63-Y84 -> 0 | Z86: =Z63-Z84 -> 0 | AA86: =AA63-AA84 -> 0
C88: Memo: Ratio Analysis
C89: DSO | E89: =E54/E$13*365 -> 94.952236 | F89: =F54/F$13*365 -> 107.75548 | G89: =G54/G$13*365 -> 106.95905 | H89: =H54/H$13*365 -> 77.971568 | X89: =X54/SUM(U$13:X$13)*365 -> 79.027763 | Y89: =Y54/SUM(V$13:Y$13)*365 -> 77.971568 | Z89: =Z54/SUM(W$13:Z$13)*365 -> 84.116275 | AA89: =AA54/SUM(X$13:AA$13)*365 -> 85.011413
C90: DIO | E90: =E55/SUM(E$14:E$15)*365 -> 126.47707 | F90: =F55/SUM(F$14:F$15)*365 -> 179.00692 | G90: =G55/SUM(G$14:G$15)*365 -> 156.20345 | H90: =H55/SUM(H$14:H$15)*365 -> 109.61793 | X90: =X55/SUM(U$14:X$15)*365 -> 119.6621 | Y90: =Y55/SUM(V$14:Y$15)*365 -> 109.61793 | Z90: =Z55/SUM(W$14:Z$15)*365 -> 118.9925 | AA90: =AA55/SUM(X$14:AA$15)*365 -> 181.06762
C91: DPO | E91: =E65/SUM(E$14:E$15)*365 -> 43.190896 | F91: =F65/SUM(F$14:F$15)*365 -> 53.453984 | G91: =G65/SUM(G$14:G$15)*365 -> 89.029931 | H91: =H65/SUM(H$14:H$15)*365 -> 71.088738 | X91: =X65/SUM(U$14:X$15)*365 -> 70.795183 | Y91: =Y65/SUM(V$14:Y$15)*365 -> 71.088738 | Z91: =Z65/SUM(W$14:Z$15)*365 -> 83.044638 | AA91: =AA65/SUM(X$14:AA$15)*365 -> 143.92847
C92: CCC | E92: =SUM(E89:E90)-E91 -> 178.23841 | F92: =SUM(F89:F90)-F91 -> 233.30842 | G92: =SUM(G89:G90)-G91 -> 174.13256 | H92: =SUM(H89:H90)-H91 -> 116.50076 | X92: =SUM(X89:X90)-X91 -> 127.89468 | Y92: =SUM(Y89:Y90)-Y91 -> 116.50076 | Z92: =SUM(Z89:Z90)-Z91 -> 120.06414 | AA92: =SUM(AA89:AA90)-AA91 -> 122.15056
C93: Prepaid expenses and other current assets % LTM revenues | E93: =E56/E$13 -> 0.047731667 | F93: =F56/F$13 -> 0.058382996 | G93: =G56/G$13 -> 0.049821167 | H93: =H56/H$13 -> 0.061949979 | X93: =X56/SUM(U$13:X$13) -> 0.060754696 | Y93: =Y56/SUM(V$13:Y$13) -> 0.061949979 | Z93: =Z56/SUM(W$13:Z$13) -> 0.068836417 | AA93: =AA56/SUM(X$13:AA$13) -> 0.070547499
C94: Accrued and other liabilities % LTM revenues | E94: =E66/E$13 -> 0.13263632 | F94: =F66/F$13 -> 0.084974176 | G94: =G66/G$13 -> 0.12493886 | H94: =H66/H$13 -> 0.14156258 | X94: =X66/SUM(U$13:X$13) -> 0.12479695 | Y94: =Y66/SUM(V$13:Y$13) -> 0.14156258 | Z94: =Z66/SUM(W$13:Z$13) -> 0.10266515 | AA94: =AA66/SUM(X$13:AA$13) -> 0.11783708
C95: Deferred revenue, total % LTM revenues | E95: =SUM(E67,E70)/E$13 -> 0.45299603 | F95: =SUM(F67,F70)/F$13 -> 0.56151768 | G95: =SUM(G67,G70)/G$13 -> 0.5665314 | H95: =SUM(H67,H70)/H$13 -> 0.49149048 | X95: =SUM(X67,X70)/SUM(U$13:X$13) -> 0.50451467 | Y95: =SUM(Y67,Y70)/SUM(V$13:Y$13) -> 0.49149048 | Z95: =SUM(Z67,Z70)/SUM(W$13:Z$13) -> 0.49149021 | AA95: =SUM(AA67,AA70)/SUM(X$13:AA$13) -> 0.49915854
B96: p | C96: Deferred revenue current % total | E96: =E67/SUM(E70,E67) -> 0.58539121 | F96: =F67/SUM(F70,F67) -> 0.58483451 | G96: =G67/SUM(G70,G67) -> 0.5283659 | H96: =H67/SUM(H70,H67) -> 0.56597062 | X96: =X67/SUM(X70,X67) -> 0.57159882 | Y96: =Y67/SUM(Y70,Y67) -> 0.56597062 | Z96: =Z67/SUM(Z70,Z67) -> 0.57282451 | AA96: =AA67/SUM(AA70,AA67) -> 0.60215984
E98: Source | F98: Source | G98: Source | H98: Source | X98: Source | Z98: Source | AA98: Source
B101: p | C101: Cash Flow Statement as of 2Q'26
C103: ($ in Millions) | E103: Annual | X103: Quarterly
E104: FY'22 | F104: FY'23 | G104: FY'24 | H104: FY'25 | X104: Q3'25 | Y104: Q4'25 | Z104: Q1'26 | AA104: Q2'26
C105: CFO
C106: Net income | E106: 46.908 | F106: 39.97 | G106: 50.14 | H106: 42.137 | X106: 12.191 | Y106: 9.865 | Z106: 12.032 | AA106: 8.882
C107: Depreciation and amortization | E107: 7.381 | F107: 9.346 | G107: 11.293 | H107: 14.859 | X107: 3.799 | Y107: 3.983 | Z107: 3.969 | AA107: 4.449
C108: Stock-based compensation | E108: 13.331 | F108: 14.081 | G108: 17.048 | H108: 20.03 | X108: 4.779 | Y108: 4.824 | Z108: 4.821 | AA108: 8.966
C109: Provision for (recovery from) credit losses and sales returns | E109: -0.036 | F109: -0.699 | G109: 0.059 | H109: -0.399 | X109: 0 | Y109: -0.399 | Z109: 0 | AA109: 0
C110: Other non-cash items | E110: 0.793 | F110: 0.117 | G110: -0.424 | H110: 3.282 | X110: 1.566 | Y110: 1.031 | Z110: 0.716 | AA110: 1.392
C111: Changes in operating assets and liabilities | Z111: 0
C112: Accounts receivable | E112: -10.065 | F112: -0.679 | G112: -2.555 | H112: 14.569 | X112: -9.228 | Y112: -0.234 | Z112: -6.974 | AA112: -3.156
C113: Inventory | E113: 2.035 | F113: -6.302 | G113: -0.76 | H113: 3.659 | X113: 1.119 | Y113: 0.931 | Z113: -2.147 | AA113: -11.632
C114: Prepaid expenses and other assets | E114: 1.627 | F114: -1.862 | G114: -0.067 | H114: -8.326 | X114: -1.047 | Y114: -1.414 | Z114: -3.654 | AA114: -2.443
C115: Accounts payable | E115: 0.103 | F115: -2.999 | G115: 2.224 | H115: -1.516 | X115: 4.279 | Y115: 0.584 | Z115: 0.902 | AA115: 11.369
C116: Accrued and other liabilities | E116: -1.338 | F116: -20.801 | G116: 6.609 | H116: 4.568 | X116: 6.288 | Y116: 4.217 | Z116: -11.79 | AA116: 3.8
C117: Deferred revenue | E117: 5.361 | F117: 14.342 | G117: 6.925 | H117: -7.969 | X117: -0.943 | Y117: -0.681 | Z117: 4.356 | AA117: 7.488
C118: Net cash provided by operating activities | E118: 66.1 | F118: 44.514 | G118: 90.492 | H118: 84.894 | X118: 22.803 | Y118: 22.707 | Z118: 2.231 | AA118: 29.115
C120: CFI
C121: Proceeds from sales of marketable securities | E121: 6.252 | F121: 45.42 | G121: 25.531 | H121: 0.853 | X121: 0 | Y121: 0.853 | Z121: 0 | AA121: 0
C122: Proceeds from maturities of marketable securities | E122: 71.045 | F122: 64.504 | G122: 81.146 | H122: 136.765 | X122: 41.682 | Y122: 40.339 | Z122: 58.525 | AA122: 56.895
C123: Purchases of marketable securities | E123: -55.411 | F123: -85.42 | G123: -142.759 | H123: -342.028 | X123: -210.772 | Y123: -63.108 | Z123: -64.282 | AA123: -47.942
C124: Acquisition | E124: 0 | F124: 0 | G124: 0 | H124: -19.1 | X124: 0 | Y124: 0 | Z124: 0 | AA124: -34.681
C125: Capital expenditures | E125: -10.799 | F125: -10.896 | G125: -12.268 | H125: -20.128 | X125: -4.727 | Y125: -6.664 | Z125: -2.92 | AA125: -1.61
C126: Net cash used in investing activities | E126: 11.087 | F126: 13.608 | G126: -48.35 | H126: -243.638 | X126: -173.817 | Y126: -28.58 | Z126: -8.677 | AA126: -27.338
C128: CFF
C129: Proceeds from issuance of common stock under employee equity incentive plans | E129: 7.038 | F129: 4.943 | G129: 3.624 | H129: 3.373 | X129: 0 | Y129: 1.663 | Z129: 0 | AA129: 1.714
C130: Proceeds from the issuance of convertible notes | E130: 0 | F130: 0 | G130: 0 | H130: 225 | X130: 0 | Y130: 0 | Z130: 0 | AA130: 0
C131: Payment of debt issuance costs | E131: 0 | F131: 0 | G131: 0 | H131: -7.33 | X131: 0 | Y131: 0 | Z131: 0 | AA131: 0
C132: Repurchases of common stock | E132: -79.257 | F132: -15.975 | G132: -30.084 | H132: -68.92 | X132: -11.035 | Y132: -6.912 | Z132: -2.495 | AA132: -2.38
C133: Payments for dividends | E133: -15.922 | F133: -17.817 | G133: -17.797 | H133: -17.369 | X133: -4.32 | Y133: -4.294 | Z133: -4.303 | AA133: -4.327
C134: Net cash provided by (used in) financing activities | E134: -88.141 | F134: -28.849 | G134: -44.257 | H134: 134.754 | X134: -15.355 | Y134: -9.543 | Z134: -6.798 | AA134: -4.993
C136: Net increase (decrease) in cash and cash equivalents | E136: -10.954 | F136: 29.273 | G136: -2.115 | H136: -23.99 | X136: -166.369 | Y136: -15.416 | Z136: -13.244 | AA136: -3.216
...

Sheet Outputs--->

Sheet Debt Schedule
C3: A10 Networks, Inc.
A5: =Assumptions!$D$53 -> 225 | B5: p | C5: Debt Principal | F5: ='Cash Flow Assumptions'!N10 -> FY'25 | G5: ='Cash Flow Assumptions'!O10 -> FY'26 | H5: ='Cash Flow Assumptions'!P10 -> FY'27 | I5: ='Cash Flow Assumptions'!Q10 -> FY'28 | J5: ='Cash Flow Assumptions'!R10 -> FY'29 | K5: ='Cash Flow Assumptions'!S10 -> FY'30 | M5: Refinance Toggle | N5: First Interest Payment | O5: Maturity
C6: Beginning Balance | F6: =Assumptions!F57 -> 218.787 | G6: =F10 -> 220.10389 | H6: =G10 -> 221.46596 | I6: =H10 -> 222.87474 | J6: =I10 -> 224.33184 | K6: =IF(M6=1,J10,0) -> 225 | M6: =Assumptions!D50 -> 1 | N6: =Assumptions!F60 -> 45931 | O6: =Assumptions!D62 -> 47574
A7: =Assumptions!$D$59 -> 0.0343 | C7: ( - ) Cash Interest Paid | F7: =-$A$8*$A$5 -> -6.1875 | G7: =-$A$8*$A$5 -> -6.1875 | H7: =-$A$8*$A$5 -> -6.1875 | I7: =-$A$8*$A$5 -> -6.1875 | J7: =-$A$8*$A$5 -> -6.1875 | K7: =IF(M6=1,-$A$5*$A$8,(-$A$8*$A$5)*(YEARFRAC(N6,O6)-4)) -> -6.1875
A8: =Assumptions!$D$58 -> 0.0275 | C8: ( + ) Effective Interest Expense | F8: =IF($A$5-F6<(E8+E7),$A$5-F6-F7,F6*$A$7) -> 7.5043941 | G8: =IF($A$5-G6<(F8+F7),$A$5-G6-G7,G6*$A$7) -> 7.5495636 | H8: =IF($A$5-H6<(G8+G7),$A$5-H6-H7,H6*$A$7) -> 7.5962823 | I8: =IF($A$5-I6<(H8+H7),$A$5-I6-I7,I6*$A$7) -> 7.6446036 | J8: =IF($A$5-J6<(I8+I7),$A$5-J6-J7,J6*$A$7) -> 6.8556564 | K8: =IF($A$5-K6<(J8+J7),$A$5-K6-K7,K6*$A$7) -> 6.1875
C9: ( + ) Issuance Cost Amort. | F9: =MAX(SUM(F7:F8),0) -> 1.3168941 | G9: =MAX(SUM(G7:G8),0) -> 1.3620636 | H9: =MAX(SUM(H7:H8),0) -> 1.4087823 | I9: =MAX(SUM(I7:I8),0) -> 1.4571036 | J9: =MAX(SUM(J7:J8),0) -> 0.6681564 | K9: =MAX(SUM(K7:K8),0) -> 0
B10: p | C10: Ending Debt Balance | F10: =F6+F9 -> 220.10389 | G10: =G6+G9 -> 221.46596 | H10: =H6+H9 -> 222.87474 | I10: =I6+I9 -> 224.33184 | J10: =J6+J9 -> 225 | K10: =K6+K9 -> 225
C12: Memo: Interest Expense Reported | F12: =MIN(-F8,F7) -> -7.5043941 | G12: =MIN(-G8,G7) -> -7.5495636 | H12: =MIN(-H8,H7) -> -7.5962823 | I12: =MIN(-I8,I7) -> -7.6446036 | J12: =MIN(-J8,J7) -> -6.8556564 | K12: =MIN(-K8,K7) -> -6.1875

Sheet Cost of Equity
B2: =Assumptions!$B$2 -> A10 Networks, Inc.
B4: Cost of Equity
B6: =Assumptions!$D$31 -> ($ in Millions)
F7: Levered Equity | H7: Market | J7: Unlevered Equity
A8: p | B8: Comparable Companies | C8: Ticker | D8: NTM P/E | E8: Implied k | F8: Risk Premium | G8: Gross Debt | H8: Capitalization | I8: D/E | J8: Risk Premium | L8: Growth Rate | M8: Risk-Free Rate
B9: =B32 -> Radware | C9: =C32 -> RDWR | D9: =D32 -> 21.724409 | E9: =IFERROR(1/D9+$L$9,"NA") -> 0.081031172 | F9: =IFERROR(E9-$M$9,"NA") -> 0.033231172 | G9: =F32 -> 0 | H9: =G32 -> 1300.8932 | I9: =IFERROR(G9/H9,"NA") -> 0 | J9: =IFERROR(F9/(1+(1-E32)*I9),"NA") -> 0.033231172 | L9: =Assumptions!D89 -> 0.035 | M9: =Assumptions!D91 -> 0.0478
B10: =B33 -> F5 | C10: =C33 -> FFIV | D10: =D33 -> 21.817379 | E10: =IFERROR(1/D10+$L$9,"NA") -> 0.08083502 | F10: =IFERROR(E10-$M$9,"NA") -> 0.03303502 | G10: =F33 -> 0 | H10: =G33 -> 22421.506 | I10: =IFERROR(G10/H10,"NA") -> 0 | J10: =IFERROR(F10/(1+(1-E33)*I10),"NA") -> 0.03303502
B11: =B34 -> NetScout Systems | C11: =C34 -> NTCT | D11: =D34 -> 13.377848 | E11: =IFERROR(1/D11+$L$9,"NA") -> 0.10975044 | F11: =IFERROR(E11-$M$9,"NA") -> 0.061950438 | G11: =F34 -> 0 | H11: =G34 -> 2860.4052 | I11: =IFERROR(G11/H11,"NA") -> 0 | J11: =IFERROR(F11/(1+(1-E34)*I11),"NA") -> 0.061950438
B12: =B35 -> Akamai Technologies | C12: =C35 -> AKAM | D12: =D35 -> 15.198215 | E12: =IFERROR(1/D12+$L$9,"NA") -> 0.1007972 | F12: =IFERROR(E12-$M$9,"NA") -> 0.052997201 | G12: =F35 -> 7562.8281 | H12: =G35 -> 17870.141 | I12: =IFERROR(G12/H12,"NA") -> 0.42321032 | J12: =IFERROR(F12/(1+(1-E35)*I12),"NA") -> 0.039718028
B13: =B36 -> Extreme Networks | C13: =C36 -> EXTR | D13: =D36 -> 16.294607 | E13: =IFERROR(1/D13+$L$9,"NA") -> 0.096369998 | F13: =IFERROR(E13-$M$9,"NA") -> 0.048569998 | G13: =F36 -> 177.99499 | H13: =G36 -> 3008.5112 | I13: =IFERROR(G13/H13,"NA") -> 0.059163813 | J13: =IFERROR(F13/(1+(1-E36)*I13),"NA") -> 0.046401232
B14: =B37 -> Cisco Systems | C14: =C37 -> CSCO | D14: =D37 -> 21.030993 | E14: =IFERROR(1/D14+$L$9,"NA") -> 0.082548872 | F14: =IFERROR(E14-$M$9,"NA") -> 0.034748872 | G14: =F37 -> 29533 | H14: =G37 -> 428204.36 | I14: =IFERROR(G14/H14,"NA") -> 0.068969405 | J14: =IFERROR(F14/(1+(1-E37)*I14),"NA") -> 0.03295338
I16: Mean | J16: =IFERROR(AVERAGE(J9:J14),"NA") -> 0.041214878
I17: Median | J17: =IFERROR(MEDIAN(J9:J14),"NA") -> 0.0364746
A18: p | B18: Target Cost of Equity
B20: Target Debt-to-Equity Ratio | D20: =Assumptions!D46/Assumptions!D44 -> 0.12496644 | L20: Mean / Median
B21: Target Marginal Tax Rate | D21: =Assumptions!D90 -> 0.21 | L21: Toggle
B22: Peer Unlevered Risk Premium | D22: =IF(L22=1,J16,J17) -> 0.0364746 | L22: =Assumptions!D95 -> 0
B23: Target Levered Equity Risk Premium | D23: =D22*(1+(1-D21)*D20) -> 0.040075499
B24: ( + ) Risk-Free Rate | D24: =$M$9 -> 0.0478
B25: Target Cost of Equity | D25: =SUM(D23:D24) -> 0.087875499
A28: p | B28: Peer Support
B30: Company Name | C30: Ticker | D30: Fwd P/E | E30: Marginal Tax Rate | F30: Total Debt | G30: Total Equity
B32: =Assumptions!D99 -> Radware | C32: =Assumptions!D100 -> RDWR | D32: =Assumptions!D101 -> 21.724409 | E32: 0.1 | F32: =Assumptions!D103 -> 0 | G32: =Assumptions!D104 -> 1300.8932
B33: =Assumptions!D108 -> F5 | C33: =Assumptions!D109 -> FFIV | D33: =Assumptions!D110 -> 21.817379 | E33: =Assumptions!D111 -> 0.21 | F33: =Assumptions!D112 -> 0 | G33: =Assumptions!D113 -> 22421.506
B34: =Assumptions!D117 -> NetScout Systems | C34: =Assumptions!D118 -> NTCT | D34: =Assumptions!D119 -> 13.377848 | E34: =Assumptions!D120 -> 0.21 | F34: =Assumptions!D121 -> 0 | G34: =Assumptions!D122 -> 2860.4052
B35: =Assumptions!D126 -> Akamai Technologies | C35: =Assumptions!D127 -> AKAM | D35: =Assumptions!D128 -> 15.198215 | E35: =Assumptions!D129 -> 0.21 | F35: =Assumptions!D130 -> 7562.8281 | G35: =Assumptions!D131 -> 17870.141
B36: =Assumptions!D135 -> Extreme Networks | C36: =Assumptions!D136 -> EXTR | D36: =Assumptions!D137 -> 16.294607 | E36: =Assumptions!D138 -> 0.21 | F36: =Assumptions!D139 -> 177.99499 | G36: =Assumptions!D140 -> 3008.5112
A37: p | B37: =Assumptions!D144 -> Cisco Systems | C37: =Assumptions!D145 -> CSCO | D37: =Assumptions!D146 -> 21.030993 | E37: =Assumptions!D147 -> 0.21 | F37: =Assumptions!D148 -> 29533 | G37: =Assumptions!D149 -> 428204.36

Sheet Operating Model Output
B2: =Assumptions!$B$2 -> A10 Networks, Inc.
G4: Forecast | M4: Street Estimates | S4: Forecast vs. Street
F5: ='Cash Flow Assumptions'!N10 -> FY'25 | G5: ='Cash Flow Assumptions'!$O$10 -> FY'26 | H5: ='Cash Flow Assumptions'!$P$10 -> FY'27 | I5: ='Cash Flow Assumptions'!$Q$10 -> FY'28 | J5: ='Cash Flow Assumptions'!$R$10 -> FY'29 | K5: ='Cash Flow Assumptions'!$S$10 -> FY'30 | M5: ='Cash Flow Assumptions'!$O$10 -> FY'26 | N5: ='Cash Flow Assumptions'!$P$10 -> FY'27 | O5: ='Cash Flow Assumptions'!$Q$10 -> FY'28 | P5: ='Cash Flow Assumptions'!$R$10 -> FY'29 | Q5: ='Cash Flow Assumptions'!$S$10 -> FY'30 | S5: ='Cash Flow Assumptions'!$O$10 -> FY'26 | T5: ='Cash Flow Assumptions'!$P$10 -> FY'27 | U5: ='Cash Flow Assumptions'!$Q$10 -> FY'28 | V5: ='Cash Flow Assumptions'!$R$10 -> FY'29 | W5: ='Cash Flow Assumptions'!$S$10 -> FY'30
A6: p | B6: Products | F6: ='Cash Flow Assumptions'!N42 -> 167.086 | G6: ='Cash Flow Assumptions'!O42 -> 193.71045 | H6: ='Cash Flow Assumptions'!P42 -> 233.7422 | I6: ='Cash Flow Assumptions'!Q42 -> 298.4383 | J6: ='Cash Flow Assumptions'!R42 -> 319.2373 | K6: ='Cash Flow Assumptions'!S42 -> 342.80114 | M6: 202.22449 | N6: 233.41864 | O6: 238.08701 | P6: 254.7531 | Q6: 277.68088 | S6: =G6-M6 -> -8.5140472 | T6: =H6-N6 -> 0.32356238 | U6: =I6-O6 -> 60.351295 | V6: =J6-P6 -> 64.484203 | W6: =K6-Q6 -> 65.120258
B7: Services | F7: ='Cash Flow Assumptions'!N36 -> 123.471 | G7: ='Cash Flow Assumptions'!O36 -> 126.75071 | H7: ='Cash Flow Assumptions'!P36 -> 130.11753 | I7: ='Cash Flow Assumptions'!Q36 -> 133.57378 | J7: ='Cash Flow Assumptions'!R36 -> 137.12185 | K7: ='Cash Flow Assumptions'!S36 -> 140.76415 | M7: 125.86103 | N7: 134.69767 | O7: 133.35069 | P7: 132.01718 | Q7: 134.65753 | S7: =G7-M7 -> 0.88967576 | T7: =H7-N7 -> -4.5801365 | U7: =I7-O7 -> 0.22309472 | V7: =J7-P7 -> 5.1046632 | W7: =K7-Q7 -> 6.1066267
B8: Total Net Revenue | F8: =SUM(F6:F7) -> 290.557 | G8: =SUM(G6:G7) -> 320.46115 | H8: =SUM(H6:H7) -> 363.85973 | I8: =SUM(I6:I7) -> 432.01209 | J8: =SUM(J6:J7) -> 456.35915 | K8: =SUM(K6:K7) -> 483.56529 | M8: =SUM(M6:M7) -> 328.08552 | N8: =SUM(N6:N7) -> 368.1163 | O8: =SUM(O6:O7) -> 371.4377 | P8: =SUM(P6:P7) -> 386.77028 | Q8: =SUM(Q6:Q7) -> 412.3384 | S8: =G8-M8 -> -7.6243715 | T8: =H8-N8 -> -4.2565741 | U8: =I8-O8 -> 60.574389 | V8: =J8-P8 -> 69.588866 | W8: =K8-Q8 -> 71.226885
B9: ( - ) Products cost of revenue | F9: =-'Cash Flow Assumptions'!N45 -> -33.403 | G9: =-'Cash Flow Assumptions'!O45 -> -38.725627 | H9: =-'Cash Flow Assumptions'!P45 -> -46.728575 | I9: =-'Cash Flow Assumptions'!Q45 -> -59.662297 | J9: =-'Cash Flow Assumptions'!R45 -> -63.82033 | K9: =-'Cash Flow Assumptions'!S45 -> -68.531094 | M9: -41.725615 | N9: -49.435438 | O9: -52.379142 | P9: -50.95062 | Q9: -61.089793 | S9: =G9-M9 -> 2.9999881 | T9: =H9-N9 -> 2.7068631 | U9: =I9-O9 -> -7.2831556 | V9: =J9-P9 -> -12.86971 | W9: =K9-Q9 -> -7.4413007
B10: ( - ) Services cost of revenue | F10: =-'Cash Flow Assumptions'!N51 -> -26.639 | G10: =-'Cash Flow Assumptions'!O51 -> -27.3466 | H10: =-'Cash Flow Assumptions'!P51 -> -28.072996 | I10: =-'Cash Flow Assumptions'!Q51 -> -28.818686 | J10: =-'Cash Flow Assumptions'!R51 -> -29.584184 | K10: =-'Cash Flow Assumptions'!S51 -> -30.370016 | M10: -23.857785 | N10: -25.528839 | O10: -25.336631 | P10: -25.083265 | Q10: -25.58493 | S10: =G10-M10 -> -3.4888149 | T10: =H10-N10 -> -2.5441563 | U10: =I10-O10 -> -3.4820555 | V10: =J10-P10 -> -4.5009198 | W10: =K10-Q10 -> -4.7850862
B11: Gross Profit | F11: =SUM(F8:F10) -> 230.515 | G11: =SUM(G8:G10) -> 254.38893 | H11: =SUM(H8:H10) -> 289.05816 | I11: =SUM(I8:I10) -> 343.5311 | J11: =SUM(J8:J10) -> 362.95463 | K11: =SUM(K8:K10) -> 384.66418 | M11: =SUM(M8:M10) -> 262.50212 | N11: =SUM(N8:N10) -> 293.15202 | O11: =SUM(O8:O10) -> 293.72192 | P11: =SUM(P8:P10) -> 310.7364 | Q11: =SUM(Q8:Q10) -> 325.66368 | S11: =SUM(S8:S10) -> -8.1131983 | T11: =SUM(T8:T10) -> -4.0938673 | U11: =SUM(U8:U10) -> 49.809178 | V11: =SUM(V8:V10) -> 52.218236 | W11: =SUM(W8:W10) -> 59.000498
B12: ( - ) Sales and marketing | F12: =-'Cash Flow Assumptions'!N57 -> -84.467 | G12: =-'Cash Flow Assumptions'!O57 -> -89.620569 | H12: =-'Cash Flow Assumptions'!P57 -> -101.75747 | I12: =-'Cash Flow Assumptions'!Q57 -> -120.81704 | J12: =-'Cash Flow Assumptions'!R57 -> -127.62597 | K12: =-'Cash Flow Assumptions'!S57 -> -135.23448 | M12: -85.352911 | N12: -92.124237 | O12: -93.773801 | P12: -97.760273 | Q12: -120.90152 | S12: =G12-M12 -> -4.2676588 | T12: =H12-N12 -> -9.6332318 | U12: =I12-O12 -> -27.043242 | V12: =J12-P12 -> -29.8657 | W12: =K12-Q12 -> -14.332956
B13: ( - ) Research and development | F13: =-'Cash Flow Assumptions'!N63 -> -69.104 | G13: =-'Cash Flow Assumptions'!O63 -> -80.115288 | H13: =-'Cash Flow Assumptions'!P63 -> -81.868439 | I13: =-'Cash Flow Assumptions'!Q63 -> -86.402417 | J13: =-'Cash Flow Assumptions'!R63 -> -79.862851 | K13: =-'Cash Flow Assumptions'!S63 -> -72.534793 | M13: -70.28519 | N13: -63.611297 | O13: -72.801916 | P13: -76.021759 | Q13: -93.761217 | S13: =G13-M13 -> -9.8300981 | T13: =H13-N13 -> -18.257142 | U13: =I13-O13 -> -13.600501 | V13: =J13-P13 -> -3.8410917 | W13: =K13-Q13 -> 21.226424
B14: ( - ) General and administrative | F14: =-'Cash Flow Assumptions'!N69 -> -29.802 | G14: =-'Cash Flow Assumptions'!O69 -> -32.046115 | H14: =-'Cash Flow Assumptions'!P69 -> -35.250727 | I14: =-'Cash Flow Assumptions'!Q69 -> -38.7758 | J14: =-'Cash Flow Assumptions'!R69 -> -42.65338 | K14: =-'Cash Flow Assumptions'!S69 -> -46.918717 | M14: -27.872 | N14: -38.831872 | O14: -38.058147 | P14: -39.744731 | Q14: -42.557224 | S14: =G14-M14 -> -4.1741159 | T14: =H14-N14 -> 3.5811447 | U14: =I14-O14 -> -0.71765288 | V14: =J14-P14 -> -2.9086486 | W14: =K14-Q14 -> -4.3614931
B15: Income from Operations | F15: =SUM(F11:F14) -> 47.142 | G15: =SUM(G11:G14) -> 52.606954 | H15: =SUM(H11:H14) -> 70.181522 | I15: =SUM(I11:I14) -> 97.535842 | J15: =SUM(J11:J14) -> 112.81243 | K15: =SUM(K11:K14) -> 129.97619 | M15: =SUM(M11:M14) -> 78.992025 | N15: =SUM(N11:N14) -> 98.584618 | O15: =SUM(O11:O14) -> 89.08806 | P15: =SUM(P11:P14) -> 97.209634 | Q15: =SUM(Q11:Q14) -> 68.443718 | S15: =SUM(S11:S14) -> -26.385071 | T15: =SUM(T11:T14) -> -28.403096 | U15: =SUM(U11:U14) -> 8.4477821 | V15: =SUM(V11:V14) -> 15.602796 | W15: =SUM(W11:W14) -> 61.532473
B16: ( + ) Interest income | F16: ='Cash Flow Assumptions'!N78 -> 11.628 | G16: ='Cash Flow Assumptions'!O78 -> 12.093349 | H16: ='Cash Flow Assumptions'!P78 -> 12.577321 | I16: ='Cash Flow Assumptions'!Q78 -> 13.080661 | J16: ='Cash Flow Assumptions'!R78 -> 13.604145 | K16: ='Cash Flow Assumptions'!S78 -> 14.148579 | M16: 3.6330332 | N16: 2.1519445 | O16: 2.4470286 | P16: 2.769844 | Q16: 3.1351663 | S16: =G16-M16 -> 8.4603157 | T16: =H16-N16 -> 10.425376 | U16: =I16-O16 -> 10.633633 | V16: =J16-P16 -> 10.834301 | W16: =K16-Q16 -> 11.013413
B17: ( + / - ) Interest and other income (expense), net | F17: ='Debt Schedule'!F12 -> -7.5043941 | G17: ='Debt Schedule'!G12 -> -7.5495636 | H17: ='Debt Schedule'!H12 -> -7.5962823 | I17: ='Debt Schedule'!I12 -> -7.6446036 | J17: ='Debt Schedule'!J12 -> -6.8556564 | K17: ='Debt Schedule'!K12 -> -6.1875 | M17: -6.693 | N17: -0.02 | O17: -0.02 | P17: -0.02 | Q17: -0.02 | S17: =G17-M17 -> -0.85656357 | T17: =H17-N17 -> -7.5762823 | U17: =I17-O17 -> -7.6246036 | V17: =J17-P17 -> -6.8356564 | W17: =K17-Q17 -> -6.1675
B18: Income before income taxes | F18: =SUM(F15:F17) -> 51.265606 | G18: =SUM(G15:G17) -> 57.150739 | H18: =SUM(H15:H17) -> 75.162561 | I18: =SUM(I15:I17) -> 102.9719 | J18: =SUM(J15:J17) -> 119.56092 | K18: =SUM(K15:K17) -> 137.93727 | M18: =SUM(M15:M16) -> 82.625058 | N18: =SUM(N15:N16) -> 100.73656 | O18: =SUM(O15:O16) -> 91.535089 | P18: =SUM(P15:P16) -> 99.979478 | Q18: =SUM(Q15:Q16) -> 71.578885 | T18: =SUM(T15:T17) -> -25.554002 | U18: =SUM(U15:U17) -> 11.456811 | V18: =SUM(V15:V17) -> 19.601441 | W18: =SUM(W15:W17) -> 66.378385
B19: ( - ) Provision for income taxes | F19: =-F18*Assumptions!$D$90 -> -10.765777 | G19: =-G18*Assumptions!$D$90 -> -12.001655 | H19: =-H18*Assumptions!$D$90 -> -15.784138 | I19: =-I18*Assumptions!$D$90 -> -21.624099 | J19: =-J18*Assumptions!$D$90 -> -25.107793 | K19: =-K18*Assumptions!$D$90 -> -28.966827 | M19: -7.8329996 | N19: -15.302484 | O19: -8.8315089 | P19: -9.6759478 | Q19: -6.8358885 | S19: =G19-M19 -> -4.1686556 | T19: =H19-N19 -> -0.48165335 | U19: =I19-O19 -> -12.79259 | V19: =J19-P19 -> -15.431845 | W19: =K19-Q19 -> -22.130938
B20: Net Income | F20: =SUM(F18:F19) -> 40.499829 | G20: =SUM(G18:G19) -> 45.149084 | H20: =SUM(H18:H19) -> 59.378423 | I20: =SUM(I18:I19) -> 81.347801 | J20: =SUM(J18:J19) -> 94.453126 | K20: =SUM(K18:K19) -> 108.97044 | M20: =SUM(M18:M19) -> 74.792058 | N20: =SUM(N18:N19) -> 85.434078 | O20: =SUM(O18:O19) -> 82.70358 | P20: =SUM(P18:P19) -> 90.30353 | Q20: =SUM(Q18:Q19) -> 64.742996 | S20: =SUM(S18:S19) -> -4.1686556 | T20: =SUM(T18:T19) -> -26.035655 | U20: =SUM(U18:U19) -> -1.3357788 | V20: =SUM(V18:V19) -> 4.1695957 | W20: =SUM(W18:W19) -> 44.247447
B21: ( + ) Depreciation | F21: ='Cash Flow Assumptions'!N84 -> 14.859 | G21: ='Cash Flow Assumptions'!O84 -> 16.38829 | H21: ='Cash Flow Assumptions'!P84 -> 18.60768 | I21: ='Cash Flow Assumptions'!Q84 -> 22.092972 | J21: ='Cash Flow Assumptions'!R84 -> 23.338073 | K21: ='Cash Flow Assumptions'!S84 -> 24.729387 | M21: 16.586 | N21: 6.6 | O21: 6.8 | P21: 6.8 | Q21: 6.8 | S21: =G21-M21 -> -0.19771034 | T21: =H21-N21 -> 12.00768 | U21: =I21-O21 -> 15.292972 | V21: =J21-P21 -> 16.538073 | W21: =K21-Q21 -> 17.929387
B22: ( + ) Amortization | F22: ='Cash Flow Assumptions'!N75 -> 1.341 | G22: ='Cash Flow Assumptions'!O75 -> 2.473 | H22: ='Cash Flow Assumptions'!P75 -> 3.279 | I22: ='Cash Flow Assumptions'!Q75 -> 3.279 | J22: ='Cash Flow Assumptions'!R75 -> 3.197 | K22: ='Cash Flow Assumptions'!S75 -> 2.025 | M22: 2.473 | N22: 3.279 | O22: 3.279 | P22: 3.197 | Q22: 2.025 | S22: =G22-M22 -> 0 | T22: =H22-N22 -> 0 | U22: =I22-O22 -> 0 | V22: =J22-P22 -> 0 | W22: =K22-Q22 -> 0
B23: ( - ) Capital Expenditures | F23: =-'Cash Flow Assumptions'!N90 -> -20.128 | G23: =-'Cash Flow Assumptions'!O90 -> -20.59727 | H23: =-'Cash Flow Assumptions'!P90 -> -21.567364 | I23: =-'Cash Flow Assumptions'!Q90 -> -23.446956 | J23: =-'Cash Flow Assumptions'!R90 -> -22.486569 | K23: =-'Cash Flow Assumptions'!S90 -> -21.409294 | M23: -6.53 | N23: -4 | O23: -4 | P23: -4 | Q23: -4 | S23: =G23-M23 -> -14.06727 | T23: =H23-N23 -> -17.567364 | U23: =I23-O23 -> -19.446956 | V23: =J23-P23 -> -18.486569 | W23: =K23-Q23 -> -17.409294
B24: ( + / - ) Δ Net Working Capital | F24: =-'Cash Flow Assumptions'!N96 -> 23.706 | G24: =-'Cash Flow Assumptions'!O96 -> 1.9929944 | H24: =-'Cash Flow Assumptions'!P96 -> 4.4229038 | I24: =-'Cash Flow Assumptions'!Q96 -> 8.5270262 | J24: =-'Cash Flow Assumptions'!R96 -> 3.9800101 | K24: =-'Cash Flow Assumptions'!S96 -> 4.8902447 | M24: 9.1281268 | N24: 3.286564 | O24: 0.27268971 | P24: 1.2588194 | Q24: 2.0991666 | S24: =G24-M24 -> -7.1351324 | T24: =H24-N24 -> 1.1363399 | U24: =I24-O24 -> 8.2543365 | V24: =J24-P24 -> 2.7211907 | W24: =K24-Q24 -> 2.7910781
B25: ( + ) Net New Debt | F25: 0 | G25: 0 | H25: 0 | I25: 0 | J25: 0 | K25: 0 | M25: 0 | N25: 0 | O25: 0 | P25: 0 | Q25: 0 | S25: =G25-M25 -> 0 | T25: =H25-N25 -> 0 | U25: =I25-O25 -> 0 | V25: =J25-P25 -> 0 | W25: =K25-Q25 -> 0
A26: p | B26: FCFE | F26: =SUM(F20:F25) -> 60.277829 | G26: =SUM(G20:G25) -> 45.406098 | H26: =SUM(H20:H25) -> 64.120642 | I26: =SUM(I20:I25) -> 91.799843 | J26: =SUM(J20:J25) -> 102.48164 | K26: =SUM(K20:K25) -> 119.20578 | M26: =SUM(M20:M25) -> 96.449185 | N26: =SUM(N20:N25) -> 94.599642 | O26: =SUM(O20:O25) -> 89.05527 | P26: =SUM(P20:P25) -> 97.559349 | Q26: =SUM(Q20:Q25) -> 71.667163 | S26: =G26-M26 -> -51.043087 | T26: =H26-N26 -> -30.479 | U26: =I26-O26 -> 2.7445733 | V26: =J26-P26 -> 4.9222907 | W26: =K26-Q26 -> 47.538619
B28: Memo: FCFE excl. debt issuance | F28: =SUM(F20:F24) -> 60.277829 | G28: =SUM(G20:G24) -> 45.406098 | H28: =SUM(H20:H24) -> 64.120642 | I28: =SUM(I20:I24) -> 91.799843 | J28: =SUM(J20:J24) -> 102.48164 | K28: =SUM(K20:K24) -> 119.20578 | M28: =SUM(M20:M24) -> 96.449185 | N28: =SUM(N20:N24) -> 94.599642 | O28: =SUM(O20:O24) -> 89.05527 | P28: =SUM(P20:P24) -> 97.559349 | Q28: =SUM(Q20:Q24) -> 71.667163

Sheet OUT-DCF
C1: A10 Networks, Inc.
B3: p | C3: Projected Financials
C5: ($ in Millions) | G5: Actual | H5: Projected | M5: Terminal | N5: ="'"&RIGHT(H6,2)&" - '"&RIGHT(L6,2) -> '26 - '30
G6: ='Cash Flow Assumptions'!N$10 -> FY'25 | H6: ='Cash Flow Assumptions'!O$10 -> FY'26 | I6: ='Cash Flow Assumptions'!P$10 -> FY'27 | J6: ='Cash Flow Assumptions'!Q$10 -> FY'28 | K6: ='Cash Flow Assumptions'!R$10 -> FY'29 | L6: ='Cash Flow Assumptions'!S$10 -> FY'30 | M6: Year | N6: CAGR | P6: Forecast Years (Round-Up)
C7: Product Revenue | G7: ='Operating Model Output'!F6 -> 167.086 | H7: ='Operating Model Output'!G6 -> 193.71045 | I7: ='Operating Model Output'!H6 -> 233.7422 | J7: ='Operating Model Output'!I6 -> 298.4383 | K7: ='Operating Model Output'!J6 -> 319.2373 | L7: ='Operating Model Output'!K6 -> 342.80114 | M7: =L7 -> 342.80114 | N7: =($L7/$H7)^(1/($P$7-1))-1 -> 0.1533797 | P7: =Assumptions!D34 -> 5
C8: YoY Growth (%) | G8: =IFERROR(G7/F7-1,"n.a") -> n.a | H8: =IFERROR(H7/G7-1,"n.a") -> 0.15934577 | I8: =IFERROR(I7/H7-1,"n.a") -> 0.20665767 | J8: =IFERROR(J7/I7-1,"n.a") -> 0.27678402 | K8: =IFERROR(K7/J7-1,"n.a") -> 0.069692792 | L8: =IFERROR(L7/K7-1,"n.a") -> 0.07381291
C10: Services Revenue | G10: ='Operating Model Output'!F7 -> 123.471 | H10: ='Operating Model Output'!G7 -> 126.75071 | I10: ='Operating Model Output'!H7 -> 130.11753 | J10: ='Operating Model Output'!I7 -> 133.57378 | K10: ='Operating Model Output'!J7 -> 137.12185 | L10: ='Operating Model Output'!K7 -> 140.76415 | M10: =L10 -> 140.76415 | N10: =($L10/$H10)^(1/($P$7-1))-1 -> 0.026562559
C11: YoY Growth (%) | G11: =IFERROR(G10/F10-1,"n.a") -> n.a | H11: =IFERROR(H10/G10-1,"n.a") -> 0.026562559 | I11: =IFERROR(I10/H10-1,"n.a") -> 0.026562559 | J11: =IFERROR(J10/I10-1,"n.a") -> 0.026562559 | K11: =IFERROR(K10/J10-1,"n.a") -> 0.026562559 | L11: =IFERROR(L10/K10-1,"n.a") -> 0.026562559
C13: Total Revenue | G13: ='Operating Model Output'!F8 -> 290.557 | H13: ='Operating Model Output'!G8 -> 320.46115 | I13: ='Operating Model Output'!H8 -> 363.85973 | J13: ='Operating Model Output'!I8 -> 432.01209 | K13: ='Operating Model Output'!J8 -> 456.35915 | L13: ='Operating Model Output'!K8 -> 483.56529 | M13: =L13 -> 483.56529 | N13: =($L13/$H13)^(1/($P$7-1))-1 -> 0.10833215
C14: YoY Growth (%) | G14: =IFERROR(G13/F13-1,"n.a") -> n.a | H14: =IFERROR(H13/G13-1,"n.a") -> 0.10292009 | I14: =IFERROR(I13/H13-1,"n.a") -> 0.13542538 | J14: =IFERROR(J13/I13-1,"n.a") -> 0.18730394 | K14: =IFERROR(K13/J13-1,"n.a") -> 0.056357359 | L14: =IFERROR(L13/K13-1,"n.a") -> 0.059615638
C16: ( - ) Total Expenses | G16: =SUM('Operating Model Output'!F12:F14) -> -183.373 | H16: =SUM('Operating Model Output'!G12:G14) -> -201.78197 | I16: =SUM('Operating Model Output'!H12:H14) -> -218.87663 | J16: =SUM('Operating Model Output'!I12:I14) -> -245.99526 | K16: =SUM('Operating Model Output'!J12:J14) -> -250.1422 | L16: =SUM('Operating Model Output'!K12:K14) -> -254.68799
C17: YoY Growth (%) | G17: =IFERROR(G16/F16-1,"n.a") -> n.a | H17: =IFERROR(H16/G16-1,"n.a") -> 0.10039086 | I17: =IFERROR(I16/H16-1,"n.a") -> 0.084718477 | J17: =IFERROR(J16/I16-1,"n.a") -> 0.12389914 | K17: =IFERROR(K16/J16-1,"n.a") -> 0.016857816 | L17: =IFERROR(L16/K16-1,"n.a") -> 0.0181728
C19: Net Income | G19: ='Operating Model Output'!F20 -> 40.499829 | H19: ='Operating Model Output'!G20 -> 45.149084 | I19: ='Operating Model Output'!H20 -> 59.378423 | J19: ='Operating Model Output'!I20 -> 81.347801 | K19: ='Operating Model Output'!J20 -> 94.453126 | L19: ='Operating Model Output'!K20 -> 108.97044 | M19: =L19 -> 108.97044 | N19: =($L19/$H19)^(1/($P$7-1))-1 -> 0.24642154
C20: Net Income Margin (%) | G20: =IFERROR(G19/G13,"n.a") -> 0.13938686 | H20: =IFERROR(H19/H13,"n.a") -> 0.14088785 | I20: =IFERROR(I19/I13,"n.a") -> 0.16319042 | J20: =IFERROR(J19/J13,"n.a") -> 0.18829983 | K20: =IFERROR(K19/K13,"n.a") -> 0.20697104 | L20: =IFERROR(L19/L13,"n.a") -> 0.22534794
C22: ( + ) Depreciation | G22: ='Operating Model Output'!F21 -> 14.859 | H22: ='Operating Model Output'!G21 -> 16.38829 | I22: ='Operating Model Output'!H21 -> 18.60768 | J22: ='Operating Model Output'!I21 -> 22.092972 | K22: ='Operating Model Output'!J21 -> 23.338073 | L22: ='Operating Model Output'!K21 -> 24.729387
C23: ( + ) Amortization | G23: ='Operating Model Output'!F22 -> 1.341 | H23: ='Operating Model Output'!G22 -> 2.473 | I23: ='Operating Model Output'!H22 -> 3.279 | J23: ='Operating Model Output'!I22 -> 3.279 | K23: ='Operating Model Output'!J22 -> 3.197 | L23: ='Operating Model Output'!K22 -> 2.025
C24: ( - ) Capital Expenditures | G24: ='Operating Model Output'!F23 -> -20.128 | H24: ='Operating Model Output'!G23 -> -20.59727 | I24: ='Operating Model Output'!H23 -> -21.567364 | J24: ='Operating Model Output'!I23 -> -23.446956 | K24: ='Operating Model Output'!J23 -> -22.486569 | L24: ='Operating Model Output'!K23 -> -21.409294
C25: ( + / - ) Δ Net Working Capital | G25: ='Operating Model Output'!F24 -> 23.706 | H25: ='Operating Model Output'!G24 -> 1.9929944 | I25: ='Operating Model Output'!H24 -> 4.4229038 | J25: ='Operating Model Output'!I24 -> 8.5270262 | K25: ='Operating Model Output'!J24 -> 3.9800101 | L25: ='Operating Model Output'!K24 -> 4.8902447
C26: ( + ) Net New Debt | G26: ='Operating Model Output'!F25 -> 0 | H26: ='Operating Model Output'!G25 -> 0 | I26: ='Operating Model Output'!H25 -> 0 | J26: ='Operating Model Output'!I25 -> 0 | K26: ='Operating Model Output'!J25 -> 0 | L26: ='Operating Model Output'!K25 -> 0
C27: FCFE | G27: ='Operating Model Output'!F26 -> 60.277829 | H27: ='Operating Model Output'!G26 -> 45.406098 | I27: ='Operating Model Output'!H26 -> 64.120642 | J27: ='Operating Model Output'!I26 -> 91.799843 | K27: ='Operating Model Output'!J26 -> 102.48164 | L27: ='Operating Model Output'!K26 -> 119.20578 | M27: =L27 -> 119.20578 | N27: =($L27/$H27)^(1/($P$7-1))-1 -> 0.27290439
C28: YoY Growth (%) | G28: =IFERROR(G27/F27,"n.a") -> n.a | H28: =IFERROR(H27/G27-1,"n.a") -> -0.24671975 | I28: =IFERROR(I27/H27-1,"n.a") -> 0.41215928 | J28: =IFERROR(J27/I27-1,"n.a") -> 0.43167378 | K28: =IFERROR(K27/J27-1,"n.a") -> 0.11635965 | L28: =IFERROR(L27/K27-1,"n.a") -> 0.16319159
C30: Memo: FCFE excl. debt issuance | G30: ='Operating Model Output'!F28 -> 60.277829 | H30: ='Operating Model Output'!G28 -> 45.406098 | I30: ='Operating Model Output'!H28 -> 64.120642 | J30: ='Operating Model Output'!I28 -> 91.799843 | K30: ='Operating Model Output'!J28 -> 102.48164 | L30: ='Operating Model Output'!K28 -> 119.20578 | M30: =L30 -> 119.20578 | N30: =($L30/$H30)^(1/($P$7-1))-1 -> 0.27290439
B32: p | C32: Discounted Cash Flow
H34: =Q36 -> 0.30684932 | I34: =H34+$R$36 -> 1.3068493 | J34: =I34+$R$36 -> 2.3068493 | K34: =J34+$R$36 -> 3.3068493 | L34: =K34+$R$36 -> 4.3068493
G35: NPV | H35: ='Cash Flow Assumptions'!O$10 -> FY'26 | I35: ='Cash Flow Assumptions'!P$10 -> FY'27 | J35: ='Cash Flow Assumptions'!Q$10 -> FY'28 | K35: ='Cash Flow Assumptions'!R$10 -> FY'29 | L35: ='Cash Flow Assumptions'!S$10 -> FY'30 | P35: Mid-year convention | Q35: Stub Period | R35: Discount Period Increment
C36: Discount Period | H36: =IF(P36=1,H34/2,H34) -> 0.15342466 | I36: =IF($P$36=1,$R$36/2+H34,I34) -> 0.80684932 | J36: =IF($P$36=1,$R$36/2+I34,J34) -> 1.8068493 | K36: =IF($P$36=1,$R$36/2+J34,K34) -> 2.8068493 | L36: =IF($P$36=1,$R$36/2+K34,L34) -> 3.8068493 | P36: =Assumptions!D153 -> 1 | Q36: =Assumptions!D29 -> 0.30684932 | R36: =Assumptions!D30 -> 1
C37: Discount Rate | H37: =$S$43 -> 0.087875499 | I37: =$S$43 -> 0.087875499 | J37: =$S$43 -> 0.087875499 | K37: =$S$43 -> 0.087875499 | L37: =$S$43 -> 0.087875499
C38: Discount Factor | H38: =(1+H37)^H36 -> 1.0130063 | I38: =(1+I37)^I36 -> 1.0703206 | J38: =(1+J37)^J36 -> 1.1643756 | K38: =(1+K37)^K36 -> 1.2666957 | L38: =(1+L37)^L36 -> 1.3780072
C39: PV of FCFE | G39: =SUM(H39:L39) -> 350.98203 | H39: =H27/H38 -> 44.823115 | I39: =I27/I38 -> 59.907882 | J39: =J27/J38 -> 78.840404 | K39: =K27/K38 -> 80.904704 | L39: =L27/L38 -> 86.505921
Q41: Step | R41: Step
B42: p | C42: Perpetuity Growth Method | I42: Sensitivity Analysis | P42: Growth Rate | Q42: k | R42: PGR | S42: k | U42: Scenario Comparison
C43: Terminal Year Free Cash Flow | G43: =M27 -> 119.20578 | I43: k | J43: Microsoft Customer Growth (%) | P43: =Assumptions!D89 -> 0.035 | Q43: =Assumptions!D155 -> 0.005 | R43: =Assumptions!D156 -> 0.002 | S43: ='Cost of Equity'!D25 -> 0.087875499 | V43: =Assumptions!F21 -> Base | W43: =Assumptions!G21 -> Conservative | X43: =Assumptions!H21 -> Bullish
C44: Perpetuity Growth Rate | G44: =P43 -> 0.035 | I44: =G54 -> 27.692467 | J44: =K44-P47 -> 0.01 | K44: =L44-P47 -> 0.03 | L44: =P46 -> 0.05 | M44: =$P$46+P47 -> 0.07 | N44: =M44+$P$47 -> 0.09 | U44: PGR | V44: =IF($V$43=Assumptions!$D$21,'OUT-DCF'!$P$43,V44) -> 0.035 | W44: =IF($W$43=Assumptions!$D$21,'OUT-DCF'!$P$43,W44) -> 0.03 | X44: =IF($X$43=Assumptions!$D$21,'OUT-DCF'!$P$43,X44) -> 0.04
I45: =I46+$Q$43 -> 0.097875499 | J45: 26.3859 | K45: 28.148543 | L45: 28.148543 | M45: 26.3859 | N45: 23.291712 | P45: Microsfot Growth | U45: Terminal Year Net Income | V45: =IF($V$43=Assumptions!$D$21,$M$19,V45) -> 108.97044 | W45: =IF($W$43=Assumptions!$D$21,$M$19,W45) -> 106.75848 | X45: =IF($X$43=Assumptions!$D$21,$M$19,X45) -> 120.75812
C46: Terminal Value | G46: =(G43*(1+G44))/(G48-G44) -> 2333.3677 | I46: =I47+Q43 -> 0.092875499 | J46: 24.431933 | K46: 26.056668 | L46: 26.056668 | M46: 24.431933 | N46: 21.578537 | P46: 0.05 | U46: Terminal Year FCFE | V46: =IF($V$43=Assumptions!$D$21,$M$27,V46) -> 119.20578 | W46: =IF($W$43=Assumptions!$D$21,$M$27,W46) -> 96.561407 | X46: =IF($X$43=Assumptions!$D$21,$M$27,X46) -> 164.73145
C47: Discount Period | G47: =L36 -> 3.8068493 | I47: =G48 -> 0.087875499 | J47: 24.431933 | K47: 26.056668 | L47: 26.056668 | M47: 24.431933 | N47: 21.578537 | P47: 0.02 | U47: Implied Share Price | V47: =IF($V$43=Assumptions!$D$21,$G$54,V47) -> 27.692467 | W47: =IF($W$43=Assumptions!$D$21,$G$54,W47) -> 23.171579 | X47: =IF($X$43=Assumptions!$D$21,$G$54,X47) -> 37.625844
C48: Discount Rate | G48: =S43 -> 0.087875499 | I48: =I47-Q43 -> 0.082875499 | J48: 26.3859 | K48: 28.148543 | L48: 28.148543 | M48: 26.3859 | N48: 23.291712
C49: Discount Factor | G49: =(1+G48)^G47 -> 1.3780072 | I49: =I48-Q43 -> 0.077875499 | J49: 31.405714 | K49: 33.522942 | L49: 33.522942 | M49: 31.405714 | N49: 27.692467
C50: Present Value of Terminal Value | G50: =G46/G49 -> 1693.2914
C51: Present Value of Cash Flows | G51: =G39 -> 350.98203
C52: Equity Value | G52: =SUM(G50:G51) -> 2044.2734
C53: ( / ) Diluted Shares Outs. | G53: =Assumptions!D43 -> 73.820559
C54: Implied Share Price | G54: =G52/G53 -> 27.692467

Sheet DCF Sensitivity
B2: =Assumptions!$B$2&" – DCF Sensitivity: Cost of Equity vs. Perpetuity Growth"
B3: Re-prices the FCFE DCF on OUT-DCF using the same cash flows, discount periods and terminal-year FCFE. Only k and g change. Green = linked, black = calculated.
B5: Base Case (linked to OUT-DCF)
C6: Cost of equity (k) | G6: ='OUT-DCF'!G48
C7: Perpetuity growth rate (g) | G7: ='OUT-DCF'!G44
C8: Grid step – k (Assumptions: Sensitivity Step k) | G8: ='OUT-DCF'!Q43
C9: Grid step – g (Assumptions: Sensitivity Step PGR) | G9: ='OUT-DCF'!R43
C10: Fully diluted shares (mm) | G10: ='OUT-DCF'!G53
C11: Current share price | G11: =Assumptions!D10
C12: Implied share price – OUT-DCF | G12: ='OUT-DCF'!G54
C13: Upside / (downside) to current price | G13: =G12/G11-1
C14: Check: grid center less OUT-DCF price (should be 0.00) | G14: =ROUND(H23-G12,6)
B16: Implied Share Price ($) – Cost of Equity (rows) vs. Perpetuity Growth (columns)
D18: k \ g | E18: =$G$7-3*$G$9 | F18: =$G$7-2*$G$9 | G18: =$G$7-1*$G$9 | H18: =$G$7+0*$G$9 | I18: =$G$7+1*$G$9 | J18: =$G$7+2*$G$9 | K18: =$G$7+3*$G$9
D20: =$G$6-3*$G$8 | E20: =IF($D20<=E$18,"n.m.",(SUMPRODUCT('OUT-DCF'!$H$27:$L$27/(1+$D20)^'OUT-DCF'!$H$36:$L$36)+'OUT-DCF'!$G$43*(1+E$18)/($D20-E$18)/(1+$D20)^'OUT-DCF'!$G$47)/$G$10) | F20: =IF($D20<=F$18,"n.m.",(SUMPRODUCT('OUT-DCF'!$H$27:$L$27/(1+$D20)^'OUT-DCF'!$H$36:$L$36)+'OUT-DCF'!$G$43*(1+F$18)/($D20-F$18)/(1+$D20)^'OUT-DCF'!$G$47)/$G$10) | G20: =IF($D20<=G$18,"n.m.",(SUMPRODUCT('OUT-DCF'!$H$27:$L$27/(1+$D20)^'OUT-DCF'!$H$36:$L$36)+'OUT-DCF'!$G$43*(1+G$18)/($D20-G$18)/(1+$D20)^'OUT-DCF'!$G$47)/$G$10) | H20: =IF($D20<=H$18,"n.m.",(SUMPRODUCT('OUT-DCF'!$H$27:$L$27/(1+$D20)^'OUT-DCF'!$H$36:$L$36)+'OUT-DCF'!$G$43*(1+H$18)/($D20-H$18)/(1+$D20)^'OUT-DCF'!$G$47)/$G$10) | I20: =IF($D20<=I$18,"n.m.",(SUMPRODUCT('OUT-DCF'!$H$27:$L$27/(1+$D20)^'OUT-DCF'!$H$36:$L$36)+'OUT-DCF'!$G$43*(1+I$18)/($D20-I$18)/(1+$D20)^'OUT-DCF'!$G$47)/$G$10) | J20: =IF($D20<=J$18,"n.m.",(SUMPRODUCT('OUT-DCF'!$H$27:$L$27/(1+$D20)^'OUT-DCF'!$H$36:$L$36)+'OUT-DCF'!$G$43*(1+J$18)/($D20-J$18)/(1+$D20)^'OUT-DCF'!$G$47)/$G$10) | K20: =IF($D20<=K$18,"n.m.",(SUMPRODUCT('OUT-DCF'!$H$27:$L$27/(1+$D20)^'OUT-DCF'!$H$36:$L$36)+'OUT-DCF'!$G$43*(1+K$18)/($D20-K$18)/(1+$D20)^'OUT-DCF'!$G$47)/$G$10)
D21: =$G$6-2*$G$8 | E21: =IF($D21<=E$18,"n.m.",(SUMPRODUCT('OUT-DCF'!$H$27:$L$27/(1+$D21)^'OUT-DCF'!$H$36:$L$36)+'OUT-DCF'!$G$43*(1+E$18)/($D21-E$18)/(1+$D21)^'OUT-DCF'!$G$47)/$G$10) | F21: =IF($D21<=F$18,"n.m.",(SUMPRODUCT('OUT-DCF'!$H$27:$L$27/(1+$D21)^'OUT-DCF'!$H$36:$L$36)+'OUT-DCF'!$G$43*(1+F$18)/($D21-F$18)/(1+$D21)^'OUT-DCF'!$G$47)/$G$10) | G21: =IF($D21<=G$18,"n.m.",(SUMPRODUCT('OUT-DCF'!$H$27:$L$27/(1+$D21)^'OUT-DCF'!$H$36:$L$36)+'OUT-DCF'!$G$43*(1+G$18)/($D21-G$18)/(1+$D21)^'OUT-DCF'!$G$47)/$G$10) | H21: =IF($D21<=H$18,"n.m.",(SUMPRODUCT('OUT-DCF'!$H$27:$L$27/(1+$D21)^'OUT-DCF'!$H$36:$L$36)+'OUT-DCF'!$G$43*(1+H$18)/($D21-H$18)/(1+$D21)^'OUT-DCF'!$G$47)/$G$10) | I21: =IF($D21<=I$18,"n.m.",(SUMPRODUCT('OUT-DCF'!$H$27:$L$27/(1+$D21)^'OUT-DCF'!$H$36:$L$36)+'OUT-DCF'!$G$43*(1+I$18)/($D21-I$18)/(1+$D21)^'OUT-DCF'!$G$47)/$G$10) | J21: =IF($D21<=J$18,"n.m.",(SUMPRODUCT('OUT-DCF'!$H$27:$L$27/(1+$D21)^'OUT-DCF'!$H$36:$L$36)+'OUT-DCF'!$G$43*(1+J$18)/($D21-J$18)/(1+$D21)^'OUT-DCF'!$G$47)/$G$10) | K21: =IF($D21<=K$18,"n.m.",(SUMPRODUCT('OUT-DCF'!$H$27:$L$27/(1+$D21)^'OUT-DCF'!$H$36:$L$36)+'OUT-DCF'!$G$43*(1+K$18)/($D21-K$18)/(1+$D21)^'OUT-DCF'!$G$47)/$G$10)
D22: =$G$6-1*$G$8 | E22: =IF($D22<=E$18,"n.m.",(SUMPRODUCT('OUT-DCF'!$H$27:$L$27/(1+$D22)^'OUT-DCF'!$H$36:$L$36)+'OUT-DCF'!$G$43*(1+E$18)/($D22-E$18)/(1+$D22)^'OUT-DCF'!$G$47)/$G$10) | F22: =IF($D22<=F$18,"n.m.",(SUMPRODUCT('OUT-DCF'!$H$27:$L$27/(1+$D22)^'OUT-DCF'!$H$36:$L$36)+'OUT-DCF'!$G$43*(1+F$18)/($D22-F$18)/(1+$D22)^'OUT-DCF'!$G$47)/$G$10) | G22: =IF($D22<=G$18,"n.m.",(SUMPRODUCT('OUT-DCF'!$H$27:$L$27/(1+$D22)^'OUT-DCF'!$H$36:$L$36)+'OUT-DCF'!$G$43*(1+G$18)/($D22-G$18)/(1+$D22)^'OUT-DCF'!$G$47)/$G$10) | H22: =IF($D22<=H$18,"n.m.",(SUMPRODUCT('OUT-DCF'!$H$27:$L$27/(1+$D22)^'OUT-DCF'!$H$36:$L$36)+'OUT-DCF'!$G$43*(1+H$18)/($D22-H$18)/(1+$D22)^'OUT-DCF'!$G$47)/$G$10) | I22: =IF($D22<=I$18,"n.m.",(SUMPRODUCT('OUT-DCF'!$H$27:$L$27/(1+$D22)^'OUT-DCF'!$H$36:$L$36)+'OUT-DCF'!$G$43*(1+I$18)/($D22-I$18)/(1+$D22)^'OUT-DCF'!$G$47)/$G$10) | J22: =IF($D22<=J$18,"n.m.",(SUMPRODUCT('OUT-DCF'!$H$27:$L$27/(1+$D22)^'OUT-DCF'!$H$36:$L$36)+'OUT-DCF'!$G$43*(1+J$18)/($D22-J$18)/(1+$D22)^'OUT-DCF'!$G$47)/$G$10) | K22: =IF($D22<=K$18,"n.m.",(SUMPRODUCT('OUT-DCF'!$H$27:$L$27/(1+$D22)^'OUT-DCF'!$H$36:$L$36)+'OUT-DCF'!$G$43*(1+K$18)/($D22-K$18)/(1+$D22)^'OUT-DCF'!$G$47)/$G$10)
D23: =$G$6+0*$G$8 | E23: =IF($D23<=E$18,"n.m.",(SUMPRODUCT('OUT-DCF'!$H$27:$L$27/(1+$D23)^'OUT-DCF'!$H$36:$L$36)+'OUT-DCF'!$G$43*(1+E$18)/($D23-E$18)/(1+$D23)^'OUT-DCF'!$G$47)/$G$10) | F23: =IF($D23<=F$18,"n.m.",(SUMPRODUCT('OUT-DCF'!$H$27:$L$27/(1+$D23)^'OUT-DCF'!$H$36:$L$36)+'OUT-DCF'!$G$43*(1+F$18)/($D23-F$18)/(1+$D23)^'OUT-DCF'!$G$47)/$G$10) | G23: =IF($D23<=G$18,"n.m.",(SUMPRODUCT('OUT-DCF'!$H$27:$L$27/(1+$D23)^'OUT-DCF'!$H$36:$L$36)+'OUT-DCF'!$G$43*(1+G$18)/($D23-G$18)/(1+$D23)^'OUT-DCF'!$G$47)/$G$10) | H23: =IF($D23<=H$18,"n.m.",(SUMPRODUCT('OUT-DCF'!$H$27:$L$27/(1+$D23)^'OUT-DCF'!$H$36:$L$36)+'OUT-DCF'!$G$43*(1+H$18)/($D23-H$18)/(1+$D23)^'OUT-DCF'!$G$47)/$G$10) | I23: =IF($D23<=I$18,"n.m.",(SUMPRODUCT('OUT-DCF'!$H$27:$L$27/(1+$D23)^'OUT-DCF'!$H$36:$L$36)+'OUT-DCF'!$G$43*(1+I$18)/($D23-I$18)/(1+$D23)^'OUT-DCF'!$G$47)/$G$10) | J23: =IF($D23<=J$18,"n.m.",(SUMPRODUCT('OUT-DCF'!$H$27:$L$27/(1+$D23)^'OUT-DCF'!$H$36:$L$36)+'OUT-DCF'!$G$43*(1+J$18)/($D23-J$18)/(1+$D23)^'OUT-DCF'!$G$47)/$G$10) | K23: =IF($D23<=K$18,"n.m.",(SUMPRODUCT('OUT-DCF'!$H$27:$L$27/(1+$D23)^'OUT-DCF'!$H$36:$L$36)+'OUT-DCF'!$G$43*(1+K$18)/($D23-K$18)/(1+$D23)^'OUT-DCF'!$G$47)/$G$10)
D24: =$G$6+1*$G$8 | E24: =IF($D24<=E$18,"n.m.",(SUMPRODUCT('OUT-DCF'!$H$27:$L$27/(1+$D24)^'OUT-DCF'!$H$36:$L$36)+'OUT-DCF'!$G$43*(1+E$18)/($D24-E$18)/(1+$D24)^'OUT-DCF'!$G$47)/$G$10) | F24: =IF($D24<=F$18,"n.m.",(SUMPRODUCT('OUT-DCF'!$H$27:$L$27/(1+$D24)^'OUT-DCF'!$H$36:$L$36)+'OUT-DCF'!$G$43*(1+F$18)/($D24-F$18)/(1+$D24)^'OUT-DCF'!$G$47)/$G$10) | G24: =IF($D24<=G$18,"n.m.",(SUMPRODUCT('OUT-DCF'!$H$27:$L$27/(1+$D24)^'OUT-DCF'!$H$36:$L$36)+'OUT-DCF'!$G$43*(1+G$18)/($D24-G$18)/(1+$D24)^'OUT-DCF'!$G$47)/$G$10) | H24: =IF($D24<=H$18,"n.m.",(SUMPRODUCT('OUT-DCF'!$H$27:$L$27/(1+$D24)^'OUT-DCF'!$H$36:$L$36)+'OUT-DCF'!$G$43*(1+H$18)/($D24-H$18)/(1+$D24)^'OUT-DCF'!$G$47)/$G$10) | I24: =IF($D24<=I$18,"n.m.",(SUMPRODUCT('OUT-DCF'!$H$27:$L$27/(1+$D24)^'OUT-DCF'!$H$36:$L$36)+'OUT-DCF'!$G$43*(1+I$18)/($D24-I$18)/(1+$D24)^'OUT-DCF'!$G$47)/$G$10) | J24: =IF($D24<=J$18,"n.m.",(SUMPRODUCT('OUT-DCF'!$H$27:$L$27/(1+$D24)^'OUT-DCF'!$H$36:$L$36)+'OUT-DCF'!$G$43*(1+J$18)/($D24-J$18)/(1+$D24)^'OUT-DCF'!$G$47)/$G$10) | K24: =IF($D24<=K$18,"n.m.",(SUMPRODUCT('OUT-DCF'!$H$27:$L$27/(1+$D24)^'OUT-DCF'!$H$36:$L$36)+'OUT-DCF'!$G$43*(1+K$18)/($D24-K$18)/(1+$D24)^'OUT-DCF'!$G$47)/$G$10)
D25: =$G$6+2*$G$8 | E25: =IF($D25<=E$18,"n.m.",(SUMPRODUCT('OUT-DCF'!$H$27:$L$27/(1+$D25)^'OUT-DCF'!$H$36:$L$36)+'OUT-DCF'!$G$43*(1+E$18)/($D25-E$18)/(1+$D25)^'OUT-DCF'!$G$47)/$G$10) | F25: =IF($D25<=F$18,"n.m.",(SUMPRODUCT('OUT-DCF'!$H$27:$L$27/(1+$D25)^'OUT-DCF'!$H$36:$L$36)+'OUT-DCF'!$G$43*(1+F$18)/($D25-F$18)/(1+$D25)^'OUT-DCF'!$G$47)/$G$10) | G25: =IF($D25<=G$18,"n.m.",(SUMPRODUCT('OUT-DCF'!$H$27:$L$27/(1+$D25)^'OUT-DCF'!$H$36:$L$36)+'OUT-DCF'!$G$43*(1+G$18)/($D25-G$18)/(1+$D25)^'OUT-DCF'!$G$47)/$G$10) | H25: =IF($D25<=H$18,"n.m.",(SUMPRODUCT('OUT-DCF'!$H$27:$L$27/(1+$D25)^'OUT-DCF'!$H$36:$L$36)+'OUT-DCF'!$G$43*(1+H$18)/($D25-H$18)/(1+$D25)^'OUT-DCF'!$G$47)/$G$10) | I25: =IF($D25<=I$18,"n.m.",(SUMPRODUCT('OUT-DCF'!$H$27:$L$27/(1+$D25)^'OUT-DCF'!$H$36:$L$36)+'OUT-DCF'!$G$43*(1+I$18)/($D25-I$18)/(1+$D25)^'OUT-DCF'!$G$47)/$G$10) | J25: =IF($D25<=J$18,"n.m.",(SUMPRODUCT('OUT-DCF'!$H$27:$L$27/(1+$D25)^'OUT-DCF'!$H$36:$L$36)+'OUT-DCF'!$G$43*(1+J$18)/($D25-J$18)/(1+$D25)^'OUT-DCF'!$G$47)/$G$10) | K25: =IF($D25<=K$18,"n.m.",(SUMPRODUCT('OUT-DCF'!$H$27:$L$27/(1+$D25)^'OUT-DCF'!$H$36:$L$36)+'OUT-DCF'!$G$43*(1+K$18)/($D25-K$18)/(1+$D25)^'OUT-DCF'!$G$47)/$G$10)
D26: =$G$6+3*$G$8 | E26: =IF($D26<=E$18,"n.m.",(SUMPRODUCT('OUT-DCF'!$H$27:$L$27/(1+$D26)^'OUT-DCF'!$H$36:$L$36)+'OUT-DCF'!$G$43*(1+E$18)/($D26-E$18)/(1+$D26)^'OUT-DCF'!$G$47)/$G$10) | F26: =IF($D26<=F$18,"n.m.",(SUMPRODUCT('OUT-DCF'!$H$27:$L$27/(1+$D26)^'OUT-DCF'!$H$36:$L$36)+'OUT-DCF'!$G$43*(1+F$18)/($D26-F$18)/(1+$D26)^'OUT-DCF'!$G$47)/$G$10) | G26: =IF($D26<=G$18,"n.m.",(SUMPRODUCT('OUT-DCF'!$H$27:$L$27/(1+$D26)^'OUT-DCF'!$H$36:$L$36)+'OUT-DCF'!$G$43*(1+G$18)/($D26-G$18)/(1+$D26)^'OUT-DCF'!$G$47)/$G$10) | H26: =IF($D26<=H$18,"n.m.",(SUMPRODUCT('OUT-DCF'!$H$27:$L$27/(1+$D26)^'OUT-DCF'!$H$36:$L$36)+'OUT-DCF'!$G$43*(1+H$18)/($D26-H$18)/(1+$D26)^'OUT-DCF'!$G$47)/$G$10) | I26: =IF($D26<=I$18,"n.m.",(SUMPRODUCT('OUT-DCF'!$H$27:$L$27/(1+$D26)^'OUT-DCF'!$H$36:$L$36)+'OUT-DCF'!$G$43*(1+I$18)/($D26-I$18)/(1+$D26)^'OUT-DCF'!$G$47)/$G$10) | J26: =IF($D26<=J$18,"n.m.",(SUMPRODUCT('OUT-DCF'!$H$27:$L$27/(1+$D26)^'OUT-DCF'!$H$36:$L$36)+'OUT-DCF'!$G$43*(1+J$18)/($D26-J$18)/(1+$D26)^'OUT-DCF'!$G$47)/$G$10) | K26: =IF($D26<=K$18,"n.m.",(SUMPRODUCT('OUT-DCF'!$H$27:$L$27/(1+$D26)^'OUT-DCF'!$H$36:$L$36)+'OUT-DCF'!$G$43*(1+K$18)/($D26-K$18)/(1+$D26)^'OUT-DCF'!$G$47)/$G$10)
B27: Upside / (Downside) vs. Current Share Price
D29: k \ g | E29: =$G$7-3*$G$9 | F29: =$G$7-2*$G$9 | G29: =$G$7-1*$G$9 | H29: =$G$7+0*$G$9 | I29: =$G$7+1*$G$9 | J29: =$G$7+2*$G$9 | K29: =$G$7+3*$G$9
D31: =$G$6-3*$G$8 | E31: =IF(ISNUMBER(E20),E20/$G$11-1,"n.m.") | F31: =IF(ISNUMBER(F20),F20/$G$11-1,"n.m.") | G31: =IF(ISNUMBER(G20),G20/$G$11-1,"n.m.") | H31: =IF(ISNUMBER(H20),H20/$G$11-1,"n.m.") | I31: =IF(ISNUMBER(I20),I20/$G$11-1,"n.m.") | J31: =IF(ISNUMBER(J20),J20/$G$11-1,"n.m.") | K31: =IF(ISNUMBER(K20),K20/$G$11-1,"n.m.")
D32: =$G$6-2*$G$8 | E32: =IF(ISNUMBER(E21),E21/$G$11-1,"n.m.") | F32: =IF(ISNUMBER(F21),F21/$G$11-1,"n.m.") | G32: =IF(ISNUMBER(G21),G21/$G$11-1,"n.m.") | H32: =IF(ISNUMBER(H21),H21/$G$11-1,"n.m.") | I32: =IF(ISNUMBER(I21),I21/$G$11-1,"n.m.") | J32: =IF(ISNUMBER(J21),J21/$G$11-1,"n.m.") | K32: =IF(ISNUMBER(K21),K21/$G$11-1,"n.m.")
D33: =$G$6-1*$G$8 | E33: =IF(ISNUMBER(E22),E22/$G$11-1,"n.m.") | F33: =IF(ISNUMBER(F22),F22/$G$11-1,"n.m.") | G33: =IF(ISNUMBER(G22),G22/$G$11-1,"n.m.") | H33: =IF(ISNUMBER(H22),H22/$G$11-1,"n.m.") | I33: =IF(ISNUMBER(I22),I22/$G$11-1,"n.m.") | J33: =IF(ISNUMBER(J22),J22/$G$11-1,"n.m.") | K33: =IF(ISNUMBER(K22),K22/$G$11-1,"n.m.")
D34: =$G$6+0*$G$8 | E34: =IF(ISNUMBER(E23),E23/$G$11-1,"n.m.") | F34: =IF(ISNUMBER(F23),F23/$G$11-1,"n.m.") | G34: =IF(ISNUMBER(G23),G23/$G$11-1,"n.m.") | H34: =IF(ISNUMBER(H23),H23/$G$11-1,"n.m.") | I34: =IF(ISNUMBER(I23),I23/$G$11-1,"n.m.") | J34: =IF(ISNUMBER(J23),J23/$G$11-1,"n.m.") | K34: =IF(ISNUMBER(K23),K23/$G$11-1,"n.m.")
D35: =$G$6+1*$G$8 | E35: =IF(ISNUMBER(E24),E24/$G$11-1,"n.m.") | F35: =IF(ISNUMBER(F24),F24/$G$11-1,"n.m.") | G35: =IF(ISNUMBER(G24),G24/$G$11-1,"n.m.") | H35: =IF(ISNUMBER(H24),H24/$G$11-1,"n.m.") | I35: =IF(ISNUMBER(I24),I24/$G$11-1,"n.m.") | J35: =IF(ISNUMBER(J24),J24/$G$11-1,"n.m.") | K35: =IF(ISNUMBER(K24),K24/$G$11-1,"n.m.")
D36: =$G$6+2*$G$8 | E36: =IF(ISNUMBER(E25),E25/$G$11-1,"n.m.") | F36: =IF(ISNUMBER(F25),F25/$G$11-1,"n.m.") | G36: =IF(ISNUMBER(G25),G25/$G$11-1,"n.m.") | H36: =IF(ISNUMBER(H25),H25/$G$11-1,"n.m.") | I36: =IF(ISNUMBER(I25),I25/$G$11-1,"n.m.") | J36: =IF(ISNUMBER(J25),J25/$G$11-1,"n.m.") | K36: =IF(ISNUMBER(K25),K25/$G$11-1,"n.m.")
D37: =$G$6+3*$G$8 | E37: =IF(ISNUMBER(E26),E26/$G$11-1,"n.m.") | F37: =IF(ISNUMBER(F26),F26/$G$11-1,"n.m.") | G37: =IF(ISNUMBER(G26),G26/$G$11-1,"n.m.") | H37: =IF(ISNUMBER(H26),H26/$G$11-1,"n.m.") | I37: =IF(ISNUMBER(I26),I26/$G$11-1,"n.m.") | J37: =IF(ISNUMBER(J26),J26/$G$11-1,"n.m.") | K37: =IF(ISNUMBER(K26),K26/$G$11-1,"n.m.")
B39: What the Current Price Implies
C40: Present value of FY'26–30 FCFE ($mm) | G40: ='OUT-DCF'!G39
C41: Terminal value needed to justify current price, in PV terms ($mm) | G41: =G11*G10-G40
C42: Helper: (1+g)/(k–g) implied by current price | G42: =G41*'OUT-DCF'!G49/'OUT-DCF'!G43
C43: Market-implied perpetuity growth at base k | G43: =(G42*G6-1)/(G42+1)
C44: Your perpetuity growth assumption | G44: =G7
B46: Reading the grid: cells shaded green are at or above the current price. The market-implied growth rate is the g that makes the DCF equal today's price at your base cost of equity; compare it with the 3.5% GDP-based assumption.

Sheet Comps Valuation
B2: =Assumptions!$B$2&" – Trading Comps Cross-Check (P/E)"
B3: Peer multiples pull from the group's FactSet table on Comps & Dil. Shares (same six peers as the Cost of Equity build). EPS comes from the model's net income forecast.
B5: Peer Multiples
C6: Company | D6: Ticker | E6: NTM P/E | F6: CY1 P/E | G6: Market Value ($mm)
C7: ='Comps & Dil. Shares'!B7 | D7: ='Comps & Dil. Shares'!E7 | E7: =INDEX('Comps & Dil. Shares'!$G$17:$G$33,MATCH($D7&"-US",'Comps & Dil. Shares'!$E$17:$E$33,0)) | F7: =INDEX('Comps & Dil. Shares'!$H$17:$H$33,MATCH($D7&"-US",'Comps & Dil. Shares'!$E$17:$E$33,0)) | G7: =INDEX('Comps & Dil. Shares'!$J$17:$J$33,MATCH($D7&"-US",'Comps & Dil. Shares'!$E$17:$E$33,0))
C8: ='Comps & Dil. Shares'!B8 | D8: ='Comps & Dil. Shares'!E8 | E8: =INDEX('Comps & Dil. Shares'!$G$17:$G$33,MATCH($D8&"-US",'Comps & Dil. Shares'!$E$17:$E$33,0)) | F8: =INDEX('Comps & Dil. Shares'!$H$17:$H$33,MATCH($D8&"-US",'Comps & Dil. Shares'!$E$17:$E$33,0)) | G8: =INDEX('Comps & Dil. Shares'!$J$17:$J$33,MATCH($D8&"-US",'Comps & Dil. Shares'!$E$17:$E$33,0))
C9: ='Comps & Dil. Shares'!B9 | D9: ='Comps & Dil. Shares'!E9 | E9: =INDEX('Comps & Dil. Shares'!$G$17:$G$33,MATCH($D9&"-US",'Comps & Dil. Shares'!$E$17:$E$33,0)) | F9: =INDEX('Comps & Dil. Shares'!$H$17:$H$33,MATCH($D9&"-US",'Comps & Dil. Shares'!$E$17:$E$33,0)) | G9: =INDEX('Comps & Dil. Shares'!$J$17:$J$33,MATCH($D9&"-US",'Comps & Dil. Shares'!$E$17:$E$33,0))
C10: ='Comps & Dil. Shares'!B10 | D10: ='Comps & Dil. Shares'!E10 | E10: =INDEX('Comps & Dil. Shares'!$G$17:$G$33,MATCH($D10&"-US",'Comps & Dil. Shares'!$E$17:$E$33,0)) | F10: =INDEX('Comps & Dil. Shares'!$H$17:$H$33,MATCH($D10&"-US",'Comps & Dil. Shares'!$E$17:$E$33,0)) | G10: =INDEX('Comps & Dil. Shares'!$J$17:$J$33,MATCH($D10&"-US",'Comps & Dil. Shares'!$E$17:$E$33,0))
C11: ='Comps & Dil. Shares'!B11 | D11: ='Comps & Dil. Shares'!E11 | E11: =INDEX('Comps & Dil. Shares'!$G$17:$G$33,MATCH($D11&"-US",'Comps & Dil. Shares'!$E$17:$E$33,0)) | F11: =INDEX('Comps & Dil. Shares'!$H$17:$H$33,MATCH($D11&"-US",'Comps & Dil. Shares'!$E$17:$E$33,0)) | G11: =INDEX('Comps & Dil. Shares'!$J$17:$J$33,MATCH($D11&"-US",'Comps & Dil. Shares'!$E$17:$E$33,0))
C12: ='Comps & Dil. Shares'!B12 | D12: ='Comps & Dil. Shares'!E12 | E12: =INDEX('Comps & Dil. Shares'!$G$17:$G$33,MATCH($D12&"-US",'Comps & Dil. Shares'!$E$17:$E$33,0)) | F12: =INDEX('Comps & Dil. Shares'!$H$17:$H$33,MATCH($D12&"-US",'Comps & Dil. Shares'!$E$17:$E$33,0)) | G12: =INDEX('Comps & Dil. Shares'!$J$17:$J$33,MATCH($D12&"-US",'Comps & Dil. Shares'!$E$17:$E$33,0))
C14: High | E14: =MAX(E$7:E$12) | F14: =MAX(F$7:F$12)
C15: 75th percentile | E15: =QUARTILE(E$7:E$12,3) | F15: =QUARTILE(F$7:F$12,3)
C16: Mean | E16: =AVERAGE(E$7:E$12) | F16: =AVERAGE(F$7:F$12)
C17: Median | E17: =MEDIAN(E$7:E$12) | F17: =MEDIAN(F$7:F$12)
C18: 25th percentile | E18: =QUARTILE(E$7:E$12,1) | F18: =QUARTILE(F$7:F$12,1)
C19: Low | E19: =MIN(E$7:E$12) | F19: =MIN(F$7:F$12)
C21: A10 Networks (FactSet, at comps date) | D21: ATEN | E21: ='Comps & Dil. Shares'!G17 | F21: ='Comps & Dil. Shares'!H17 | G21: ='Comps & Dil. Shares'!J17
C22: FactSet market value differs from the model's $24.39 price because the comps pull is from a different date.
B24: A10 Earnings per Share (from the model)
C25: FY'26E net income ($mm) | G25: ='OUT-DCF'!H19
C26: FY'27E net income ($mm) | G26: ='OUT-DCF'!I19
C27: Fully diluted shares (mm) | G27: ='OUT-DCF'!G53
C28: FY'26E EPS (= CY1) | G28: =G25/G27
C29: FY'27E EPS | G29: =G26/G27
C30: Share of FY'26 remaining (stub, from OUT-DCF) | G30: ='OUT-DCF'!Q36
C31: NTM EPS (stub-weighted FY'26 / FY'27) | G31: =G30*G28+(1-G30)*G29
C32: A10 EPS implied by FactSet (for a like-for-like basis): market value ÷ basic shares ÷ P/E
C33: NTM EPS implied by FactSet (consensus basis) | G33: =('Comps & Dil. Shares'!J17/Assumptions!D38)/'Comps & Dil. Shares'!G17
C34: CY1 EPS implied by FactSet (consensus basis) | G34: =('Comps & Dil. Shares'!J17/Assumptions!D38)/'Comps & Dil. Shares'!H17
C35: Model NTM EPS as % of FactSet NTM EPS | G35: =G31/G33
B37: Implied Share Price
C38: Peer multiple applied | D38: NTM P/E × model EPS | E38: CY1 P/E × model EPS | F38: NTM P/E × FactSet EPS | G38: Upside (FactSet basis)
C39: High | D39: =E14*$G$31 | E39: =F14*$G$28 | F39: =E14*$G$33 | G39: =F39/Assumptions!$D$10-1
C40: 75th percentile | D40: =E15*$G$31 | E40: =F15*$G$28 | F40: =E15*$G$33 | G40: =F40/Assumptions!$D$10-1
C41: Mean | D41: =E16*$G$31 | E41: =F16*$G$28 | F41: =E16*$G$33 | G41: =F41/Assumptions!$D$10-1
C42: Median | D42: =E17*$G$31 | E42: =F17*$G$28 | F42: =E17*$G$33 | G42: =F42/Assumptions!$D$10-1
C43: 25th percentile | D43: =E18*$G$31 | E43: =F18*$G$28 | F43: =E18*$G$33 | G43: =F43/Assumptions!$D$10-1
C44: Low | D44: =E19*$G$31 | E44: =F19*$G$28 | F44: =E19*$G$33 | G44: =F44/Assumptions!$D$10-1
B46: Why two bases: FactSet P/E multiples are built on consensus (typically adjusted, non-GAAP) EPS, while the model's EPS is GAAP net income. Multiplying a consensus-basis P/E by GAAP EPS understates value, so the FactSet-EPS column is the like-for-like read.
B48: Cross-Check Against the DCF
C49: Current share price | G49: =Assumptions!D10
C50: DCF implied share price (OUT-DCF) | G50: ='OUT-DCF'!G54
C51: DCF price ÷ FactSet NTM EPS (P/E the DCF implies) | G51: =G50/G33
C52: Peer median NTM P/E | G52: =E17
C53: DCF-implied P/E premium / (discount) to peer median | G53: =G51/G52-1
C54: DCF price ÷ model NTM EPS (GAAP basis) | G54: =G50/G31

Sheet Valuation Summary
B2: =Assumptions!$B$2&" – Valuation Summary"
B3: Pulls every range from the tabs it names. Chart columns: Low and Spread (High – Low) drive the floating bars.
B5: Price Target Summary
C6: Current share price | G6: =Assumptions!D10
C7: DCF price target (base case, OUT-DCF) | G7: ='OUT-DCF'!G54
C8: Upside / (downside) | G8: =G7/G6-1
C9: Peer median NTM P/E × FactSet EPS | G9: ='Comps Valuation'!F42
C10: Market-implied perpetuity growth at current price | G10: ='DCF Sensitivity'!G43
B12: Football Field ($ per share)
C13: Method | D13: Low | E13: High | F13: Midpoint | G13: Spread | H13: Basis
C14: 52-week trading range | D14: =MIN('Price History'!$B$4:$B$255) | E14: =MAX('Price History'!$B$4:$B$255) | F14: =AVERAGE(D14:E14) | G14: =E14-D14 | H14: Daily closes, Price History tab
C15: Peer NTM P/E × FactSet EPS (25th–75th pct.) | D15: ='Comps Valuation'!F43 | E15: ='Comps Valuation'!F40 | F15: =AVERAGE(D15:E15) | G15: =E15-D15 | H15: Like-for-like: consensus-basis P/E × consensus-basis EPS
C16: Peer NTM P/E × model EPS (25th–75th pct.) | D16: ='Comps Valuation'!D43 | E16: ='Comps Valuation'!D40 | F16: =AVERAGE(D16:E16) | G16: =E16-D16 | H16: Consensus P/E × GAAP model EPS; understates value
C17: DCF – k ±1 step, g ±1 step | D17: =MIN('DCF Sensitivity'!G22:I24) | E17: =MAX('DCF Sensitivity'!G22:I24) | F17: =AVERAGE(D17:E17) | G17: =E17-D17 | H17: Center 3×3 of the DCF Sensitivity grid
C18: DCF – Conservative to Bullish scenario | D18: =MIN('OUT-DCF'!W47,'OUT-DCF'!X47) | E18: =MAX('OUT-DCF'!W47,'OUT-DCF'!X47) | F18: =AVERAGE(D18:E18) | G18: =E18-D18 | H18: Scenario Comparison on OUT-DCF
C19: ="Current share price ("&TEXT(Assumptions!D10,"$0.00")&")" | D19: =Assumptions!D10-0.1 | E19: =Assumptions!D10+0.1 | F19: =AVERAGE(D19:E19) | G19: =E19-D19 | H19: Marker only
B44: Review Points for the Group (model not changed)
C45: Cash & marketable securities at Q2'26 ($mm) | G45: ='Historical Financials'!AA52+'Historical Financials'!AA53
C46: per diluted share | G46: =G45/'OUT-DCF'!G53
C47: PV of FY'26 FCFE already elapsed at valuation date, per share | G47: ='OUT-DCF'!H39*(1-'OUT-DCF'!Q36)/'OUT-DCF'!G53
C49: 1. Equity value on OUT-DCF is PV of FCFE only; A10's cash and marketable securities are not added. Some of their value shows up through interest income in FCFE, so decide as a group whether to add excess cash (and strip that interest income) or keep it as is.
C50: 2. The full FY'26 FCFE is discounted, but the valuation date is 9/10/2026 and about 69% of the year has passed. Pro-rating FY'26 by the stub would lower the price by the amount above.
C51: 3. Items 1 and 2 push in opposite directions, so the net effect on the target is smaller than either one alone.

Sheet Scratch Notes--->

Sheet Comps & Dil. Shares
B3: Peer Comps
B5: Company Name | E5: Ticker | F5: Fwd P/E | G5: Marginal Tax Rate | H5: Total Debt | I5: Total Equity
B7: Radware | E7: RDWR | F7: 21.724409 | G7: 0.21 | H7: 0 | I7: 1300.8932
B8: F5 | E8: FFIV | F8: 21.817379 | G8: 0.21 | H8: 0 | I8: 22421.506
B9: NetScout Systems | E9: NTCT | F9: 13.377848 | G9: 0.21 | H9: 0 | I9: 2860.4052
B10: Akamai Technologies | E10: AKAM | F10: 15.198215 | G10: 0.21 | H10: 7562.8281 | I10: 17870.141
B11: Extreme Networks | E11: EXTR | F11: 16.294607 | G11: 0.21 | H11: 177.99499 | I11: 3008.5112
B12: Cisco Systems | E12: CSCO | F12: 21.030993 | G12: 0.21 | H12: 29533 | I12: 428204.36
M14: Sales
B15: Company | F15: Fiscal | I15: Total | J15: Market | K15: FactSet RBICS | L15: FactSet RBICS | M15: 5 Year
B16: Name | E16: Ticker | F16: Period | G16: P/E NTM (x) | H16: P/E CY1 (x) | I16: Debt | J16: Value | K16: Industry | L16: Sub-Industry | M16: Growth
B17: A10 Networks | E17: ATEN-US | F17: 06/30/2026 | G17: 21.701641 | H17: 23.72377 | I17: 219.518 | J17: 2099.3337 | K17: General Carrier Edge and Access Equipment | L17: Carrier Edge Network Management Equipment | M17: 32.96553
B18: Radware | E18: RDWR-US | F18: 06/30/2026 | G18: 21.724409 | H18: 23.449314 | I18: - | J18: 1300.8932 | K18: Network Infrastructure Software | L18: Network Security Access Policy Software | M18: 18.523083
B19: NetScout Systems | E19: NTCT-US | F19: 06/30/2026 | G19: 13.377848 | H19: 14.040381 | I19: 0 | J19: 2860.4052 | K19: Network Infrastructure Software | L19: Network Administration Software | M19: 5.421618
B20: F5 | E20: FFIV-US | F20: 06/30/2026 | G20: 21.817379 | H20: 24.215906 | I20: - | J20: 22421.506 | K20: Network Infrastructure Software | L20: Network Security Software | M20: 30.482071
B21: Calix | E21: CALX-US | F21: 06/27/2026 | G21: 17.541323 | H21: 21.534441 | I21: - | J21: 2368.8467 | K21: General Carrier Edge and Access Equipment | L21: General Carrier Edge (Access) Equipment | M21: 70.618225
B22: Digi International | E22: DGII-US | F22: 06/30/2026 | G22: 22.674976 | H22: 31.246435 | I22: 143.03999 | J22: 2784.5745 | K22: Other Local Area Networking Equipment | L22: Other Local Area Networking Equipment | M22: 67.235336
B23: Extreme Networks | E23: EXTR-US | F23: 06/2026 | G23: 16.294607 | H23: 18.495451 | I23: 177.99499 | J23: 3008.5112 | K23: Other Wide Area Networking Equipment | L23: Other Wide Area Networking (WAN) Equipment | M23: 27.16169
B24: Harmonic | E24: HLIT-US | F24: 07/03/2026 | G24: 14.972775 | H24: 16.23077 | I24: 111.347 | J24: 1305.8926 | K24: Telecommunications Industry Software | L24: Telecommunications Operations Support Software | M24: 9.819598
B25: Consensus Cloud Solutions | E25: CCSI-US | F25: 06/30/2026 | G25: 5.716423 | H25: 5.904202 | I25: 555.29401 | J25: 728.66801 | K25: Productivity Software | L25: Productivity Software | M25: -48.480331
B26: Akamai Technologies | E26: AKAM-US | F26: 06/30/2026 | G26: 15.198215 | H26: 15.85805 | I26: 7562.8281 | J26: 17870.141 | K26: Network Infrastructure Software | L26: Network Security Software | M26: 29.633266
B27: Gen Digital | E27: GEN-US | F27: 07/03/2026 | G27: 10.140398 | H27: 11.039966 | I27: 8156 | J27: 19255.012 | K27: Multi-Type Home and Office Software | L27: Multi-Type Home and Office Software | M27: 93.633247
B28: Cisco Systems | E28: CSCO-US | F28: 07/2026 | G28: 21.030993 | H28: 23.301264 | I28: 29533 | J28: 428204.36 | K28: Other Wide Area Networking Equipment | L28: Other Wide Area Networking (WAN) Equipment | M28: 27.11269
B29: ADTRAN Holdings | E29: ADTN-US | F29: 06/30/2026 | G29: 14.689886 | H29: 24.761906 | I29: - | J29: 601.62536 | K29: Other Wide Area Networking Equipment | L29: Other Wide Area Networking (WAN) Equipment | M29: 113.13637
B30: Fortinet | E30: FTNT-US | F30: 06/30/2026 | G30: 42.612976 | H30: 45.324898 | I30: 496.89999 | J30: 116702.72 | K30: Network Infrastructure Software | L30: Network Security Software | M30: 158.62911
B31: Ciena | E31: CIEN-US | F31: 08/01/2026 | G31: 28.919067 | H31: 93.537369 | I31: 3229.843 | J31: 46684.056 | K31: Carrier Core (Backbone) Equipment | L31: Carrier Core (Backbone) Equipment | M31: 76.686119
B32: Progress Software | E32: PRGS-US | F32: 05/31/2026 | G32: 7.143556 | H32: 7.748407 | I32: 1292.147 | J32: 1898.7881 | K32: Specialized Design and Engineering Software | L32: Software Development Software | M32: 110.93218
B33: Palo Alto Networks | E33: PANW-US | F33: 04/30/2026 | G33: 78.111221 | H33: 83.308441 | I33: 0 | J33: 279493.48 | K33: Network Infrastructure Software | L33: Network Security Software | M33: 166.00871
B82: RSU/PSU/ESPP
B83: Shares Outstanding | C83: 72.609021 | D83: million
B84: Current Stock Price | C84: 24.7
B85: Unrecognized Stock Comp. Expense | C85: 38000000
B86: Non-Vested Shares | C86: 2750000 | D86: =C86/1000000 -> 2.75
B87: TSM Method:
B88: Shares Repurcased | C88: =C85/C84 -> 1538461.5 | D88: =C88/1000000 -> 1.5384615
B89: New Shares Added | C89: =C86-C88 -> 1211538.5
C90: =C89/1000000 -> 1.2115385
B94: MSFT-USA
B95: Cash Flow (M)
C96: Jun '25 | D96: Jun '26 | E96: Sep '26E | F96: Dec '26E | G96: Mar '27E | H96: Jun '27E | I96: Jun '27E | J96: Sep '27E | K96: Dec '27E | L96: Mar '28E | M96: Jun '28E | N96: Jun '28E | O96: Jun '29E
E97: Q1 | F97: Q2 | G97: Q3 | H97: Q4 | J97: Q1 | K97: Q2 | L97: Q3 | M97: Q4
B98: Capital Expenditures | C98: 64551 | D98: 115948 | E98: 47223.6 | F98: 48908 | G98: 49593.8 | H98: 51672.8 | I98: 196404 | J98: 54647.3 | K98: 55944.1 | L98: 57918.7 | M98: 59833.3 | N98: 220875 | O98: 226867
B99: Free Cash Flow | C99: 71611 | D99: 66987 | E99: 9281.31 | F99: -436.14 | G99: 6588.55 | H99: 15920.8 | I99: 29603.7 | J99: 10605.9 | K99: 626.49 | L99: 10155.5 | M99: 27763.8 | N99: 46945.7 | O99: 92210.2
B100: Cash Flow from Operations | C100: 136162 | D100: 182935 | E100: 54365.4 | F100: 47000 | G100: 54669.6 | H100: 67010.7 | I100: 219651 | J100: 66783.2 | K100: 55425 | L100: 67395.2 | M100: 81666.4 | N100: 264871 | O100: 311554
B101: Cash Flow from Investing | C101: -72599 | D101: -139500 | E101: -46464.9 | F101: -47829.5 | G101: -47499.7 | H101: -50084.7 | I101: -183815 | J101: -53481 | K101: -54308.1 | L101: -56485.5 | M101: -57877.2 | N101: -207816 | O101: -217683
B102: Cash Flow from Financing | C102: -51699 | D102: -52546 | E102: -10113.7 | F102: -10259.8 | G102: -10253.6 | H102: -10254.9 | I102: -37597 | J102: -10558 | K102: -10999.8 | L102: -10847.2 | M102: -11006.2 | N102: -41075.4 | O102: -38580.8
D107: =D98/C98-1 -> 0.79622314 | E107: =I98/D98-1 -> 0.69389726 | F107: =N98/M98-1 -> 2.6915062 | G107: =O98/N98-1 -> 0.027128466
B109: MSFT-USA
B110: Product Segments (M)
C111: Jun '25 | D111: Jun '26 | E111: Sep '26E | F111: Dec '26E | G111: Mar '27E | H111: Jun '27E | I111: Jun '27E | J111: Sep '27E | K111: Dec '27E | L111: Mar '28E | M111: Jun '28E | N111: Jun '28E | O111: Jun '29E
E112: Q1 | F112: Q2 | G112: Q3 | H112: Q4 | J112: Q1 | K112: Q2 | L112: Q3 | M112: Q4
B113: Sales - Product Line 1 | C113: 281724 | D113: 331839 | E113: 90596.2 | F113: 95485.9 | G113: 98064.7 | H113: 106399 | I113: 390637 | J113: 107930 | K113: 114131 | L113: 117283 | M113: 127191 | N113: 466656 | O113: 561587
B114: Productivity and Business Processes | C114: 120810 | D114: 139996 | E114: 36883.9 | F114: 38093.4 | G114: 39166.1 | H114: 41922.1 | I114: 156028 | J114: 40178.1 | K114: 41543.6 | L114: 42543 | M114: 45461.8 | N114: 171605 | O114: 190939
B115: - Microsoft 365 Commercial Products and Cloud Services | C115: 87109 | D115: 101997 | E115: 25610.6 | F115: 26684 | G115: 27420 | H115: 29397.8 | I115: 108961 | J115: 29134 | K115: 30168 | L115: 31083.5 | M115: 33136.2 | N115: 125062 | O115: 143656
B116: - Microsoft 365 Consumer Products and Cloud Services | C116: 7399 | D116: 9175 | E116: 2231 | F116: 2597.5 | G116: 2607 | H116: 2753 | I116: 9578.33 | J116: 2934 | K116: 3247 | L116: 3197 | M116: 3446 | N116: 11591.5 | O116: 10928
B117: Operating Income | C117: 128528 | D117: 155237 | E117: 43904.6 | F117: 44764.8 | G117: 45144.4 | H117: 47753.2 | I117: 181480 | J117: 50683.2 | K117: 52962.4 | L117: 54019.2 | M117: 57952 | N117: 215638 | O117: 260163
B118: Productivity and Business Processes | C118: 69773 | D118: 83879 | E118: 21981.6 | F118: 22474.2 | G118: 22958 | H118: 23650.5 | I118: 90797.1 | J118: 23568.1 | K118: 24151.5 | L118: 24516.9 | M118: 25505.8 | N118: 98992 | O118: 116000
B119: Intelligent Cloud | C119: 44589 | D119: 56972 | E119: 17666 | F119: 17951 | G119: 18182.2 | H119: 20691.3 | I119: 74520 | J119: 23876.7 | K119: 25404.2 | L119: 25609.8 | M119: 28920 | N119: 101209 | O119: 123500
B120: More Personal Computing | C120: 14168 | D120: 14386 | E120: 5341.01 | F120: 2773.44 | G120: 3011.35 | H120: 2465.27 | I120: 12199.2 | J120: 2579.49 | K120: 2387.94 | L120: 2732.85 | M120: 2008.27 | N120: 10769 | O120: 16000
B121: Sales - Product Line 2 | C121: 281724 | D121: 331839 | E121: 90596.2 | F121: 95485.9 | G121: 98064.7 | H121: 106399 | I121: 390637 | J121: 107930 | K121: 114131 | L121: 117283 | M121: 127191 | N121: 466656 | O121: 561587
B122: Product | C122: 63946 | D122: 64696 | E122: 16783.2 | F122: 17616.8 | G122: 17693.4 | H122: 19042.4 | I122: 70547 | J122: 18564 | K122: 18754 | L122: 18994 | M122: 21123.5 | N122: 76366.9 | O122: 77812.1
B123: Service and other | C123: 217778 | D123: 267143 | E123: 73905.6 | F123: 77543.6 | G123: 79618.4 | H123: 86647.3 | I123: 320442 | J123: 88940 | K123: 94123.5 | L123: 96768 | M123: 104896 | N123: 390569 | O123: 498710
C126: =D119/C119-1 -> 0.27771423 | D126: =I119/D119-1 -> 0.30801095 | E126: =N119/I119-1 -> 0.35814546 | F126: =O119/N119-1 -> 0.22024721
B173: Notes:
B175: ( 1 ) Amort. & Depreciation are fully scheduled in filings
B176: ( 2 ) DCF CAN BE Quarterly & Annually - should be Q3'26E,,,FY'27E
B177: ( 3 ) Non-GAAP P/E for COMPS vs. GAAP Forcast for ATEN - maybe need reconcil.
B178: ( a ) SBC inclusion and other non-GAAP items as non-GAAP income is ~40% SBC and impact on shares outs. In DCF
B179: ( 4 ) BACKLOG: Backlog represents orders confirmed with a purchase order for products to be shipped to customers with approved credit status. Orders may be subject to cancellation, rescheduling by customers and product specification changes by customers. Although we believe that the backlog orders are firm, purchase orders may be canceled or rescheduled by the customer prior to shipment without significant cost. For these reasons, we believe that our product backlog at any given date is not a reliable indicator of future revenues.
B180: ( 5 ) Effective vs. Marginal Tax Rate
B182: Outstanding:
B184: ( 1 ) Revenue Build
B185: ( 2 ) Other Cash flow assumptions
B186: ( 3 ) Link everything to cash flow assumptions once down
B187: ( 4 ) Sticky If Base / Cons / Bull
... B194: ( 10 ) Comps Analysis --- more for PPT

Sheet Price History
A1: Price History: ATEN-US
A3: Date | B3: Price | C3: CVol | D3: Change | E3: % Change | F3: % Return | G3: Total Return (Gross) | H3: Cumulative Return % | I3: Open | J3: High | K3: Low | L3: Cumulative Change %
A4: 46275 | B4: 24.63 | C4: 263284 | D4: -0.16 | E4: -0.65 | F4: -0.65 | G4: 24.9 | H4: 42.92 | I4: 24.62 | J4: 25.24 | K4: 24.6 | L4: 41.39
A5: 46274 | B5: 24.79 | C5: 865589 | D5: 0.27 | E5: 1.1 | F5: 1.1 | G5: 25.06 | H5: 43.85 | I5: 24.43 | J5: 25.03 | K5: 24.35 | L5: 42.31
A6: 46273 | B6: 24.52 | C6: 637474 | D6: -0.07 | E6: -0.28 | F6: -0.28 | G6: 24.79 | H6: 42.28 | I6: 24.59 | J6: 24.86 | K6: 24.09 | L6: 40.76
A7: 46269 | B7: 24.59 | C7: 661409 | D7: -0.12 | E7: -0.49 | F7: -0.49 | G7: 24.86 | H7: 42.69 | I7: 24.73 | J7: 24.92 | K7: 24.5 | L7: 41.16
A8: 46268 | B8: 24.71 | C8: 943450 | D8: -0.05 | E8: -0.2 | F8: -0.2 | G8: 24.98 | H8: 43.39 | I8: 24.87 | J8: 24.97 | K8: 24.52 | L8: 41.85
A9: 46267 | B9: 24.76 | C9: 1227254 | D9: -0.19 | E9: -0.76 | F9: -0.76 | G9: 25.03 | H9: 43.68 | I9: 24.95 | J9: 25 | K9: 24.39 | L9: 42.14
A10: 46266 | B10: 24.95 | C10: 1146773 | D10: -0.44 | E10: -1.73 | F10: -1.73 | G10: 25.22 | H10: 44.78 | I10: 25.05 | J10: 25.38 | K10: 24.65 | L10: 43.23
A11: 46265 | B11: 25.39 | C11: 722036 | D11: -0.31 | E11: -1.21 | F11: -1.21 | G11: 25.67 | H11: 47.33 | I11: 25.74 | J11: 26.12 | K11: 25.3 | L11: 45.75
A12: 46262 | B12: 25.7 | C12: 1179207 | D12: -1.33 | E12: -4.92 | F12: -4.92 | G12: 25.98 | H12: 49.13 | I12: 26.82 | J12: 27 | K12: 25.69 | L12: 47.53
A13: 46261 | B13: 27.03 | C13: 1525486 | D13: 1.14 | E13: 4.4 | F13: 4.4 | G13: 27.32 | H13: 56.85 | I13: 26.47 | J13: 27.22 | K13: 26.25 | L13: 55.17
A14: 46260 | B14: 25.89 | C14: 1218976 | D14: 0.76 | E14: 3.02 | F14: 3.02 | G14: 26.17 | H14: 50.23 | I14: 24.92 | J14: 26.2 | K14: 24.65 | L14: 48.62
A15: 46259 | B15: 25.13 | C15: 987604 | D15: -0.1 | E15: -0.4 | F15: -0.4 | G15: 25.4 | H15: 45.82 | I15: 25.65 | J15: 25.86 | K15: 24.95 | L15: 44.26
... A120: 46106 | B120: 23.26 | C120: 1601947 | D120: 0.84 | E120: 3.75 | F120: 3.75 | G120: 23.41 | H120: 34.39 | I120: 23 | J120: 23.71 | K120: 22.9 | L120: 33.52
A121: 46105 | B121: 22.42 | C121: 1115281 | G121: 22.57 | H121: 29.54 | I121: 22.34 | J121: 22.79 | K121: 22.03 | L121: 28.7
A122: 46104 | B122: 22.42 | C122: 949363 | D122: 0.96 | E122: 4.47 | F122: 4.47 | G122: 22.57 | H122: 29.54 | I122: 21.71 | J122: 22.66 | K122: 21.65 | L122: 28.7
A123: 46101 | B123: 21.46 | C123: 4588221 | D123: -0.54 | E123: -2.45 | F123: -2.45 | G123: 21.6 | H123: 23.99 | I123: 21.96 | J123: 22.03 | K123: 21.35 | L123: 23.19
A124: 46100 | B124: 22 | C124: 1062130 | D124: 0.52 | E124: 2.42 | F124: 2.42 | G124: 22.14 | H124: 27.11 | I124: 21.3 | J124: 22.11 | K124: 21.22 | L124: 26.29
A125: 46099 | B125: 21.48 | C125: 904404 | D125: 0.21 | E125: 0.99 | F125: 0.99 | G125: 21.62 | H125: 24.1 | I125: 21.23 | J125: 21.69 | K125: 21.18 | L125: 23.31
A126: 46098 | B126: 21.27 | C126: 935672 | D126: 0.52 | E126: 2.51 | F126: 2.51 | G126: 21.41 | H126: 22.89 | I126: 20.76 | J126: 21.31 | K126: 20.76 | L126: 22.1
A127: 46097 | B127: 20.75 | C127: 3453933 | D127: -0.22 | E127: -1.05 | F127: -1.05 | G127: 20.88 | H127: 19.89 | I127: 21.06 | J127: 21.13 | K127: 20.53 | L127: 19.12
A128: 46094 | B128: 20.97 | C128: 448061 | D128: -0.09 | E128: -0.43 | F128: -0.43 | G128: 21.11 | H128: 21.16 | I128: 21.08 | J128: 21.39 | K128: 20.71 | L128: 20.38
A129: 46093 | B129: 21.06 | C129: 715066 | D129: 0.1 | E129: 0.48 | F129: 0.48 | G129: 21.2 | H129: 21.68 | I129: 20.77 | J129: 21.21 | K129: 20.66 | L129: 20.9
A130: 46092 | B130: 20.96 | C130: 532413 | D130: 0.35 | E130: 1.7 | F130: 1.7 | G130: 21.1 | H130: 21.1 | I130: 20.7 | J130: 20.99 | K130: 20.59 | L130: 20.32
A131: 46091 | B131: 20.61 | C131: 597358 | D131: 0.16 | E131: 0.78 | F131: 0.78 | G131: 20.74 | H131: 19.08 | I131: 20.45 | J131: 20.8 | K131: 20.1 | L131: 18.31
A132: 46090 | B132: 20.45 | C132: 608763 | D132: -0.02 | E132: -0.1 | F132: -0.1 | G132: 20.58 | H132: 18.15 | I132: 20.27 | J132: 20.59 | K132: 19.99 | L132: 17.39
A133: 46087 | B133: 20.47 | C133: 555808 | D133: -0.39 | E133: -1.87 | F133: -1.87 | G133: 20.6 | H133: 18.27 | I133: 20.7 | J133: 20.82 | K133: 20.2 | L133: 17.51
... A137: 46083 | B137: 19.86 | C137: 866820 | D137: 0.6 | E137: 3.12 | F137: 3.12 | G137: 19.99 | H137: 14.74 | I137: 19.07 | J137: 20 | K137: 18.88 | L137: 14.01
A138: 46080 | B138: 19.26 | C138: 883332 | G138: 19.38 | H138: 11.28 | I138: 19.05 | J138: 19.28 | K138: 18.86 | L138: 10.56
A139: 46079 | B139: 19.26 | C139: 559675 | D139: -0.02 | E139: -0.1 | F139: -0.1 | G139: 19.38 | H139: 11.28 | I139: 19.47 | J139: 19.61 | K139: 19.06 | L139: 10.56
A140: 46078 | B140: 19.28 | C140: 660341 | D140: 0.29 | E140: 1.53 | F140: 1.53 | G140: 19.4 | H140: 11.39 | I140: 19.02 | J140: 19.36 | K140: 18.75 | L140: 10.68
A141: 46077 | B141: 18.99 | C141: 714386 | D141: 0.05 | E141: 0.26 | F141: 0.26 | G141: 19.11 | H141: 9.72 | I141: 19.02 | J141: 19.49 | K141: 18.9 | L141: 9.01
A142: 46076 | B142: 18.94 | C142: 822880 | D142: -1.04 | E142: -5.21 | F142: -5.21 | G142: 19.06 | H142: 9.43 | I142: 19.92 | J142: 19.92 | K142: 18.72 | L142: 8.73
A143: 46073 | B143: 19.98 | C143: 1173065 | D143: 0.3 | E143: 1.52 | F143: 1.52 | G143: 20.11 | H143: 15.44 | I143: 19.78 | J143: 20.13 | K143: 19.71 | L143: 14.7
A144: 46072 | B144: 19.68 | C144: 548093 | D144: -0.27 | E144: -1.35 | F144: -1.35 | G144: 19.81 | H144: 13.7 | I144: 19.84 | J144: 19.93 | K144: 19.58 | L144: 12.97
A145: 46071 | B145: 19.95 | C145: 922740 | D145: -0.11 | E145: -0.55 | F145: -0.55 | G145: 20.08 | H145: 15.26 | I145: 20.06 | J145: 20.11 | K145: 19.67 | L145: 14.52
A146: 46070 | B146: 20.06 | C146: 816741 | D146: -0.64 | E146: -3.09 | F146: -3.09 | G146: 20.19 | H146: 15.9 | I146: 20.48 | J146: 20.88 | K146: 20.03 | L146: 15.15
A147: 46066 | B147: 20.7 | C147: 1090062 | D147: 0.35 | E147: 1.72 | F147: 2.01 | G147: 20.83 | H147: 19.6 | I147: 20.42 | J147: 20.74 | K147: 20.23 | L147: 18.83
A148: 46065 | B148: 20.35 | C148: 930768 | D148: -0.58 | E148: -2.77 | F148: -2.77 | G148: 20.42 | H148: 17.24 | I148: 21 | J148: 21.12 | K148: 20.17 | L148: 16.82
A149: 46064 | B149: 20.93 | C149: 1466215 | D149: 0.01 | E149: 0.05 | F149: 0.05 | G149: 21 | H149: 20.58 | I149: 20.94 | J149: 21.13 | K149: 20.49 | L149: 20.15
A150: 46063 | B150: 20.92 | C150: 1068426 | D150: 0.01 | E150: 0.05 | F150: 0.05 | G150: 20.99 | H150: 20.52 | I150: 21.23 | J150: 21.31 | K150: 20.78 | L150: 20.09
... A180: 46017 | B180: 18.07 | C180: 302253 | D180: 0.07 | E180: 0.39 | F180: 0.39 | G180: 18.13 | H180: 4.1 | I180: 18.03 | J180: 18.14 | K180: 17.99 | L180: 3.73
A181: 46015 | B181: 18 | C181: 172446 | G181: 18.06 | H181: 3.7 | I181: 18.03 | J181: 18.06 | K181: 17.93 | L181: 3.33
A182: 46014 | B182: 18 | C182: 455785 | D182: -0.13 | E182: -0.72 | F182: -0.72 | G182: 18.06 | H182: 3.7 | I182: 18.08 | J182: 18.14 | K182: 17.95 | L182: 3.33
A183: 46013 | B183: 18.13 | C183: 585254 | D183: 0.17 | E183: 0.95 | F183: 0.95 | G183: 18.19 | H183: 4.45 | I183: 18.1 | J183: 18.45 | K183: 17.96 | L183: 4.08
A184: 46010 | B184: 17.96 | C184: 3270524 | D184: -0.34 | E184: -1.86 | F184: -1.86 | G184: 18.02 | H184: 3.47 | I184: 18.32 | J184: 18.39 | K184: 17.92 | L184: 3.1
A185: 46009 | B185: 18.3 | C185: 886507 | D185: 0.22 | E185: 1.22 | F185: 1.22 | G185: 18.37 | H185: 5.43 | I185: 18.16 | J185: 18.56 | K185: 18.15 | L185: 5.05
A186: 46008 | B186: 18.08 | C186: 828010 | D186: 0.05 | E186: 0.28 | F186: 0.28 | G186: 18.14 | H186: 4.16 | I186: 18.02 | J186: 18.25 | K186: 17.92 | L186: 3.79
A187: 46007 | B187: 18.03 | C187: 1229656 | D187: 0.23 | E187: 1.29 | F187: 1.29 | G187: 18.09 | H187: 3.87 | I187: 17.77 | J187: 18.1 | K187: 17.74 | L187: 3.5
A188: 46006 | B188: 17.8 | C188: 1261088 | D188: -0.32 | E188: -1.77 | F188: -1.77 | G188: 17.86 | H188: 2.55 | I188: 18.11 | J188: 18.11 | K188: 17.42 | L188: 2.18
A189: 46003 | B189: 18.12 | C189: 1250212 | D189: -0.25 | E189: -1.36 | F189: -1.36 | G189: 18.18 | H189: 4.39 | I189: 18.35 | J189: 18.41 | K189: 18.11 | L189: 4.02
A190: 46002 | B190: 18.37 | C190: 443606 | D190: -0.12 | E190: -0.65 | F190: -0.65 | G190: 18.44 | H190: 5.83 | I190: 18.47 | J190: 18.54 | K190: 18.25 | L190: 5.45
A191: 46001 | B191: 18.49 | C191: 680132 | D191: 0.35 | E191: 1.93 | F191: 1.93 | G191: 18.56 | H191: 6.52 | I191: 18.13 | J191: 18.65 | K191: 18.13 | L191: 6.14
A192: 46000 | B192: 18.14 | C192: 607055 | D192: 0.36 | E192: 2.02 | F192: 2.02 | G192: 18.2 | H192: 4.5 | I192: 17.76 | J192: 18.2 | K192: 17.76 | L192: 4.13
A193: 45999 | B193: 17.78 | C193: 473094 | D193: 0.01 | E193: 0.06 | F193: 0.06 | G193: 17.84 | H193: 2.43 | I193: 17.82 | J193: 18.05 | K193: 17.77 | L193: 2.07
... A201: 45986 | B201: 17.07 | C201: 876638 | D201: 0.23 | E201: 1.37 | F201: 1.37 | G201: 17.13 | H201: -1.66 | I201: 16.83 | J201: 17.21 | K201: 16.77 | L201: -2.01
A202: 45985 | B202: 16.84 | C202: 530924 | G202: 16.9 | H202: -2.99 | I202: 16.86 | J202: 17.01 | K202: 16.63 | L202: -3.33
A203: 45982 | B203: 16.84 | C203: 489520 | D203: 0.21 | E203: 1.26 | F203: 1.26 | G203: 16.9 | H203: -2.99 | I203: 16.68 | J203: 16.96 | K203: 16.65 | L203: -3.33
A204: 45981 | B204: 16.63 | C204: 517456 | D204: 0.08 | E204: 0.48 | F204: 0.48 | G204: 16.69 | H204: -4.19 | I204: 16.82 | J204: 16.9 | K204: 16.55 | L204: -4.54
A205: 45980 | B205: 16.55 | C205: 726123 | D205: -0.13 | E205: -0.78 | F205: -0.78 | G205: 16.61 | H205: -4.66 | I205: 16.6 | J205: 16.79 | K205: 16.52 | L205: -4.99
A206: 45979 | B206: 16.68 | C206: 617093 | D206: -0.16 | E206: -0.95 | F206: -0.95 | G206: 16.74 | H206: -3.91 | I206: 16.84 | J206: 17 | K206: 16.67 | L206: -4.25
A207: 45978 | B207: 16.84 | C207: 665074 | D207: -0.65 | E207: -3.72 | F207: -3.37 | G207: 16.9 | H207: -2.99 | I207: 17.36 | J207: 17.49 | K207: 16.81 | L207: -3.33
A208: 45975 | B208: 17.49 | C208: 2531897 | D208: 0.36 | E208: 2.1 | F208: 2.1 | G208: 17.49 | H208: 0.4 | I208: 16.89 | J208: 17.5 | K208: 16.76 | L208: 0.4
A209: 45974 | B209: 17.13 | C209: 744374 | D209: 0.04 | E209: 0.23 | F209: 0.23 | G209: 17.13 | H209: -1.66 | I209: 17.03 | J209: 17.17 | K209: 16.89 | L209: -1.66
A210: 45973 | B210: 17.09 | C210: 604502 | D210: -0.11 | E210: -0.64 | F210: -0.64 | G210: 17.09 | H210: -1.89 | I210: 17.3 | J210: 17.4 | K210: 16.98 | L210: -1.89
A211: 45972 | B211: 17.2 | C211: 554149 | D211: -0.01 | E211: -0.06 | F211: -0.06 | G211: 17.2 | H211: -1.26 | I211: 17.18 | J211: 17.46 | K211: 17.1 | L211: -1.26
A212: 45971 | B212: 17.21 | C212: 970827 | D212: -0.02 | E212: -0.12 | F212: -0.12 | G212: 17.21 | H212: -1.21 | I212: 17.46 | J212: 17.54 | K212: 16.86 | L212: -1.21
A213: 45968 | B213: 17.23 | C213: 694785 | D213: -0.56 | E213: -3.15 | F213: -3.15 | G213: 17.23 | H213: -1.09 | I213: 17.59 | J213: 17.69 | K213: 17.17 | L213: -1.09
A214: 45967 | B214: 17.79 | C214: 928375 | D214: -0.34 | E214: -1.88 | F214: -1.88 | G214: 17.79 | H214: 2.12 | I214: 17.93 | J214: 18.32 | K214: 17.73 | L214: 2.12
... A244: 45925 | B244: 18.21 | C244: 578437 | D244: -0.03 | E244: -0.16 | F244: -0.16 | G244: 18.21 | H244: 4.54 | I244: 18.18 | J244: 18.24 | K244: 17.9 | L244: 4.54
A245: 45924 | B245: 18.24 | C245: 584317 | G245: 18.24 | H245: 4.71 | I245: 18.32 | J245: 18.38 | K245: 18.1 | L245: 4.71
A246: 45923 | B246: 18.24 | C246: 840886 | D246: -0.09 | E246: -0.49 | F246: -0.49 | G246: 18.24 | H246: 4.71 | I246: 18.31 | J246: 18.45 | K246: 18.1 | L246: 4.71
A247: 45922 | B247: 18.33 | C247: 777319 | D247: 0.15 | E247: 0.83 | F247: 0.83 | G247: 18.33 | H247: 5.22 | I247: 18.15 | J247: 18.34 | K247: 17.94 | L247: 5.22
A248: 45919 | B248: 18.18 | C248: 2272291 | D248: 0.11 | E248: 0.61 | F248: 0.61 | G248: 18.18 | H248: 4.36 | I248: 18.13 | J248: 18.25 | K248: 17.96 | L248: 4.36
A249: 45918 | B249: 18.07 | C249: 837315 | D249: 0.42 | E249: 2.38 | F249: 2.38 | G249: 18.07 | H249: 3.73 | I249: 17.77 | J249: 18.2 | K249: 17.7 | L249: 3.73
A250: 45917 | B250: 17.65 | C250: 687545 | D250: 0.22 | E250: 1.26 | F250: 1.26 | G250: 17.65 | H250: 1.32 | I250: 17.55 | J250: 17.82 | K250: 17.44 | L250: 1.32
A251: 45916 | B251: 17.43 | C251: 597966 | D251: -0.24 | E251: -1.36 | F251: -1.36 | G251: 17.43 | H251: 0.06 | I251: 17.71 | J251: 17.71 | K251: 17.27 | L251: 0.06
A252: 45915 | B252: 17.67 | C252: 671577 | D252: 0.22 | E252: 1.26 | F252: 1.26 | G252: 17.67 | H252: 1.44 | I252: 17.5 | J252: 17.78 | K252: 17.38 | L252: 1.44
A253: 45912 | B253: 17.45 | C253: 499322 | D253: -0.42 | E253: -2.35 | F253: -2.35 | G253: 17.45 | H253: 0.17 | I253: 17.87 | J253: 17.87 | K253: 17.37 | L253: 0.17
A254: 45911 | B254: 17.87 | C254: 621512 | D254: 0.45 | E254: 2.58 | F254: 2.58 | G254: 17.87 | H254: 2.58 | I254: 17.49 | J254: 17.95 | K254: 17.42 | L254: 2.58
A255: 45910 | B255: 17.42 | C255: 620205 | G255: 17.42 | I255: 17.61 | J255: 17.63 | K255: 17.29
